Workbook
Name ACEPTABLE: #REF!
Name AGENTE: #REF!
Name Asumir_Riesgo: #REF!
Name CLASES: #REF!
Name CONTROL: #REF!
Name DIRECCIONES1: #REF!
Name direcciones2: #REF!
Name FACTOR: #REF!
Name FUENTE: #REF!
Name GERENCIA: #REF!
Name GERENCIA1: #REF!
Name GERENCIAS: #REF!
Name NCONTROL: #REF!
Name NIVEL0: #REF!
Name Nivel1: #REF!
Name nivel2: #REF!
Name Nivel3: #REF!
Name Nivel4: #REF!
Name nIVEL5: #REF!
Name Nivel6: #REF!
Name NOMBRE: #REF!
Name NUMERO: #REF!
Name PESO: #REF!
Name Peso2: #REF!
Name PESOS: #REF!
Name PROCESO: #REF!
Name Riesgos: #REF!
Name rS: #REF!
Name tratamiento: #REF!
Name Valor1: #REF!
Name valor2: #REF!

Sheet Matriz de Riesgos
F1: IDENTIFICACIÓN VALORACIÓN Y TRATAMIENTO DE RIESGOS DE SEGURIDAD Y PRIVACIDAD DE LA INFORMACIÓN
F2: GESTIÓN TECNOLÓGICA
F3: UNIDAD NACIONAL DE PROTECCIÓN
A5: Proceso: | C5: GESTIÓN DE EVALUACIÓN DEL RIESGO
A6: Objetivo: | C6: Realizar las Evaluaciones de Riesgo tanto individual como colectivas a la Población Objeto del Programa de Prevención y Protección y el Programa Especial de Protección Integral para Dirigentes, Miembros y Sobrevivientes de la Unión Patriótica y el Partido Comunista Colombiano, liderados y coordinados por la Unidad Nacional de Protección – UN
A7: Alcance: | C7: Comprende la planificación, desarrollo, evaluación y mejoramiento continuo de las actividades definidas para coadyuvar a garantizar la vida, integridad, libertad y seguridad de las personas, grupos o comunidades, de acuerdo al nivel de riesgo que se presente mediante el análisis efectuado, en razón al ejercicio de un cargo público u otras actividades que pueden generar riesgo extraordinario o extremo.
A8: Identificación del riesgo | J8: Afectación del Riesgo (CID) | M8: Análisis del riesgo inherente | U8: Evaluación del riesgo - Valoración de los controles | AE8: Evaluación del riesgo - Nivel del riesgo residual | AM8: Plan de Acción de Tratamiento de Riesgos | AP8: Evaluación de eficacia de acciones (Primera - Tercera Línea de Defensa)
A9: Referencia | B9: Nombre del Proceso | C9: Dependencia | D9: Nombre de Activos Afectados (Activos Críticos) | E9: Amenazas | F9: Causas/Vulnerabilidades | G9: Consecuencias | H9: Impacto | I9: Descripción del riesgo | J9: Confidencialidad | K9: Integridad | L9: Disponibilidad | M9: Frecuencia con la cual se realiza la actividad | N9: Probabilidad Inherente | O9: % | P9: Criterios de impacto | Q9: Observación de criterio | R9: Impacto Inherente | S9: % | T9: Zona de Riesgo Inherente | U9: No. Control | V9: Descripción del Control | W9: Control Anexo A NTC-ISO-IEC 27001:2022 | X9: Afectación | Y9: Atributos | AE9: Probabilidad Residual | AF9: Probabilidad Residual Final | AG9: % | AH9: Impacto Residual Final | AI9: % | AJ9: Zona de Riesgo Final | AK9: Tratamiento | AL9: ¿Se prioriza Riesgo? | AM9: Plan de Acción | AN9: Responsable | AO9: Fecha Implementación | AP9: Actividades ejecutadas | AQ9: Actividades Programadas | AR9: Eficacia de Acciones | AS9: Evidencias / Soportes | AT9: Observaciones (Tercera Línea de Defensa)
Y10: Eficiencia | AB10: Informativos (Riesgos de Seguridad de la Información)
Y11: Tipo | Z11: Implementación | AA11: Calificación | AB11: Documentación | AC11: Frecuencia | AD11: Evidencia
B12: Gestión Evaluación del Riesgo | C12: SUBDIRECCIÓN DE EVALUACIÓN DEL RIESGO | D12: Plataforma - SER | E12: 3.10 Exposición de información confidencial y de uso interno por errores de configuración. 3.12 Denegación de servicios. 3.16 Uso no autorizado de la información 4.3 Ausencia o debilidades de mecanismos de identificación y autenticación de usuario. 4.32 Inadecuada protección de la información de registro. 4.5 Ausencia de un proceso formal para la revisión periódica de los permisos de acceso de los usuarios 4.7 Acceso a información confidencial y de uso interno desde componentes tecnológicos reciclados o desechados. | F12: 4.6 Notificación inoportuna de novedades de usuario a TI. 4.10 Uso de software desactualizado o con vulnerabilidades. 4.31 Falta de pruebas de verificación de las copias de respaldo. 5.1 Mantenimiento insuficiente o inoportuno de los componentes de hardware. 5.11 Uso inadecuado de los componentes tecnológicos (equipos de cómputo, dispositivos de red, servidores, etc.). | G12: Pérdida, afectación de la integridad, confidencialidad o disponibilidad de la información, debido a errores o fallas en el funcionamiento del sistema, | H12: Reputacional | I12: Posible afectación reputacional debido a la pérdida, alteración o vulneración de la integridad, confidencialidad o disponibilidad de la información, como consecuencia de errores o fallas en el software, lo que podría generar retrasos en la gestión del proceso. | J12: Alto | K12: Medio | L12: Medio | M12: 12000 | N12: =IF(M12<=0,"",IF(M12<=2,"Muy Baja",IF(M12<=24,"Baja",IF(M12<=500,"Media",IF(M12<=5000,"Alta","Muy Alta"))))) -> Muy Alta | O12: =IF(N12="","",IF(N12="Muy Baja",0.2,IF(N12="Baja",0.4,IF(N12="Media",0.6,IF(N12="Alta",0.8,IF(N12="Muy Alta",1,)))))) -> 1 | P12: El riesgo afecta la imagen de alguna área de la organización | Q12: =IF(NOT(ISERROR(MATCH(P12,'Tabla Impacto'!$B$221:$B$223,0))),'Tabla Impacto'!$F$223&"Por favor no seleccionar los criterios de impacto(Afectación Económica o presupuestal y Pérdida Reputacional)",P12) -> El riesgo afecta la imagen de alguna área de la organización | R12: =IF(OR(Q12='Tabla Impacto'!$C$11,Q12='Tabla Impacto'!$D$11),"Leve",IF(OR(Q12='Tabla Impacto'!$C$12,Q12='Tabla Impacto'!$D$12),"Menor",IF(OR(Q12='Tabla Impacto'!$C$13,Q12='Tabla Impacto'!$D$13),"Moderado",IF(OR(Q12='Tabla Impacto'!$C$14,Q12='Tabla Impacto'!$D$14),"Mayor",IF(OR(Q12='Tabla Impacto'!$C$15,Q12='Tabla Impacto'!$D$15),"Catastrófico",""))))) -> Leve | S12: =IF(R12="","",IF(R12="Leve",0.2,IF(R12="Menor",0.4,IF(R12="Moderado",0.6,IF(R12="Mayor",0.8,IF(R12="Catastrófico",1,)))))) -> 0.2 | T12: =IF(OR(AND(N12="Muy Baja",R12="Leve"),AND(N12="Muy Baja",R12="Menor"),AND(N12="Baja",R12="Leve")),"Bajo",IF(OR(AND(N12="Muy baja",R12="Moderado"),AND(N12="Baja",R12="Menor"),AND(N12="Baja",R12="Moderado"),AND(N12="Media",R12="Leve"),AND(N12="Media",R12="Menor"),AND(N12="Media",R12="Moderado"),AND(N12="Alta",R12="Leve"),AND(N12="Alta",R12="Menor")),"Moderado",IF(OR(AND(N12="Muy Baja",R12="Mayor"),AND(N12="Baja",R12="Mayor"),AND(N12="Media",R12="Mayor"),AND(N12="Alta",R12="Moderado"),AND(N12="Alta",R12="Mayor"),AND(N12="Muy Alta",R12="Leve"),AND(N12="Muy Alta",R12="Menor"),AND(N12="Muy Alta",R12="Moderado"),AND(N12="Muy Alta",R12="Mayor")),"Alto",IF(OR(AND(N12="Muy Baja",R12="Catastrófico"),AND(N12="Baja",R12="Catastrófico"),AND(N12="Media",R12="Catastrófico"),AND(N12="Alta",R12="Catastrófico"),AND(N12="Muy Alta",R12="Catastrófico")),"Extremo","")))) -> Alto | U12: 1 | V12: Los Servidores Públicos o contratistas que utilicen la plataforma SER deberán reportar en la mesa de servicio cualquier evento o incidente que afecte su funcionamiento, cuando sea necesario. Esta gestión queda evidenciada en los reportes generados por el Grupo de Tecnología, los cuales registran los soportes técnicos realizados a través de la mesa de servicio. (SOA 5.7, 6,8) Evidencia: Correo electrónico con los archivos adjuntos en formato Excel Periodicidad: Semestral o cuando se presente Ataca: 4.6, 4.10, 5.1 y 5.11 | X12: =IF(OR(Y12="Preventivo",Y12="Detectivo"),"Probabilidad",IF(Y12="Correctivo","Impacto","")) -> Probabilidad | Y12: Preventivo | Z12: Manual | AA12: =IF(AND(Y12="Preventivo",Z12="Automático"),"50%",IF(AND(Y12="Preventivo",Z12="Manual"),"40%",IF(AND(Y12="Detectivo",Z12="Automático"),"40%",IF(AND(Y12="Detectivo",Z12="Manual"),"30%",IF(AND(Y12="Correctivo",Z12="Automático"),"35%",IF(AND(Y12="Correctivo",Z12="Manual"),"25%","")))))) -> 40% | AB12: Sin Documentar | AC12: Continua | AD12: Sin Registro | AE12: =IFERROR(IF(X12="Probabilidad",(O12-(+O12*AA12)),IF(X12="Impacto",O12,"")),"") -> 0.6 | AF12: =IFERROR(IF(AE12="","",IF(AE12<=0.2,"Muy Baja",IF(AE12<=0.4,"Baja",IF(AE12<=0.6,"Media",IF(AE12<=0.8,"Alta","Muy Alta"))))),"") -> Media | AG12: =+AE12 -> 0.6 | AH12: =IFERROR(IF(AI12="","",IF(AI12<=0.2,"Leve",IF(AI12<=0.4,"Menor",IF(AI12<=0.6,"Moderado",IF(AI12<=0.8,"Mayor","Catastrófico"))))),"") -> Leve | AI12: =IFERROR(IF(X12="Impacto",(S12-(+S12*AA12)),IF(X12="Probabilidad",S12,"")),"") -> 0.2 | AJ12: =IFERROR(IF(OR(AND(AF12="Muy Baja",AH12="Leve"),AND(AF12="Muy Baja",AH12="Menor"),AND(AF12="Baja",AH12="Leve")),"Bajo",IF(OR(AND(AF12="Muy baja",AH12="Moderado"),AND(AF12="Baja",AH12="Menor"),AND(AF12="Baja",AH12="Moderado"),AND(AF12="Media",AH12="Leve"),AND(AF12="Media",AH12="Menor"),AND(AF12="Media",AH12="Moderado"),AND(AF12="Alta",AH12="Leve"),AND(AF12="Alta",AH12="Menor")),"Moderado",IF(OR(AND(AF12="Muy Baja",AH12="Mayor"),AND(AF12="Baja",AH12="Mayor"),AND(AF12="Media",AH12="Mayor"),AND(AF12="Alta",AH12="Moderado"),AND(AF12="Alta",AH12="Mayor"),AND(AF12="Muy Alta",AH12="Leve"),AND(AF12="Muy Alta",AH12="Menor"),AND(AF12="Muy Alta",AH12="Moderado"),AND(AF12="Muy Alta",AH12="Mayor")),"Alto",IF(OR(AND(AF12="Muy Baja",AH12="Catastrófico"),AND(AF12="Baja",AH12="Catastrófico"),AND(AF12="Media",AH12="Catastrófico"),AND(AF12="Alta",AH12="Catastrófico"),AND(AF12="Muy Alta",AH12="Catastrófico")),"Extremo","")))),"") -> Moderado | AK12: Aceptar | AL12: NO
Q13: =IF(NOT(ISERROR(MATCH(P13,_xlfn.ANCHORARRAY(E21),0))),O23&"Por favor no seleccionar los criterios de impacto",P13) -> 0 | U13: 2 | V13: El servidor público y/o contratista designado será responsable de otorgar el acceso a la plataforma, el cual deberá realizarse con los permisos estrictamente necesarios para el cumplimiento de sus funciones, garantizando el acceso autorizado y evitar el acceso no autorizado a la información. De este modo, se fortalece la seguridad y confidencialidad de la información de la Plataforma SER. (SOA 5.2, 5.15, 5.17, 6,6) Evidencia: Usuarios con los permisos asignados según el Rol Periodicidad: a demanda cuando se presente nuevos analistas Ataca: 4.6, 5.11 | X13: =IF(OR(Y13="Preventivo",Y13="Detectivo"),"Probabilidad",IF(Y13="Correctivo","Impacto","")) -> Probabilidad | Y13: Preventivo | Z13: Manual | AA13: =IF(AND(Y13="Preventivo",Z13="Automático"),"50%",IF(AND(Y13="Preventivo",Z13="Manual"),"40%",IF(AND(Y13="Detectivo",Z13="Automático"),"40%",IF(AND(Y13="Detectivo",Z13="Manual"),"30%",IF(AND(Y13="Correctivo",Z13="Automático"),"35%",IF(AND(Y13="Correctivo",Z13="Manual"),"25%","")))))) -> 40% | AB13: Sin Documentar | AC13: Continua | AD13: Sin Registro | AE13: =IFERROR(IF(AND(X12="Probabilidad",X13="Probabilidad"),(AG12-(+AG12*AA13)),IF(X13="Probabilidad",(O12-(+O12*AA13)),IF(X13="Impacto",AG12,""))),"") -> 0.36 | AF13: =IFERROR(IF(AE13="","",IF(AE13<=0.2,"Muy Baja",IF(AE13<=0.4,"Baja",IF(AE13<=0.6,"Media",IF(AE13<=0.8,"Alta","Muy Alta"))))),"") -> Baja | AG13: =+AE13 -> 0.36 | AH13: =IFERROR(IF(AI13="","",IF(AI13<=0.2,"Leve",IF(AI13<=0.4,"Menor",IF(AI13<=0.6,"Moderado",IF(AI13<=0.8,"Mayor","Catastrófico"))))),"") -> Leve | AI13: =IFERROR(IF(AND(X12="Impacto",X13="Impacto"),(AI12-(+AI12*AA13)),IF(X13="Impacto",(S12-(+S12*AA13)),IF(X13="Probabilidad",AI12,""))),"") -> 0.2 | AJ13: =IFERROR(IF(OR(AND(AF13="Muy Baja",AH13="Leve"),AND(AF13="Muy Baja",AH13="Menor"),AND(AF13="Baja",AH13="Leve")),"Bajo",IF(OR(AND(AF13="Muy baja",AH13="Moderado"),AND(AF13="Baja",AH13="Menor"),AND(AF13="Baja",AH13="Moderado"),AND(AF13="Media",AH13="Leve"),AND(AF13="Media",AH13="Menor"),AND(AF13="Media",AH13="Moderado"),AND(AF13="Alta",AH13="Leve"),AND(AF13="Alta",AH13="Menor")),"Moderado",IF(OR(AND(AF13="Muy Baja",AH13="Mayor"),AND(AF13="Baja",AH13="Mayor"),AND(AF13="Media",AH13="Mayor"),AND(AF13="Alta",AH13="Moderado"),AND(AF13="Alta",AH13="Mayor"),AND(AF13="Muy Alta",AH13="Leve"),AND(AF13="Muy Alta",AH13="Menor"),AND(AF13="Muy Alta",AH13="Moderado"),AND(AF13="Muy Alta",AH13="Mayor")),"Alto",IF(OR(AND(AF13="Muy Baja",AH13="Catastrófico"),AND(AF13="Baja",AH13="Catastrófico"),AND(AF13="Media",AH13="Catastrófico"),AND(AF13="Alta",AH13="Catastrófico"),AND(AF13="Muy Alta",AH13="Catastrófico")),"Extremo","")))),"") -> Bajo | AK13: Aceptar
Q14: =IF(NOT(ISERROR(MATCH(P14,_xlfn.ANCHORARRAY(E25),0))),O27&"Por favor no seleccionar los criterios de impacto",P14) -> 0 | U14: 3 | V14: El servidor público y/o contratista designado, solicitara a gestión tecnología por medio de mesa de servicios la realización de copias de segurida de la plataforma del SER. (SOA 8.13) Evidencia: solicitud a mesa de Servicios o reunión con responsable de Backup Periodicidad: Mensual Ataca: 4.31 | X14: =IF(OR(Y14="Preventivo",Y14="Detectivo"),"Probabilidad",IF(Y14="Correctivo","Impacto","")) -> Probabilidad | Y14: Preventivo | Z14: Manual | AA14: =IF(AND(Y14="Preventivo",Z14="Automático"),"50%",IF(AND(Y14="Preventivo",Z14="Manual"),"40%",IF(AND(Y14="Detectivo",Z14="Automático"),"40%",IF(AND(Y14="Detectivo",Z14="Manual"),"30%",IF(AND(Y14="Correctivo",Z14="Automático"),"35%",IF(AND(Y14="Correctivo",Z14="Manual"),"25%","")))))) -> 40% | AB14: Sin Documentar | AC14: Continua | AD14: Sin Registro | AE14: =IFERROR(IF(AND(X13="Probabilidad",X14="Probabilidad"),(AG13-(+AG13*AA14)),IF(X14="Probabilidad",(O13-(+O13*AA14)),IF(X14="Impacto",AG13,""))),"") -> 0.216 | AF14: =IFERROR(IF(AE14="","",IF(AE14<=0.2,"Muy Baja",IF(AE14<=0.4,"Baja",IF(AE14<=0.6,"Media",IF(AE14<=0.8,"Alta","Muy Alta"))))),"") -> Baja | AG14: =+AE14 -> 0.216 | AH14: =IFERROR(IF(AI14="","",IF(AI14<=0.2,"Leve",IF(AI14<=0.4,"Menor",IF(AI14<=0.6,"Moderado",IF(AI14<=0.8,"Mayor","Catastrófico"))))),"") -> Leve | AI14: =IFERROR(IF(AND(X13="Impacto",X14="Impacto"),(AI13-(+AI13*AA14)),IF(X14="Impacto",(S13-(+S13*AA14)),IF(X14="Probabilidad",AI13,""))),"") -> 0.2 | AJ14: =IFERROR(IF(OR(AND(AF14="Muy Baja",AH14="Leve"),AND(AF14="Muy Baja",AH14="Menor"),AND(AF14="Baja",AH14="Leve")),"Bajo",IF(OR(AND(AF14="Muy baja",AH14="Moderado"),AND(AF14="Baja",AH14="Menor"),AND(AF14="Baja",AH14="Moderado"),AND(AF14="Media",AH14="Leve"),AND(AF14="Media",AH14="Menor"),AND(AF14="Media",AH14="Moderado"),AND(AF14="Alta",AH14="Leve"),AND(AF14="Alta",AH14="Menor")),"Moderado",IF(OR(AND(AF14="Muy Baja",AH14="Mayor"),AND(AF14="Baja",AH14="Mayor"),AND(AF14="Media",AH14="Mayor"),AND(AF14="Alta",AH14="Moderado"),AND(AF14="Alta",AH14="Mayor"),AND(AF14="Muy Alta",AH14="Leve"),AND(AF14="Muy Alta",AH14="Menor"),AND(AF14="Muy Alta",AH14="Moderado"),AND(AF14="Muy Alta",AH14="Mayor")),"Alto",IF(OR(AND(AF14="Muy Baja",AH14="Catastrófico"),AND(AF14="Baja",AH14="Catastrófico"),AND(AF14="Media",AH14="Catastrófico"),AND(AF14="Alta",AH14="Catastrófico"),AND(AF14="Muy Alta",AH14="Catastrófico")),"Extremo","")))),"") -> Bajo | AK14: Aceptar
B15: Gestión Evaluación del Riesgo | C15: SUBDIRECCIÓN DE EVALUACIÓN DEL RIESGO | D15: Consolidado en excel de la SER | E15: 1.7 Entrega indebida de la información. 3.13 Alteración de la información | F15: 1.3 Desconocimiento de políticas, normas, o procedimientos de Seguridad de la Información. 1.5 Ausencia o carencia de conocimiento para el manejo de herramientas de seguridad informática. 1.6 Falta de conciencia en Seguridad de la Información. 1.9 Desconocimiento de los controles de seguridad informática aplicados a los activos de información que son de su responsabilidad. 1.11 Falta de conciencia en Protección de Datos Personales. | G15: La pérdida, de la confidencialidad, integridad y disponibilidad la información, debido a errores humanos por desconocimiento o no aplicación de políticas, normas, o procedimientos de Seguridad de la Información . | H15: Reputacional | I15: Posible afectación reputacional por pérdida, alteración o compromiso de la integridad y confidencialidad de la información, debido a errores humanos derivados del desconocimiento o la no aplicación de políticas, normas o procedimientos de Seguridad de la Información. | J15: Alto | K15: Medio | L15: Medio | M15: 293 | N15: =IF(M15<=0,"",IF(M15<=2,"Muy Baja",IF(M15<=24,"Baja",IF(M15<=500,"Media",IF(M15<=5000,"Alta","Muy Alta"))))) -> Media | O15: =IF(N15="","",IF(N15="Muy Baja",0.2,IF(N15="Baja",0.4,IF(N15="Media",0.6,IF(N15="Alta",0.8,IF(N15="Muy Alta",1,)))))) -> 0.6 | P15: El riesgo afecta la imagen de la entidad con algunos usuarios de relevancia frente al logro de los objetivos | Q15: =IF(NOT(ISERROR(MATCH(P15,'Tabla Impacto'!$B$221:$B$223,0))),'Tabla Impacto'!$F$223&"Por favor no seleccionar los criterios de impacto(Afectación Económica o presupuestal y Pérdida Reputacional)",P15) -> El riesgo afecta la imagen de la entidad con algunos usuarios de relevancia frente al logro de los objetivos | R15: =IF(OR(Q15='Tabla Impacto'!$C$11,Q15='Tabla Impacto'!$D$11),"Leve",IF(OR(Q15='Tabla Impacto'!$C$12,Q15='Tabla Impacto'!$D$12),"Menor",IF(OR(Q15='Tabla Impacto'!$C$13,Q15='Tabla Impacto'!$D$13),"Moderado",IF(OR(Q15='Tabla Impacto'!$C$14,Q15='Tabla Impacto'!$D$14),"Mayor",IF(OR(Q15='Tabla Impacto'!$C$15,Q15='Tabla Impacto'!$D$15),"Catastrófico",""))))) -> Moderado | S15: =IF(R15="","",IF(R15="Leve",0.2,IF(R15="Menor",0.4,IF(R15="Moderado",0.6,IF(R15="Mayor",0.8,IF(R15="Catastrófico",1,)))))) -> 0.6 | T15: =IF(OR(AND(N15="Muy Baja",R15="Leve"),AND(N15="Muy Baja",R15="Menor"),AND(N15="Baja",R15="Leve")),"Bajo",IF(OR(AND(N15="Muy baja",R15="Moderado"),AND(N15="Baja",R15="Menor"),AND(N15="Baja",R15="Moderado"),AND(N15="Media",R15="Leve"),AND(N15="Media",R15="Menor"),AND(N15="Media",R15="Moderado"),AND(N15="Alta",R15="Leve"),AND(N15="Alta",R15="Menor")),"Moderado",IF(OR(AND(N15="Muy Baja",R15="Mayor"),AND(N15="Baja",R15="Mayor"),AND(N15="Media",R15="Mayor"),AND(N15="Alta",R15="Moderado"),AND(N15="Alta",R15="Mayor"),AND(N15="Muy Alta",R15="Leve"),AND(N15="Muy Alta",R15="Menor"),AND(N15="Muy Alta",R15="Moderado"),AND(N15="Muy Alta",R15="Mayor")),"Alto",IF(OR(AND(N15="Muy Baja",R15="Catastrófico"),AND(N15="Baja",R15="Catastrófico"),AND(N15="Media",R15="Catastrófico"),AND(N15="Alta",R15="Catastrófico"),AND(N15="Muy Alta",R15="Catastrófico")),"Extremo","")))) -> Moderado | U15: 1 | V15: El Servidor Público o contratista designado por la Subdirección de Evaluación del Riesgo solicita a los coordinadores, grupos y equipos de trabajo el diligenciamiento y la actualización de los formatos GTE-FT-23 (Formato de Creación o Modificación de Usuario) y GTE-FT-34 (Formato de Acuerdo de Confidencialidad para Servidores Públicos, Contratistas y/o Terceros), cada vez que se vincule un nuevo integrante al equipo SER. (SOA, 5,15 6.2, 6.4, 6.5, 6.6, 6.7 y 6.8) Evidencia: Formatos diligenciados GTE-FT-23 y GTE-FT-34 de las personas que integran el equipo SER. Periodicidad: Anual o cuando se presente. Ataca la 1.9, 1.11 | X15: =IF(OR(Y15="Preventivo",Y15="Detectivo"),"Probabilidad",IF(Y15="Correctivo","Impacto","")) -> Probabilidad | Y15: Preventivo | Z15: Manual | AA15: =IF(AND(Y15="Preventivo",Z15="Automático"),"50%",IF(AND(Y15="Preventivo",Z15="Manual"),"40%",IF(AND(Y15="Detectivo",Z15="Automático"),"40%",IF(AND(Y15="Detectivo",Z15="Manual"),"30%",IF(AND(Y15="Correctivo",Z15="Automático"),"35%",IF(AND(Y15="Correctivo",Z15="Manual"),"25%","")))))) -> 40% | AB15: Sin Documentar | AC15: Aleatoria | AD15: Sin Registro | AE15: =IFERROR(IF(X15="Probabilidad",(O15-(+O15*AA15)),IF(X15="Impacto",O15,"")),"") -> 0.36 | AF15: =IFERROR(IF(AE15="","",IF(AE15<=0.2,"Muy Baja",IF(AE15<=0.4,"Baja",IF(AE15<=0.6,"Media",IF(AE15<=0.8,"Alta","Muy Alta"))))),"") -> Baja | AG15: =+AE15 -> 0.36 | AH15: =IFERROR(IF(AI15="","",IF(AI15<=0.2,"Leve",IF(AI15<=0.4,"Menor",IF(AI15<=0.6,"Moderado",IF(AI15<=0.8,"Mayor","Catastrófico"))))),"") -> Moderado | AI15: =IFERROR(IF(X15="Impacto",(S15-(+S15*AA15)),IF(X15="Probabilidad",S15,"")),"") -> 0.6 | AJ15: =IFERROR(IF(OR(AND(AF15="Muy Baja",AH15="Leve"),AND(AF15="Muy Baja",AH15="Menor"),AND(AF15="Baja",AH15="Leve")),"Bajo",IF(OR(AND(AF15="Muy baja",AH15="Moderado"),AND(AF15="Baja",AH15="Menor"),AND(AF15="Baja",AH15="Moderado"),AND(AF15="Media",AH15="Leve"),AND(AF15="Media",AH15="Menor"),AND(AF15="Media",AH15="Moderado"),AND(AF15="Alta",AH15="Leve"),AND(AF15="Alta",AH15="Menor")),"Moderado",IF(OR(AND(AF15="Muy Baja",AH15="Mayor"),AND(AF15="Baja",AH15="Mayor"),AND(AF15="Media",AH15="Mayor"),AND(AF15="Alta",AH15="Moderado"),AND(AF15="Alta",AH15="Mayor"),AND(AF15="Muy Alta",AH15="Leve"),AND(AF15="Muy Alta",AH15="Menor"),AND(AF15="Muy Alta",AH15="Moderado"),AND(AF15="Muy Alta",AH15="Mayor")),"Alto",IF(OR(AND(AF15="Muy Baja",AH15="Catastrófico"),AND(AF15="Baja",AH15="Catastrófico"),AND(AF15="Media",AH15="Catastrófico"),AND(AF15="Alta",AH15="Catastrófico"),AND(AF15="Muy Alta",AH15="Catastrófico")),"Extremo","")))),"") -> Moderado | AK15: Aceptar | AL15: NO
Q16: =IF(NOT(ISERROR(MATCH(P16,_xlfn.ANCHORARRAY(E27),0))),O29&"Por favor no seleccionar los criterios de impacto",P16) -> 0 | U16: 2 | V16: El Servidor Público o contratista designado por la Subdirección de Evaluación del Riesgo llevará a cabo actividades de sensibilización sobre las políticas de seguridad de la información de la Unidad Nacional de Protección (UNP), contenidas en el Manual de Políticas Específicas de Seguridad y Privacidad de la Información (GTE-MA-02). Estas actividades tienen como objetivo promover la adopción e interiorización de buenas prácticas en los servidores públicos y/o contratistas que participan en el proceso. (SOA 5,1 6.2, 6.4, 6.5, 6.6, 6.7 y 6.8) Evidencia: Actas de socialización Periodicidad: Anual Ataca la 1.3, 1.5, 1.6 | X16: =IF(OR(Y16="Preventivo",Y16="Detectivo"),"Probabilidad",IF(Y16="Correctivo","Impacto","")) -> Probabilidad | Y16: Preventivo | Z16: Manual | AA16: =IF(AND(Y16="Preventivo",Z16="Automático"),"50%",IF(AND(Y16="Preventivo",Z16="Manual"),"40%",IF(AND(Y16="Detectivo",Z16="Automático"),"40%",IF(AND(Y16="Detectivo",Z16="Manual"),"30%",IF(AND(Y16="Correctivo",Z16="Automático"),"35%",IF(AND(Y16="Correctivo",Z16="Manual"),"25%","")))))) -> 40% | AB16: Sin Documentar | AC16: Continua | AD16: Sin Registro | AE16: =IFERROR(IF(AND(X15="Probabilidad",X16="Probabilidad"),(AG15-(+AG15*AA16)),IF(AND(X15="Impacto",X16="Probabilidad"),(AG14-(+AG14*AA16)),IF(X16="Impacto",AG15,""))),"") -> 0.216 | AF16: =IFERROR(IF(AE16="","",IF(AE16<=0.2,"Muy Baja",IF(AE16<=0.4,"Baja",IF(AE16<=0.6,"Media",IF(AE16<=0.8,"Alta","Muy Alta"))))),"") -> Baja | AG16: =+AE16 -> 0.216 | AH16: =IFERROR(IF(AI16="","",IF(AI16<=0.2,"Leve",IF(AI16<=0.4,"Menor",IF(AI16<=0.6,"Moderado",IF(AI16<=0.8,"Mayor","Catastrófico"))))),"") -> Moderado | AI16: =IFERROR(IF(AND(X15="Impacto",X16="Impacto"),(AI15-(+AI15*AA16)),IF(AND(X15="Probabilidad",X16="Impacto"),(AI14-(+AI14*AA16)),IF(X16="Probabilidad",AI15,""))),"") -> 0.6 | AJ16: =IFERROR(IF(OR(AND(AF16="Muy Baja",AH16="Leve"),AND(AF16="Muy Baja",AH16="Menor"),AND(AF16="Baja",AH16="Leve")),"Bajo",IF(OR(AND(AF16="Muy baja",AH16="Moderado"),AND(AF16="Baja",AH16="Menor"),AND(AF16="Baja",AH16="Moderado"),AND(AF16="Media",AH16="Leve"),AND(AF16="Media",AH16="Menor"),AND(AF16="Media",AH16="Moderado"),AND(AF16="Alta",AH16="Leve"),AND(AF16="Alta",AH16="Menor")),"Moderado",IF(OR(AND(AF16="Muy Baja",AH16="Mayor"),AND(AF16="Baja",AH16="Mayor"),AND(AF16="Media",AH16="Mayor"),AND(AF16="Alta",AH16="Moderado"),AND(AF16="Alta",AH16="Mayor"),AND(AF16="Muy Alta",AH16="Leve"),AND(AF16="Muy Alta",AH16="Menor"),AND(AF16="Muy Alta",AH16="Moderado"),AND(AF16="Muy Alta",AH16="Mayor")),"Alto",IF(OR(AND(AF16="Muy Baja",AH16="Catastrófico"),AND(AF16="Baja",AH16="Catastrófico"),AND(AF16="Media",AH16="Catastrófico"),AND(AF16="Alta",AH16="Catastrófico"),AND(AF16="Muy Alta",AH16="Catastrófico")),"Extremo","")))),"") -> Moderado | AK16: Aceptar
Q17: =IF(NOT(ISERROR(MATCH(P17,_xlfn.ANCHORARRAY(E28),0))),O30&"Por favor no seleccionar los criterios de impacto",P17) -> 0 | AA17: =IF(AND(Y17="Preventivo",Z17="Automático"),"50%",IF(AND(Y17="Preventivo",Z17="Manual"),"40%",IF(AND(Y17="Detectivo",Z17="Automático"),"40%",IF(AND(Y17="Detectivo",Z17="Manual"),"30%",IF(AND(Y17="Correctivo",Z17="Automático"),"35%",IF(AND(Y17="Correctivo",Z17="Manual"),"25%","")))))) | AE17: =IFERROR(IF(AND(X16="Probabilidad",X17="Probabilidad"),(AG16-(+AG16*AA17)),IF(AND(X16="Impacto",X17="Probabilidad"),(AG15-(+AG15*AA17)),IF(X17="Impacto",AG16,""))),"") | AF17: =IFERROR(IF(AE17="","",IF(AE17<=0.2,"Muy Baja",IF(AE17<=0.4,"Baja",IF(AE17<=0.6,"Media",IF(AE17<=0.8,"Alta","Muy Alta"))))),"") | AG17: =+AE17 | AH17: =IFERROR(IF(AI17="","",IF(AI17<=0.2,"Leve",IF(AI17<=0.4,"Menor",IF(AI17<=0.6,"Moderado",IF(AI17<=0.8,"Mayor","Catastrófico"))))),"") | AI17: =IFERROR(IF(AND(X16="Impacto",X17="Impacto"),(AI16-(+AI16*AA17)),IF(AND(X16="Probabilidad",X17="Impacto"),(AI15-(+AI15*AA17)),IF(X17="Probabilidad",AI16,""))),"") | AJ17: =IFERROR(IF(OR(AND(AF17="Muy Baja",AH17="Leve"),AND(AF17="Muy Baja",AH17="Menor"),AND(AF17="Baja",AH17="Leve")),"Bajo",IF(OR(AND(AF17="Muy baja",AH17="Moderado"),AND(AF17="Baja",AH17="Menor"),AND(AF17="Baja",AH17="Moderado"),AND(AF17="Media",AH17="Leve"),AND(AF17="Media",AH17="Menor"),AND(AF17="Media",AH17="Moderado"),AND(AF17="Alta",AH17="Leve"),AND(AF17="Alta",AH17="Menor")),"Moderado",IF(OR(AND(AF17="Muy Baja",AH17="Mayor"),AND(AF17="Baja",AH17="Mayor"),AND(AF17="Media",AH17="Mayor"),AND(AF17="Alta",AH17="Moderado"),AND(AF17="Alta",AH17="Mayor"),AND(AF17="Muy Alta",AH17="Leve"),AND(AF17="Muy Alta",AH17="Menor"),AND(AF17="Muy Alta",AH17="Moderado"),AND(AF17="Muy Alta",AH17="Mayor")),"Alto",IF(OR(AND(AF17="Muy Baja",AH17="Catastrófico"),AND(AF17="Baja",AH17="Catastrófico"),AND(AF17="Media",AH17="Catastrófico"),AND(AF17="Alta",AH17="Catastrófico"),AND(AF17="Muy Alta",AH17="Catastrófico")),"Extremo","")))),"")
Q18: =IF(NOT(ISERROR(MATCH(P18,_xlfn.ANCHORARRAY(E29),0))),O31&"Por favor no seleccionar los criterios de impacto",P18) -> 0 | U18: 4 | X18: =IF(OR(Y18="Preventivo",Y18="Detectivo"),"Probabilidad",IF(Y18="Correctivo","Impacto","")) | AA18: =IF(AND(Y18="Preventivo",Z18="Automático"),"50%",IF(AND(Y18="Preventivo",Z18="Manual"),"40%",IF(AND(Y18="Detectivo",Z18="Automático"),"40%",IF(AND(Y18="Detectivo",Z18="Manual"),"30%",IF(AND(Y18="Correctivo",Z18="Automático"),"35%",IF(AND(Y18="Correctivo",Z18="Manual"),"25%","")))))) | AE18: =IFERROR(IF(AND(X17="Probabilidad",X18="Probabilidad"),(AG17-(+AG17*AA18)),IF(AND(X17="Impacto",X18="Probabilidad"),(AG16-(+AG16*AA18)),IF(X18="Impacto",AG17,""))),"") | AF18: =IFERROR(IF(AE18="","",IF(AE18<=0.2,"Muy Baja",IF(AE18<=0.4,"Baja",IF(AE18<=0.6,"Media",IF(AE18<=0.8,"Alta","Muy Alta"))))),"") | AG18: =+AE18 | AH18: =IFERROR(IF(AI18="","",IF(AI18<=0.2,"Leve",IF(AI18<=0.4,"Menor",IF(AI18<=0.6,"Moderado",IF(AI18<=0.8,"Mayor","Catastrófico"))))),"") | AI18: =IFERROR(IF(AND(X17="Impacto",X18="Impacto"),(AI17-(+AI17*AA18)),IF(AND(X17="Probabilidad",X18="Impacto"),(AI16-(+AI16*AA18)),IF(X18="Probabilidad",AI17,""))),"") | AJ18: =IFERROR(IF(OR(AND(AF18="Muy Baja",AH18="Leve"),AND(AF18="Muy Baja",AH18="Menor"),AND(AF18="Baja",AH18="Leve")),"Bajo",IF(OR(AND(AF18="Muy baja",AH18="Moderado"),AND(AF18="Baja",AH18="Menor"),AND(AF18="Baja",AH18="Moderado"),AND(AF18="Media",AH18="Leve"),AND(AF18="Media",AH18="Menor"),AND(AF18="Media",AH18="Moderado"),AND(AF18="Alta",AH18="Leve"),AND(AF18="Alta",AH18="Menor")),"Moderado",IF(OR(AND(AF18="Muy Baja",AH18="Mayor"),AND(AF18="Baja",AH18="Mayor"),AND(AF18="Media",AH18="Mayor"),AND(AF18="Alta",AH18="Moderado"),AND(AF18="Alta",AH18="Mayor"),AND(AF18="Muy Alta",AH18="Leve"),AND(AF18="Muy Alta",AH18="Menor"),AND(AF18="Muy Alta",AH18="Moderado"),AND(AF18="Muy Alta",AH18="Mayor")),"Alto",IF(OR(AND(AF18="Muy Baja",AH18="Catastrófico"),AND(AF18="Baja",AH18="Catastrófico"),AND(AF18="Media",AH18="Catastrófico"),AND(AF18="Alta",AH18="Catastrófico"),AND(AF18="Muy Alta",AH18="Catastrófico")),"Extremo","")))),"")
Q19: =IF(NOT(ISERROR(MATCH(P19,_xlfn.ANCHORARRAY(E30),0))),O32&"Por favor no seleccionar los criterios de impacto",P19) -> 0 | U19: 5 | X19: =IF(OR(Y19="Preventivo",Y19="Detectivo"),"Probabilidad",IF(Y19="Correctivo","Impacto","")) | AA19: =IF(AND(Y19="Preventivo",Z19="Automático"),"50%",IF(AND(Y19="Preventivo",Z19="Manual"),"40%",IF(AND(Y19="Detectivo",Z19="Automático"),"40%",IF(AND(Y19="Detectivo",Z19="Manual"),"30%",IF(AND(Y19="Correctivo",Z19="Automático"),"35%",IF(AND(Y19="Correctivo",Z19="Manual"),"25%","")))))) | AE19: =IFERROR(IF(AND(X18="Probabilidad",X19="Probabilidad"),(AG18-(+AG18*AA19)),IF(AND(X18="Impacto",X19="Probabilidad"),(AG17-(+AG17*AA19)),IF(X19="Impacto",AG18,""))),"") | AF19: =IFERROR(IF(AE19="","",IF(AE19<=0.2,"Muy Baja",IF(AE19<=0.4,"Baja",IF(AE19<=0.6,"Media",IF(AE19<=0.8,"Alta","Muy Alta"))))),"") | AG19: =+AE19 | AH19: =IFERROR(IF(AI19="","",IF(AI19<=0.2,"Leve",IF(AI19<=0.4,"Menor",IF(AI19<=0.6,"Moderado",IF(AI19<=0.8,"Mayor","Catastrófico"))))),"") | AI19: =IFERROR(IF(AND(X18="Impacto",X19="Impacto"),(AI18-(+AI18*AA19)),IF(AND(X18="Probabilidad",X19="Impacto"),(AI17-(+AI17*AA19)),IF(X19="Probabilidad",AI18,""))),"") | AJ19: =IFERROR(IF(OR(AND(AF19="Muy Baja",AH19="Leve"),AND(AF19="Muy Baja",AH19="Menor"),AND(AF19="Baja",AH19="Leve")),"Bajo",IF(OR(AND(AF19="Muy baja",AH19="Moderado"),AND(AF19="Baja",AH19="Menor"),AND(AF19="Baja",AH19="Moderado"),AND(AF19="Media",AH19="Leve"),AND(AF19="Media",AH19="Menor"),AND(AF19="Media",AH19="Moderado"),AND(AF19="Alta",AH19="Leve"),AND(AF19="Alta",AH19="Menor")),"Moderado",IF(OR(AND(AF19="Muy Baja",AH19="Mayor"),AND(AF19="Baja",AH19="Mayor"),AND(AF19="Media",AH19="Mayor"),AND(AF19="Alta",AH19="Moderado"),AND(AF19="Alta",AH19="Mayor"),AND(AF19="Muy Alta",AH19="Leve"),AND(AF19="Muy Alta",AH19="Menor"),AND(AF19="Muy Alta",AH19="Moderado"),AND(AF19="Muy Alta",AH19="Mayor")),"Alto",IF(OR(AND(AF19="Muy Baja",AH19="Catastrófico"),AND(AF19="Baja",AH19="Catastrófico"),AND(AF19="Media",AH19="Catastrófico"),AND(AF19="Alta",AH19="Catastrófico"),AND(AF19="Muy Alta",AH19="Catastrófico")),"Extremo","")))),"")
Q20: =IF(NOT(ISERROR(MATCH(P20,_xlfn.ANCHORARRAY(E31),0))),O33&"Por favor no seleccionar los criterios de impacto",P20) -> 0 | U20: 6 | X20: =IF(OR(Y20="Preventivo",Y20="Detectivo"),"Probabilidad",IF(Y20="Correctivo","Impacto","")) | AA20: =IF(AND(Y20="Preventivo",Z20="Automático"),"50%",IF(AND(Y20="Preventivo",Z20="Manual"),"40%",IF(AND(Y20="Detectivo",Z20="Automático"),"40%",IF(AND(Y20="Detectivo",Z20="Manual"),"30%",IF(AND(Y20="Correctivo",Z20="Automático"),"35%",IF(AND(Y20="Correctivo",Z20="Manual"),"25%","")))))) | AE20: =IFERROR(IF(AND(X19="Probabilidad",X20="Probabilidad"),(AG19-(+AG19*AA20)),IF(AND(X19="Impacto",X20="Probabilidad"),(AG18-(+AG18*AA20)),IF(X20="Impacto",AG19,""))),"") | AF20: =IFERROR(IF(AE20="","",IF(AE20<=0.2,"Muy Baja",IF(AE20<=0.4,"Baja",IF(AE20<=0.6,"Media",IF(AE20<=0.8,"Alta","Muy Alta"))))),"") | AG20: =+AE20 | AH20: =IFERROR(IF(AI20="","",IF(AI20<=0.2,"Leve",IF(AI20<=0.4,"Menor",IF(AI20<=0.6,"Moderado",IF(AI20<=0.8,"Mayor","Catastrófico"))))),"") | AI20: =IFERROR(IF(AND(X19="Impacto",X20="Impacto"),(AI19-(+AI19*AA20)),IF(AND(X19="Probabilidad",X20="Impacto"),(AI18-(+AI18*AA20)),IF(X20="Probabilidad",AI19,""))),"") | AJ20: =IFERROR(IF(OR(AND(AF20="Muy Baja",AH20="Leve"),AND(AF20="Muy Baja",AH20="Menor"),AND(AF20="Baja",AH20="Leve")),"Bajo",IF(OR(AND(AF20="Muy baja",AH20="Moderado"),AND(AF20="Baja",AH20="Menor"),AND(AF20="Baja",AH20="Moderado"),AND(AF20="Media",AH20="Leve"),AND(AF20="Media",AH20="Menor"),AND(AF20="Media",AH20="Moderado"),AND(AF20="Alta",AH20="Leve"),AND(AF20="Alta",AH20="Menor")),"Moderado",IF(OR(AND(AF20="Muy Baja",AH20="Mayor"),AND(AF20="Baja",AH20="Mayor"),AND(AF20="Media",AH20="Mayor"),AND(AF20="Alta",AH20="Moderado"),AND(AF20="Alta",AH20="Mayor"),AND(AF20="Muy Alta",AH20="Leve"),AND(AF20="Muy Alta",AH20="Menor"),AND(AF20="Muy Alta",AH20="Moderado"),AND(AF20="Muy Alta",AH20="Mayor")),"Alto",IF(OR(AND(AF20="Muy Baja",AH20="Catastrófico"),AND(AF20="Baja",AH20="Catastrófico"),AND(AF20="Media",AH20="Catastrófico"),AND(AF20="Alta",AH20="Catastrófico"),AND(AF20="Muy Alta",AH20="Catastrófico")),"Extremo","")))),"")
B21: Gestión Evaluación del Riesgo | C21: SUBDIRECCIÓN DE EVALUACIÓN DEL RIESGO | D21: Actas | E21: 1.4. Sabotaje 1.5. Errores humanos en el cumplimiento de las labores 3.13 Alteración de la información 2.15 Uso indebido de la información 2.2. Niveles de temperatura o humedad por fuera de los rangos aceptables. 2.10. Incendio 2.11 Inundación 4.5. Hurto de equipos, medios magnéticos o documentos | F21: 4.2 Asignación errada de privilegios o derechos de acceso. 4.4 Inadecuada segregación de funciones, roles y perfiles de usuario. 3.9 Almacenamiento de documentos impresos sin medidas de protección. 2.3 Ausencia de procedimientos para la clasificación, etiquetado y manejo de la información. | G21: Pérdida de la confidencialidad e integridad de la información debido a la divulgación no autorizada de datos sensibles o confidenciales | H21: Reputacional | I21: Posible afectación reputacional debido a la pérdida de integridad y confidencialidad de la información como consecuencia de la divulgación no autorizada de datos sensibles o confidenciales. Esta situación podría derivar en investigaciones y sanciones, y puede ser causada tanto por errores humanos relacionados con el desconocimiento o la no aplicación de políticas, normas o procedimientos de seguridad de la información, como por fallas en el funcionamiento del sistema que comprometan la seguridad de los datos. | J21: Alto | K21: Medio | L21: Medio | M21: 192 | N21: =IF(M21<=0,"",IF(M21<=2,"Muy Baja",IF(M21<=24,"Baja",IF(M21<=500,"Media",IF(M21<=5000,"Alta","Muy Alta"))))) -> Media | O21: =IF(N21="","",IF(N21="Muy Baja",0.2,IF(N21="Baja",0.4,IF(N21="Media",0.6,IF(N21="Alta",0.8,IF(N21="Muy Alta",1,)))))) -> 0.6 | P21: El riesgo afecta la imagen de la entidad con algunos usuarios de relevancia frente al logro de los objetivos | Q21: =IF(NOT(ISERROR(MATCH(P21,'Tabla Impacto'!$B$221:$B$223,0))),'Tabla Impacto'!$F$223&"Por favor no seleccionar los criterios de impacto(Afectación Económica o presupuestal y Pérdida Reputacional)",P21) -> El riesgo afecta la imagen de la entidad con algunos usuarios de relevancia frente al logro de los objetivos | R21: =IF(OR(Q21='Tabla Impacto'!$C$11,Q21='Tabla Impacto'!$D$11),"Leve",IF(OR(Q21='Tabla Impacto'!$C$12,Q21='Tabla Impacto'!$D$12),"Menor",IF(OR(Q21='Tabla Impacto'!$C$13,Q21='Tabla Impacto'!$D$13),"Moderado",IF(OR(Q21='Tabla Impacto'!$C$14,Q21='Tabla Impacto'!$D$14),"Mayor",IF(OR(Q21='Tabla Impacto'!$C$15,Q21='Tabla Impacto'!$D$15),"Catastrófico",""))))) -> Moderado | S21: =IF(R21="","",IF(R21="Leve",0.2,IF(R21="Menor",0.4,IF(R21="Moderado",0.6,IF(R21="Mayor",0.8,IF(R21="Catastrófico",1,)))))) -> 0.6 | T21: =IF(OR(AND(N21="Muy Baja",R21="Leve"),AND(N21="Muy Baja",R21="Menor"),AND(N21="Baja",R21="Leve")),"Bajo",IF(OR(AND(N21="Muy baja",R21="Moderado"),AND(N21="Baja",R21="Menor"),AND(N21="Baja",R21="Moderado"),AND(N21="Media",R21="Leve"),AND(N21="Media",R21="Menor"),AND(N21="Media",R21="Moderado"),AND(N21="Alta",R21="Leve"),AND(N21="Alta",R21="Menor")),"Moderado",IF(OR(AND(N21="Muy Baja",R21="Mayor"),AND(N21="Baja",R21="Mayor"),AND(N21="Media",R21="Mayor"),AND(N21="Alta",R21="Moderado"),AND(N21="Alta",R21="Mayor"),AND(N21="Muy Alta",R21="Leve"),AND(N21="Muy Alta",R21="Menor"),AND(N21="Muy Alta",R21="Moderado"),AND(N21="Muy Alta",R21="Mayor")),"Alto",IF(OR(AND(N21="Muy Baja",R21="Catastrófico"),AND(N21="Baja",R21="Catastrófico"),AND(N21="Media",R21="Catastrófico"),AND(N21="Alta",R21="Catastrófico"),AND(N21="Muy Alta",R21="Catastrófico")),"Extremo","")))) -> Moderado | U21: 1 | V21: El Servidor Público o contratista delegado ante la Secretaría Técnica del CERREM deberá solicitar al Grupo de Gestión de Tecnologías el control de acceso y la restricción a la información y demás activos asociados, de acuerdo con la política establecida sobre control de acceso, relacionada con las actas del CERREM. (SOA 8.2, 8.3 y 8,13) Evidencia: Comunicación oficial y/o correo electrónico. Peridicidad: Cuando se presente Ataca: 4.2, 4.4, 2.3 | X21: =IF(OR(Y21="Preventivo",Y21="Detectivo"),"Probabilidad",IF(Y21="Correctivo","Impacto","")) -> Probabilidad | Y21: Preventivo | Z21: Manual | AA21: =IF(AND(Y21="Preventivo",Z21="Automático"),"50%",IF(AND(Y21="Preventivo",Z21="Manual"),"40%",IF(AND(Y21="Detectivo",Z21="Automático"),"40%",IF(AND(Y21="Detectivo",Z21="Manual"),"30%",IF(AND(Y21="Correctivo",Z21="Automático"),"35%",IF(AND(Y21="Correctivo",Z21="Manual"),"25%","")))))) -> 40% | AB21: Sin Documentar | AC21: Aleatoria | AD21: Sin Registro | AE21: =IFERROR(IF(X21="Probabilidad",(O21-(+O21*AA21)),IF(X21="Impacto",O21,"")),"") -> 0.36 | AF21: =IFERROR(IF(AE21="","",IF(AE21<=0.2,"Muy Baja",IF(AE21<=0.4,"Baja",IF(AE21<=0.6,"Media",IF(AE21<=0.8,"Alta","Muy Alta"))))),"") -> Baja | AG21: =+AE21 -> 0.36 | AH21: =IFERROR(IF(AI21="","",IF(AI21<=0.2,"Leve",IF(AI21<=0.4,"Menor",IF(AI21<=0.6,"Moderado",IF(AI21<=0.8,"Mayor","Catastrófico"))))),"") -> Moderado | AI21: =IFERROR(IF(X21="Impacto",(S21-(+S21*AA21)),IF(X21="Probabilidad",S21,"")),"") -> 0.6 | AJ21: =IFERROR(IF(OR(AND(AF21="Muy Baja",AH21="Leve"),AND(AF21="Muy Baja",AH21="Menor"),AND(AF21="Baja",AH21="Leve")),"Bajo",IF(OR(AND(AF21="Muy baja",AH21="Moderado"),AND(AF21="Baja",AH21="Menor"),AND(AF21="Baja",AH21="Moderado"),AND(AF21="Media",AH21="Leve"),AND(AF21="Media",AH21="Menor"),AND(AF21="Media",AH21="Moderado"),AND(AF21="Alta",AH21="Leve"),AND(AF21="Alta",AH21="Menor")),"Moderado",IF(OR(AND(AF21="Muy Baja",AH21="Mayor"),AND(AF21="Baja",AH21="Mayor"),AND(AF21="Media",AH21="Mayor"),AND(AF21="Alta",AH21="Moderado"),AND(AF21="Alta",AH21="Mayor"),AND(AF21="Muy Alta",AH21="Leve"),AND(AF21="Muy Alta",AH21="Menor"),AND(AF21="Muy Alta",AH21="Moderado"),AND(AF21="Muy Alta",AH21="Mayor")),"Alto",IF(OR(AND(AF21="Muy Baja",AH21="Catastrófico"),AND(AF21="Baja",AH21="Catastrófico"),AND(AF21="Media",AH21="Catastrófico"),AND(AF21="Alta",AH21="Catastrófico"),AND(AF21="Muy Alta",AH21="Catastrófico")),"Extremo","")))),"") -> Moderado | AK21: Aceptar | AL21: NO
Q22: =IF(NOT(ISERROR(MATCH(P22,_xlfn.ANCHORARRAY(E33),0))),O35&"Por favor no seleccionar los criterios de impacto",P22) -> 0 | U22: 2 | V22: El Servidor Público contratista de la Secretaría Técnica del CERREM en cada sesión hara la lectura de la reserva de la información ante los delegados y demás asistentes, asi mismo enviará reportes en los meses de agosto y diciembre, donde se informe la cantidad de sesiones realizadas en la cual se realizó la lectura de la reserva de la información. (SOA 6.2, 6.4, 6.5, 6.6, 6.7 y 6.8) Evidencia: Reportes de la lectura de la reserva de la información. Periodicidad: Semestral o cuando aplique Ataca: 3.9 | X22: =IF(OR(Y22="Preventivo",Y22="Detectivo"),"Probabilidad",IF(Y22="Correctivo","Impacto","")) -> Probabilidad | Y22: Preventivo | Z22: Manual | AA22: =IF(AND(Y22="Preventivo",Z22="Automático"),"50%",IF(AND(Y22="Preventivo",Z22="Manual"),"40%",IF(AND(Y22="Detectivo",Z22="Automático"),"40%",IF(AND(Y22="Detectivo",Z22="Manual"),"30%",IF(AND(Y22="Correctivo",Z22="Automático"),"35%",IF(AND(Y22="Correctivo",Z22="Manual"),"25%","")))))) -> 40% | AB22: Sin Documentar | AC22: Aleatoria | AD22: Sin Registro | AE22: =IFERROR(IF(AND(X21="Probabilidad",X22="Probabilidad"),(AG21-(+AG21*AA22)),IF(X22="Probabilidad",(O21-(+O21*AA22)),IF(X22="Impacto",AG21,""))),"") -> 0.216 | AF22: =IFERROR(IF(AE22="","",IF(AE22<=0.2,"Muy Baja",IF(AE22<=0.4,"Baja",IF(AE22<=0.6,"Media",IF(AE22<=0.8,"Alta","Muy Alta"))))),"") -> Baja | AG22: =+AE22 -> 0.216 | AH22: =IFERROR(IF(AI22="","",IF(AI22<=0.2,"Leve",IF(AI22<=0.4,"Menor",IF(AI22<=0.6,"Moderado",IF(AI22<=0.8,"Mayor","Catastrófico"))))),"") -> Moderado | AI22: =IFERROR(IF(AND(X21="Impacto",X22="Impacto"),(AI21-(+AI21*AA22)),IF(X22="Impacto",(S21-(+S21*AA22)),IF(X22="Probabilidad",AI21,""))),"") -> 0.6 | AJ22: =IFERROR(IF(OR(AND(AF22="Muy Baja",AH22="Leve"),AND(AF22="Muy Baja",AH22="Menor"),AND(AF22="Baja",AH22="Leve")),"Bajo",IF(OR(AND(AF22="Muy baja",AH22="Moderado"),AND(AF22="Baja",AH22="Menor"),AND(AF22="Baja",AH22="Moderado"),AND(AF22="Media",AH22="Leve"),AND(AF22="Media",AH22="Menor"),AND(AF22="Media",AH22="Moderado"),AND(AF22="Alta",AH22="Leve"),AND(AF22="Alta",AH22="Menor")),"Moderado",IF(OR(AND(AF22="Muy Baja",AH22="Mayor"),AND(AF22="Baja",AH22="Mayor"),AND(AF22="Media",AH22="Mayor"),AND(AF22="Alta",AH22="Moderado"),AND(AF22="Alta",AH22="Mayor"),AND(AF22="Muy Alta",AH22="Leve"),AND(AF22="Muy Alta",AH22="Menor"),AND(AF22="Muy Alta",AH22="Moderado"),AND(AF22="Muy Alta",AH22="Mayor")),"Alto",IF(OR(AND(AF22="Muy Baja",AH22="Catastrófico"),AND(AF22="Baja",AH22="Catastrófico"),AND(AF22="Media",AH22="Catastrófico"),AND(AF22="Alta",AH22="Catastrófico"),AND(AF22="Muy Alta",AH22="Catastrófico")),"Extremo","")))),"") -> Moderado | AK22: Aceptar
Q23: =IF(NOT(ISERROR(MATCH(P23,_xlfn.ANCHORARRAY(E34),0))),O36&"Por favor no seleccionar los criterios de impacto",P23) -> 0 | U23: 3 | X23: =IF(OR(Y23="Preventivo",Y23="Detectivo"),"Probabilidad",IF(Y23="Correctivo","Impacto","")) | Z23: Manual | AA23: =IF(AND(Y23="Preventivo",Z23="Automático"),"50%",IF(AND(Y23="Preventivo",Z23="Manual"),"40%",IF(AND(Y23="Detectivo",Z23="Automático"),"40%",IF(AND(Y23="Detectivo",Z23="Manual"),"30%",IF(AND(Y23="Correctivo",Z23="Automático"),"35%",IF(AND(Y23="Correctivo",Z23="Manual"),"25%","")))))) | AE23: =IFERROR(IF(AND(X22="Probabilidad",X23="Probabilidad"),(AG22-(+AG22*AA23)),IF(AND(X22="Impacto",X23="Probabilidad"),(AG21-(+AG21*AA23)),IF(X23="Impacto",AG22,""))),"") | AF23: =IFERROR(IF(AE23="","",IF(AE23<=0.2,"Muy Baja",IF(AE23<=0.4,"Baja",IF(AE23<=0.6,"Media",IF(AE23<=0.8,"Alta","Muy Alta"))))),"") | AG23: =+AE23 | AH23: =IFERROR(IF(AI23="","",IF(AI23<=0.2,"Leve",IF(AI23<=0.4,"Menor",IF(AI23<=0.6,"Moderado",IF(AI23<=0.8,"Mayor","Catastrófico"))))),"") | AI23: =IFERROR(IF(AND(X22="Impacto",X23="Impacto"),(AI22-(+AI22*AA23)),IF(AND(X22="Probabilidad",X23="Impacto"),(AI21-(+AI21*AA23)),IF(X23="Probabilidad",AI22,""))),"") | AJ23: =IFERROR(IF(OR(AND(AF23="Muy Baja",AH23="Leve"),AND(AF23="Muy Baja",AH23="Menor"),AND(AF23="Baja",AH23="Leve")),"Bajo",IF(OR(AND(AF23="Muy baja",AH23="Moderado"),AND(AF23="Baja",AH23="Menor"),AND(AF23="Baja",AH23="Moderado"),AND(AF23="Media",AH23="Leve"),AND(AF23="Media",AH23="Menor"),AND(AF23="Media",AH23="Moderado"),AND(AF23="Alta",AH23="Leve"),AND(AF23="Alta",AH23="Menor")),"Moderado",IF(OR(AND(AF23="Muy Baja",AH23="Mayor"),AND(AF23="Baja",AH23="Mayor"),AND(AF23="Media",AH23="Mayor"),AND(AF23="Alta",AH23="Moderado"),AND(AF23="Alta",AH23="Mayor"),AND(AF23="Muy Alta",AH23="Leve"),AND(AF23="Muy Alta",AH23="Menor"),AND(AF23="Muy Alta",AH23="Moderado"),AND(AF23="Muy Alta",AH23="Mayor")),"Alto",IF(OR(AND(AF23="Muy Baja",AH23="Catastrófico"),AND(AF23="Baja",AH23="Catastrófico"),AND(AF23="Media",AH23="Catastrófico"),AND(AF23="Alta",AH23="Catastrófico"),AND(AF23="Muy Alta",AH23="Catastrófico")),"Extremo","")))),"")
Q24: =IF(NOT(ISERROR(MATCH(P24,_xlfn.ANCHORARRAY(E35),0))),O37&"Por favor no seleccionar los criterios de impacto",P24) -> 0 | U24: 4 | X24: =IF(OR(Y24="Preventivo",Y24="Detectivo"),"Probabilidad",IF(Y24="Correctivo","Impacto","")) | AA24: =IF(AND(Y24="Preventivo",Z24="Automático"),"50%",IF(AND(Y24="Preventivo",Z24="Manual"),"40%",IF(AND(Y24="Detectivo",Z24="Automático"),"40%",IF(AND(Y24="Detectivo",Z24="Manual"),"30%",IF(AND(Y24="Correctivo",Z24="Automático"),"35%",IF(AND(Y24="Correctivo",Z24="Manual"),"25%","")))))) | AE24: =IFERROR(IF(AND(X23="Probabilidad",X24="Probabilidad"),(AG23-(+AG23*AA24)),IF(AND(X23="Impacto",X24="Probabilidad"),(AG22-(+AG22*AA24)),IF(X24="Impacto",AG23,""))),"") | AF24: =IFERROR(IF(AE24="","",IF(AE24<=0.2,"Muy Baja",IF(AE24<=0.4,"Baja",IF(AE24<=0.6,"Media",IF(AE24<=0.8,"Alta","Muy Alta"))))),"") | AG24: =+AE24 | AH24: =IFERROR(IF(AI24="","",IF(AI24<=0.2,"Leve",IF(AI24<=0.4,"Menor",IF(AI24<=0.6,"Moderado",IF(AI24<=0.8,"Mayor","Catastrófico"))))),"") | AI24: =IFERROR(IF(AND(X23="Impacto",X24="Impacto"),(AI23-(+AI23*AA24)),IF(AND(X23="Probabilidad",X24="Impacto"),(AI22-(+AI22*AA24)),IF(X24="Probabilidad",AI23,""))),"") | AJ24: =IFERROR(IF(OR(AND(AF24="Muy Baja",AH24="Leve"),AND(AF24="Muy Baja",AH24="Menor"),AND(AF24="Baja",AH24="Leve")),"Bajo",IF(OR(AND(AF24="Muy baja",AH24="Moderado"),AND(AF24="Baja",AH24="Menor"),AND(AF24="Baja",AH24="Moderado"),AND(AF24="Media",AH24="Leve"),AND(AF24="Media",AH24="Menor"),AND(AF24="Media",AH24="Moderado"),AND(AF24="Alta",AH24="Leve"),AND(AF24="Alta",AH24="Menor")),"Moderado",IF(OR(AND(AF24="Muy Baja",AH24="Mayor"),AND(AF24="Baja",AH24="Mayor"),AND(AF24="Media",AH24="Mayor"),AND(AF24="Alta",AH24="Moderado"),AND(AF24="Alta",AH24="Mayor"),AND(AF24="Muy Alta",AH24="Leve"),AND(AF24="Muy Alta",AH24="Menor"),AND(AF24="Muy Alta",AH24="Moderado"),AND(AF24="Muy Alta",AH24="Mayor")),"Alto",IF(OR(AND(AF24="Muy Baja",AH24="Catastrófico"),AND(AF24="Baja",AH24="Catastrófico"),AND(AF24="Media",AH24="Catastrófico"),AND(AF24="Alta",AH24="Catastrófico"),AND(AF24="Muy Alta",AH24="Catastrófico")),"Extremo","")))),"")
Q25: =IF(NOT(ISERROR(MATCH(P25,_xlfn.ANCHORARRAY(E36),0))),O38&"Por favor no seleccionar los criterios de impacto",P25) -> 0 | U25: 5 | X25: =IF(OR(Y25="Preventivo",Y25="Detectivo"),"Probabilidad",IF(Y25="Correctivo","Impacto","")) | AA25: =IF(AND(Y25="Preventivo",Z25="Automático"),"50%",IF(AND(Y25="Preventivo",Z25="Manual"),"40%",IF(AND(Y25="Detectivo",Z25="Automático"),"40%",IF(AND(Y25="Detectivo",Z25="Manual"),"30%",IF(AND(Y25="Correctivo",Z25="Automático"),"35%",IF(AND(Y25="Correctivo",Z25="Manual"),"25%","")))))) | AE25: =IFERROR(IF(AND(X24="Probabilidad",X25="Probabilidad"),(AG24-(+AG24*AA25)),IF(AND(X24="Impacto",X25="Probabilidad"),(AG23-(+AG23*AA25)),IF(X25="Impacto",AG24,""))),"") | AF25: =IFERROR(IF(AE25="","",IF(AE25<=0.2,"Muy Baja",IF(AE25<=0.4,"Baja",IF(AE25<=0.6,"Media",IF(AE25<=0.8,"Alta","Muy Alta"))))),"") | AG25: =+AE25 | AH25: =IFERROR(IF(AI25="","",IF(AI25<=0.2,"Leve",IF(AI25<=0.4,"Menor",IF(AI25<=0.6,"Moderado",IF(AI25<=0.8,"Mayor","Catastrófico"))))),"") | AI25: =IFERROR(IF(AND(X24="Impacto",X25="Impacto"),(AI24-(+AI24*AA25)),IF(AND(X24="Probabilidad",X25="Impacto"),(AI23-(+AI23*AA25)),IF(X25="Probabilidad",AI24,""))),"") | AJ25: =IFERROR(IF(OR(AND(AF25="Muy Baja",AH25="Leve"),AND(AF25="Muy Baja",AH25="Menor"),AND(AF25="Baja",AH25="Leve")),"Bajo",IF(OR(AND(AF25="Muy baja",AH25="Moderado"),AND(AF25="Baja",AH25="Menor"),AND(AF25="Baja",AH25="Moderado"),AND(AF25="Media",AH25="Leve"),AND(AF25="Media",AH25="Menor"),AND(AF25="Media",AH25="Moderado"),AND(AF25="Alta",AH25="Leve"),AND(AF25="Alta",AH25="Menor")),"Moderado",IF(OR(AND(AF25="Muy Baja",AH25="Mayor"),AND(AF25="Baja",AH25="Mayor"),AND(AF25="Media",AH25="Mayor"),AND(AF25="Alta",AH25="Moderado"),AND(AF25="Alta",AH25="Mayor"),AND(AF25="Muy Alta",AH25="Leve"),AND(AF25="Muy Alta",AH25="Menor"),AND(AF25="Muy Alta",AH25="Moderado"),AND(AF25="Muy Alta",AH25="Mayor")),"Alto",IF(OR(AND(AF25="Muy Baja",AH25="Catastrófico"),AND(AF25="Baja",AH25="Catastrófico"),AND(AF25="Media",AH25="Catastrófico"),AND(AF25="Alta",AH25="Catastrófico"),AND(AF25="Muy Alta",AH25="Catastrófico")),"Extremo","")))),"")
Q26: =IF(NOT(ISERROR(MATCH(P26,_xlfn.ANCHORARRAY(E37),0))),O39&"Por favor no seleccionar los criterios de impacto",P26) -> 0 | U26: 6 | X26: =IF(OR(Y26="Preventivo",Y26="Detectivo"),"Probabilidad",IF(Y26="Correctivo","Impacto","")) | AA26: =IF(AND(Y26="Preventivo",Z26="Automático"),"50%",IF(AND(Y26="Preventivo",Z26="Manual"),"40%",IF(AND(Y26="Detectivo",Z26="Automático"),"40%",IF(AND(Y26="Detectivo",Z26="Manual"),"30%",IF(AND(Y26="Correctivo",Z26="Automático"),"35%",IF(AND(Y26="Correctivo",Z26="Manual"),"25%","")))))) | AE26: =IFERROR(IF(AND(X25="Probabilidad",X26="Probabilidad"),(AG25-(+AG25*AA26)),IF(AND(X25="Impacto",X26="Probabilidad"),(AG24-(+AG24*AA26)),IF(X26="Impacto",AG25,""))),"") | AF26: =IFERROR(IF(AE26="","",IF(AE26<=0.2,"Muy Baja",IF(AE26<=0.4,"Baja",IF(AE26<=0.6,"Media",IF(AE26<=0.8,"Alta","Muy Alta"))))),"") | AG26: =+AE26 | AH26: =IFERROR(IF(AI26="","",IF(AI26<=0.2,"Leve",IF(AI26<=0.4,"Menor",IF(AI26<=0.6,"Moderado",IF(AI26<=0.8,"Mayor","Catastrófico"))))),"") | AI26: =IFERROR(IF(AND(X25="Impacto",X26="Impacto"),(AI25-(+AI25*AA26)),IF(AND(X25="Probabilidad",X26="Impacto"),(AI24-(+AI24*AA26)),IF(X26="Probabilidad",AI25,""))),"") | AJ26: =IFERROR(IF(OR(AND(AF26="Muy Baja",AH26="Leve"),AND(AF26="Muy Baja",AH26="Menor"),AND(AF26="Baja",AH26="Leve")),"Bajo",IF(OR(AND(AF26="Muy baja",AH26="Moderado"),AND(AF26="Baja",AH26="Menor"),AND(AF26="Baja",AH26="Moderado"),AND(AF26="Media",AH26="Leve"),AND(AF26="Media",AH26="Menor"),AND(AF26="Media",AH26="Moderado"),AND(AF26="Alta",AH26="Leve"),AND(AF26="Alta",AH26="Menor")),"Moderado",IF(OR(AND(AF26="Muy Baja",AH26="Mayor"),AND(AF26="Baja",AH26="Mayor"),AND(AF26="Media",AH26="Mayor"),AND(AF26="Alta",AH26="Moderado"),AND(AF26="Alta",AH26="Mayor"),AND(AF26="Muy Alta",AH26="Leve"),AND(AF26="Muy Alta",AH26="Menor"),AND(AF26="Muy Alta",AH26="Moderado"),AND(AF26="Muy Alta",AH26="Mayor")),"Alto",IF(OR(AND(AF26="Muy Baja",AH26="Catastrófico"),AND(AF26="Baja",AH26="Catastrófico"),AND(AF26="Media",AH26="Catastrófico"),AND(AF26="Alta",AH26="Catastrófico"),AND(AF26="Muy Alta",AH26="Catastrófico")),"Extremo","")))),"")
N27: =IF(M27<=0,"",IF(M27<=2,"Muy Baja",IF(M27<=24,"Baja",IF(M27<=500,"Media",IF(M27<=5000,"Alta","Muy Alta"))))) | O27: =IF(N27="","",IF(N27="Muy Baja",0.2,IF(N27="Baja",0.4,IF(N27="Media",0.6,IF(N27="Alta",0.8,IF(N27="Muy Alta",1,)))))) | Q27: =IF(NOT(ISERROR(MATCH(P27,'Tabla Impacto'!$B$221:$B$223,0))),'Tabla Impacto'!$F$223&"Por favor no seleccionar los criterios de impacto(Afectación Económica o presupuestal y Pérdida Reputacional)",P27) -> 0 | R27: =IF(OR(Q27='Tabla Impacto'!$C$11,Q27='Tabla Impacto'!$D$11),"Leve",IF(OR(Q27='Tabla Impacto'!$C$12,Q27='Tabla Impacto'!$D$12),"Menor",IF(OR(Q27='Tabla Impacto'!$C$13,Q27='Tabla Impacto'!$D$13),"Moderado",IF(OR(Q27='Tabla Impacto'!$C$14,Q27='Tabla Impacto'!$D$14),"Mayor",IF(OR(Q27='Tabla Impacto'!$C$15,Q27='Tabla Impacto'!$D$15),"Catastrófico",""))))) | S27: =IF(R27="","",IF(R27="Leve",0.2,IF(R27="Menor",0.4,IF(R27="Moderado",0.6,IF(R27="Mayor",0.8,IF(R27="Catastrófico",1,)))))) | T27: =IF(OR(AND(N27="Muy Baja",R27="Leve"),AND(N27="Muy Baja",R27="Menor"),AND(N27="Baja",R27="Leve")),"Bajo",IF(OR(AND(N27="Muy baja",R27="Moderado"),AND(N27="Baja",R27="Menor"),AND(N27="Baja",R27="Moderado"),AND(N27="Media",R27="Leve"),AND(N27="Media",R27="Menor"),AND(N27="Media",R27="Moderado"),AND(N27="Alta",R27="Leve"),AND(N27="Alta",R27="Menor")),"Moderado",IF(OR(AND(N27="Muy Baja",R27="Mayor"),AND(N27="Baja",R27="Mayor"),AND(N27="Media",R27="Mayor"),AND(N27="Alta",R27="Moderado"),AND(N27="Alta",R27="Mayor"),AND(N27="Muy Alta",R27="Leve"),AND(N27="Muy Alta",R27="Menor"),AND(N27="Muy Alta",R27="Moderado"),AND(N27="Muy Alta",R27="Mayor")),"Alto",IF(OR(AND(N27="Muy Baja",R27="Catastrófico"),AND(N27="Baja",R27="Catastrófico"),AND(N27="Media",R27="Catastrófico"),AND(N27="Alta",R27="Catastrófico"),AND(N27="Muy Alta",R27="Catastrófico")),"Extremo","")))) | U27: 19 | X27: =IF(OR(Y27="Preventivo",Y27="Detectivo"),"Probabilidad",IF(Y27="Correctivo","Impacto","")) | AA27: =IF(AND(Y27="Preventivo",Z27="Automático"),"50%",IF(AND(Y27="Preventivo",Z27="Manual"),"40%",IF(AND(Y27="Detectivo",Z27="Automático"),"40%",IF(AND(Y27="Detectivo",Z27="Manual"),"30%",IF(AND(Y27="Correctivo",Z27="Automático"),"35%",IF(AND(Y27="Correctivo",Z27="Manual"),"25%","")))))) | AE27: =IFERROR(IF(X27="Probabilidad",(O27-(+O27*AA27)),IF(X27="Impacto",O27,"")),"") | AF27: =IFERROR(IF(AE27="","",IF(AE27<=0.2,"Muy Baja",IF(AE27<=0.4,"Baja",IF(AE27<=0.6,"Media",IF(AE27<=0.8,"Alta","Muy Alta"))))),"") | AG27: =+AE27 | AH27: =IFERROR(IF(AI27="","",IF(AI27<=0.2,"Leve",IF(AI27<=0.4,"Menor",IF(AI27<=0.6,"Moderado",IF(AI27<=0.8,"Mayor","Catastrófico"))))),"") | AI27: =IFERROR(IF(X27="Impacto",(S27-(+S27*AA27)),IF(X27="Probabilidad",S27,"")),"") | AJ27: =IFERROR(IF(OR(AND(AF27="Muy Baja",AH27="Leve"),AND(AF27="Muy Baja",AH27="Menor"),AND(AF27="Baja",AH27="Leve")),"Bajo",IF(OR(AND(AF27="Muy baja",AH27="Moderado"),AND(AF27="Baja",AH27="Menor"),AND(AF27="Baja",AH27="Moderado"),AND(AF27="Media",AH27="Leve"),AND(AF27="Media",AH27="Menor"),AND(AF27="Media",AH27="Moderado"),AND(AF27="Alta",AH27="Leve"),AND(AF27="Alta",AH27="Menor")),"Moderado",IF(OR(AND(AF27="Muy Baja",AH27="Mayor"),AND(AF27="Baja",AH27="Mayor"),AND(AF27="Media",AH27="Mayor"),AND(AF27="Alta",AH27="Moderado"),AND(AF27="Alta",AH27="Mayor"),AND(AF27="Muy Alta",AH27="Leve"),AND(AF27="Muy Alta",AH27="Menor"),AND(AF27="Muy Alta",AH27="Moderado"),AND(AF27="Muy Alta",AH27="Mayor")),"Alto",IF(OR(AND(AF27="Muy Baja",AH27="Catastrófico"),AND(AF27="Baja",AH27="Catastrófico"),AND(AF27="Media",AH27="Catastrófico"),AND(AF27="Alta",AH27="Catastrófico"),AND(AF27="Muy Alta",AH27="Catastrófico")),"Extremo","")))),"")
Q28: =IF(NOT(ISERROR(MATCH(P28,_xlfn.ANCHORARRAY(E39),0))),O41&"Por favor no seleccionar los criterios de impacto",P28) -> 0 | U28: 20 | X28: =IF(OR(Y28="Preventivo",Y28="Detectivo"),"Probabilidad",IF(Y28="Correctivo","Impacto","")) | AA28: =IF(AND(Y28="Preventivo",Z28="Automático"),"50%",IF(AND(Y28="Preventivo",Z28="Manual"),"40%",IF(AND(Y28="Detectivo",Z28="Automático"),"40%",IF(AND(Y28="Detectivo",Z28="Manual"),"30%",IF(AND(Y28="Correctivo",Z28="Automático"),"35%",IF(AND(Y28="Correctivo",Z28="Manual"),"25%","")))))) | AE28: =IFERROR(IF(AND(X27="Probabilidad",X28="Probabilidad"),(AG27-(+AG27*AA28)),IF(X28="Probabilidad",(O27-(+O27*AA28)),IF(X28="Impacto",AG27,""))),"") | AF28: =IFERROR(IF(AE28="","",IF(AE28<=0.2,"Muy Baja",IF(AE28<=0.4,"Baja",IF(AE28<=0.6,"Media",IF(AE28<=0.8,"Alta","Muy Alta"))))),"") | AG28: =+AE28 | AH28: =IFERROR(IF(AI28="","",IF(AI28<=0.2,"Leve",IF(AI28<=0.4,"Menor",IF(AI28<=0.6,"Moderado",IF(AI28<=0.8,"Mayor","Catastrófico"))))),"") | AI28: =IFERROR(IF(AND(X27="Impacto",X28="Impacto"),(AI27-(+AI27*AA28)),IF(X28="Impacto",(S27-(+S27*AA28)),IF(X28="Probabilidad",AI27,""))),"") | AJ28: =IFERROR(IF(OR(AND(AF28="Muy Baja",AH28="Leve"),AND(AF28="Muy Baja",AH28="Menor"),AND(AF28="Baja",AH28="Leve")),"Bajo",IF(OR(AND(AF28="Muy baja",AH28="Moderado"),AND(AF28="Baja",AH28="Menor"),AND(AF28="Baja",AH28="Moderado"),AND(AF28="Media",AH28="Leve"),AND(AF28="Media",AH28="Menor"),AND(AF28="Media",AH28="Moderado"),AND(AF28="Alta",AH28="Leve"),AND(AF28="Alta",AH28="Menor")),"Moderado",IF(OR(AND(AF28="Muy Baja",AH28="Mayor"),AND(AF28="Baja",AH28="Mayor"),AND(AF28="Media",AH28="Mayor"),AND(AF28="Alta",AH28="Moderado"),AND(AF28="Alta",AH28="Mayor"),AND(AF28="Muy Alta",AH28="Leve"),AND(AF28="Muy Alta",AH28="Menor"),AND(AF28="Muy Alta",AH28="Moderado"),AND(AF28="Muy Alta",AH28="Mayor")),"Alto",IF(OR(AND(AF28="Muy Baja",AH28="Catastrófico"),AND(AF28="Baja",AH28="Catastrófico"),AND(AF28="Media",AH28="Catastrófico"),AND(AF28="Alta",AH28="Catastrófico"),AND(AF28="Muy Alta",AH28="Catastrófico")),"Extremo","")))),"")
Q29: =IF(NOT(ISERROR(MATCH(P29,_xlfn.ANCHORARRAY(E40),0))),O42&"Por favor no seleccionar los criterios de impacto",P29) -> 0 | U29: 21 | X29: =IF(OR(Y29="Preventivo",Y29="Detectivo"),"Probabilidad",IF(Y29="Correctivo","Impacto","")) | AA29: =IF(AND(Y29="Preventivo",Z29="Automático"),"50%",IF(AND(Y29="Preventivo",Z29="Manual"),"40%",IF(AND(Y29="Detectivo",Z29="Automático"),"40%",IF(AND(Y29="Detectivo",Z29="Manual"),"30%",IF(AND(Y29="Correctivo",Z29="Automático"),"35%",IF(AND(Y29="Correctivo",Z29="Manual"),"25%","")))))) | AE29: =IFERROR(IF(AND(X28="Probabilidad",X29="Probabilidad"),(AG28-(+AG28*AA29)),IF(AND(X28="Impacto",X29="Probabilidad"),(AG27-(+AG27*AA29)),IF(X29="Impacto",AG28,""))),"") | AF29: =IFERROR(IF(AE29="","",IF(AE29<=0.2,"Muy Baja",IF(AE29<=0.4,"Baja",IF(AE29<=0.6,"Media",IF(AE29<=0.8,"Alta","Muy Alta"))))),"") | AG29: =+AE29 | AH29: =IFERROR(IF(AI29="","",IF(AI29<=0.2,"Leve",IF(AI29<=0.4,"Menor",IF(AI29<=0.6,"Moderado",IF(AI29<=0.8,"Mayor","Catastrófico"))))),"") | AI29: =IFERROR(IF(AND(X28="Impacto",X29="Impacto"),(AI28-(+AI28*AA29)),IF(AND(X28="Probabilidad",X29="Impacto"),(AI27-(+AI27*AA29)),IF(X29="Probabilidad",AI28,""))),"") | AJ29: =IFERROR(IF(OR(AND(AF29="Muy Baja",AH29="Leve"),AND(AF29="Muy Baja",AH29="Menor"),AND(AF29="Baja",AH29="Leve")),"Bajo",IF(OR(AND(AF29="Muy baja",AH29="Moderado"),AND(AF29="Baja",AH29="Menor"),AND(AF29="Baja",AH29="Moderado"),AND(AF29="Media",AH29="Leve"),AND(AF29="Media",AH29="Menor"),AND(AF29="Media",AH29="Moderado"),AND(AF29="Alta",AH29="Leve"),AND(AF29="Alta",AH29="Menor")),"Moderado",IF(OR(AND(AF29="Muy Baja",AH29="Mayor"),AND(AF29="Baja",AH29="Mayor"),AND(AF29="Media",AH29="Mayor"),AND(AF29="Alta",AH29="Moderado"),AND(AF29="Alta",AH29="Mayor"),AND(AF29="Muy Alta",AH29="Leve"),AND(AF29="Muy Alta",AH29="Menor"),AND(AF29="Muy Alta",AH29="Moderado"),AND(AF29="Muy Alta",AH29="Mayor")),"Alto",IF(OR(AND(AF29="Muy Baja",AH29="Catastrófico"),AND(AF29="Baja",AH29="Catastrófico"),AND(AF29="Media",AH29="Catastrófico"),AND(AF29="Alta",AH29="Catastrófico"),AND(AF29="Muy Alta",AH29="Catastrófico")),"Extremo","")))),"")
Q30: =IF(NOT(ISERROR(MATCH(P30,_xlfn.ANCHORARRAY(E41),0))),O43&"Por favor no seleccionar los criterios de impacto",P30) -> 0 | U30: 22 | X30: =IF(OR(Y30="Preventivo",Y30="Detectivo"),"Probabilidad",IF(Y30="Correctivo","Impacto","")) | AA30: =IF(AND(Y30="Preventivo",Z30="Automático"),"50%",IF(AND(Y30="Preventivo",Z30="Manual"),"40%",IF(AND(Y30="Detectivo",Z30="Automático"),"40%",IF(AND(Y30="Detectivo",Z30="Manual"),"30%",IF(AND(Y30="Correctivo",Z30="Automático"),"35%",IF(AND(Y30="Correctivo",Z30="Manual"),"25%","")))))) | AE30: =IFERROR(IF(AND(X29="Probabilidad",X30="Probabilidad"),(AG29-(+AG29*AA30)),IF(AND(X29="Impacto",X30="Probabilidad"),(AG28-(+AG28*AA30)),IF(X30="Impacto",AG29,""))),"") | AF30: =IFERROR(IF(AE30="","",IF(AE30<=0.2,"Muy Baja",IF(AE30<=0.4,"Baja",IF(AE30<=0.6,"Media",IF(AE30<=0.8,"Alta","Muy Alta"))))),"") | AG30: =+AE30 | AH30: =IFERROR(IF(AI30="","",IF(AI30<=0.2,"Leve",IF(AI30<=0.4,"Menor",IF(AI30<=0.6,"Moderado",IF(AI30<=0.8,"Mayor","Catastrófico"))))),"") | AI30: =IFERROR(IF(AND(X29="Impacto",X30="Impacto"),(AI29-(+AI29*AA30)),IF(AND(X29="Probabilidad",X30="Impacto"),(AI28-(+AI28*AA30)),IF(X30="Probabilidad",AI29,""))),"") | AJ30: =IFERROR(IF(OR(AND(AF30="Muy Baja",AH30="Leve"),AND(AF30="Muy Baja",AH30="Menor"),AND(AF30="Baja",AH30="Leve")),"Bajo",IF(OR(AND(AF30="Muy baja",AH30="Moderado"),AND(AF30="Baja",AH30="Menor"),AND(AF30="Baja",AH30="Moderado"),AND(AF30="Media",AH30="Leve"),AND(AF30="Media",AH30="Menor"),AND(AF30="Media",AH30="Moderado"),AND(AF30="Alta",AH30="Leve"),AND(AF30="Alta",AH30="Menor")),"Moderado",IF(OR(AND(AF30="Muy Baja",AH30="Mayor"),AND(AF30="Baja",AH30="Mayor"),AND(AF30="Media",AH30="Mayor"),AND(AF30="Alta",AH30="Moderado"),AND(AF30="Alta",AH30="Mayor"),AND(AF30="Muy Alta",AH30="Leve"),AND(AF30="Muy Alta",AH30="Menor"),AND(AF30="Muy Alta",AH30="Moderado"),AND(AF30="Muy Alta",AH30="Mayor")),"Alto",IF(OR(AND(AF30="Muy Baja",AH30="Catastrófico"),AND(AF30="Baja",AH30="Catastrófico"),AND(AF30="Media",AH30="Catastrófico"),AND(AF30="Alta",AH30="Catastrófico"),AND(AF30="Muy Alta",AH30="Catastrófico")),"Extremo","")))),"")
Q31: =IF(NOT(ISERROR(MATCH(P31,_xlfn.ANCHORARRAY(E42),0))),O44&"Por favor no seleccionar los criterios de impacto",P31) -> 0 | U31: 23 | X31: =IF(OR(Y31="Preventivo",Y31="Detectivo"),"Probabilidad",IF(Y31="Correctivo","Impacto","")) | AA31: =IF(AND(Y31="Preventivo",Z31="Automático"),"50%",IF(AND(Y31="Preventivo",Z31="Manual"),"40%",IF(AND(Y31="Detectivo",Z31="Automático"),"40%",IF(AND(Y31="Detectivo",Z31="Manual"),"30%",IF(AND(Y31="Correctivo",Z31="Automático"),"35%",IF(AND(Y31="Correctivo",Z31="Manual"),"25%","")))))) | AE31: =IFERROR(IF(AND(X30="Probabilidad",X31="Probabilidad"),(AG30-(+AG30*AA31)),IF(AND(X30="Impacto",X31="Probabilidad"),(AG29-(+AG29*AA31)),IF(X31="Impacto",AG30,""))),"") | AF31: =IFERROR(IF(AE31="","",IF(AE31<=0.2,"Muy Baja",IF(AE31<=0.4,"Baja",IF(AE31<=0.6,"Media",IF(AE31<=0.8,"Alta","Muy Alta"))))),"") | AG31: =+AE31 | AH31: =IFERROR(IF(AI31="","",IF(AI31<=0.2,"Leve",IF(AI31<=0.4,"Menor",IF(AI31<=0.6,"Moderado",IF(AI31<=0.8,"Mayor","Catastrófico"))))),"") | AI31: =IFERROR(IF(AND(X30="Impacto",X31="Impacto"),(AI30-(+AI30*AA31)),IF(AND(X30="Probabilidad",X31="Impacto"),(AI29-(+AI29*AA31)),IF(X31="Probabilidad",AI30,""))),"") | AJ31: =IFERROR(IF(OR(AND(AF31="Muy Baja",AH31="Leve"),AND(AF31="Muy Baja",AH31="Menor"),AND(AF31="Baja",AH31="Leve")),"Bajo",IF(OR(AND(AF31="Muy baja",AH31="Moderado"),AND(AF31="Baja",AH31="Menor"),AND(AF31="Baja",AH31="Moderado"),AND(AF31="Media",AH31="Leve"),AND(AF31="Media",AH31="Menor"),AND(AF31="Media",AH31="Moderado"),AND(AF31="Alta",AH31="Leve"),AND(AF31="Alta",AH31="Menor")),"Moderado",IF(OR(AND(AF31="Muy Baja",AH31="Mayor"),AND(AF31="Baja",AH31="Mayor"),AND(AF31="Media",AH31="Mayor"),AND(AF31="Alta",AH31="Moderado"),AND(AF31="Alta",AH31="Mayor"),AND(AF31="Muy Alta",AH31="Leve"),AND(AF31="Muy Alta",AH31="Menor"),AND(AF31="Muy Alta",AH31="Moderado"),AND(AF31="Muy Alta",AH31="Mayor")),"Alto",IF(OR(AND(AF31="Muy Baja",AH31="Catastrófico"),AND(AF31="Baja",AH31="Catastrófico"),AND(AF31="Media",AH31="Catastrófico"),AND(AF31="Alta",AH31="Catastrófico"),AND(AF31="Muy Alta",AH31="Catastrófico")),"Extremo","")))),"")
Q32: =IF(NOT(ISERROR(MATCH(P32,_xlfn.ANCHORARRAY(E43),0))),O45&"Por favor no seleccionar los criterios de impacto",P32) -> 0 | U32: 24 | X32: =IF(OR(Y32="Preventivo",Y32="Detectivo"),"Probabilidad",IF(Y32="Correctivo","Impacto","")) | AA32: =IF(AND(Y32="Preventivo",Z32="Automático"),"50%",IF(AND(Y32="Preventivo",Z32="Manual"),"40%",IF(AND(Y32="Detectivo",Z32="Automático"),"40%",IF(AND(Y32="Detectivo",Z32="Manual"),"30%",IF(AND(Y32="Correctivo",Z32="Automático"),"35%",IF(AND(Y32="Correctivo",Z32="Manual"),"25%","")))))) | AE32: =IFERROR(IF(AND(X31="Probabilidad",X32="Probabilidad"),(AG31-(+AG31*AA32)),IF(AND(X31="Impacto",X32="Probabilidad"),(AG30-(+AG30*AA32)),IF(X32="Impacto",AG31,""))),"") | AF32: =IFERROR(IF(AE32="","",IF(AE32<=0.2,"Muy Baja",IF(AE32<=0.4,"Baja",IF(AE32<=0.6,"Media",IF(AE32<=0.8,"Alta","Muy Alta"))))),"") | AG32: =+AE32 | AH32: =IFERROR(IF(AI32="","",IF(AI32<=0.2,"Leve",IF(AI32<=0.4,"Menor",IF(AI32<=0.6,"Moderado",IF(AI32<=0.8,"Mayor","Catastrófico"))))),"") | AI32: =IFERROR(IF(AND(X31="Impacto",X32="Impacto"),(AI31-(+AI31*AA32)),IF(AND(X31="Probabilidad",X32="Impacto"),(AI30-(+AI30*AA32)),IF(X32="Probabilidad",AI31,""))),"") | AJ32: =IFERROR(IF(OR(AND(AF32="Muy Baja",AH32="Leve"),AND(AF32="Muy Baja",AH32="Menor"),AND(AF32="Baja",AH32="Leve")),"Bajo",IF(OR(AND(AF32="Muy baja",AH32="Moderado"),AND(AF32="Baja",AH32="Menor"),AND(AF32="Baja",AH32="Moderado"),AND(AF32="Media",AH32="Leve"),AND(AF32="Media",AH32="Menor"),AND(AF32="Media",AH32="Moderado"),AND(AF32="Alta",AH32="Leve"),AND(AF32="Alta",AH32="Menor")),"Moderado",IF(OR(AND(AF32="Muy Baja",AH32="Mayor"),AND(AF32="Baja",AH32="Mayor"),AND(AF32="Media",AH32="Mayor"),AND(AF32="Alta",AH32="Moderado"),AND(AF32="Alta",AH32="Mayor"),AND(AF32="Muy Alta",AH32="Leve"),AND(AF32="Muy Alta",AH32="Menor"),AND(AF32="Muy Alta",AH32="Moderado"),AND(AF32="Muy Alta",AH32="Mayor")),"Alto",IF(OR(AND(AF32="Muy Baja",AH32="Catastrófico"),AND(AF32="Baja",AH32="Catastrófico"),AND(AF32="Media",AH32="Catastrófico"),AND(AF32="Alta",AH32="Catastrófico"),AND(AF32="Muy Alta",AH32="Catastrófico")),"Extremo","")))),"")
N33: =IF(M33<=0,"",IF(M33<=2,"Muy Baja",IF(M33<=24,"Baja",IF(M33<=500,"Media",IF(M33<=5000,"Alta","Muy Alta"))))) | O33: =IF(N33="","",IF(N33="Muy Baja",0.2,IF(N33="Baja",0.4,IF(N33="Media",0.6,IF(N33="Alta",0.8,IF(N33="Muy Alta",1,)))))) | Q33: =IF(NOT(ISERROR(MATCH(P33,'Tabla Impacto'!$B$221:$B$223,0))),'Tabla Impacto'!$F$223&"Por favor no seleccionar los criterios de impacto(Afectación Económica o presupuestal y Pérdida Reputacional)",P33) -> 0 | R33: =IF(OR(Q33='Tabla Impacto'!$C$11,Q33='Tabla Impacto'!$D$11),"Leve",IF(OR(Q33='Tabla Impacto'!$C$12,Q33='Tabla Impacto'!$D$12),"Menor",IF(OR(Q33='Tabla Impacto'!$C$13,Q33='Tabla Impacto'!$D$13),"Moderado",IF(OR(Q33='Tabla Impacto'!$C$14,Q33='Tabla Impacto'!$D$14),"Mayor",IF(OR(Q33='Tabla Impacto'!$C$15,Q33='Tabla Impacto'!$D$15),"Catastrófico",""))))) | S33: =IF(R33="","",IF(R33="Leve",0.2,IF(R33="Menor",0.4,IF(R33="Moderado",0.6,IF(R33="Mayor",0.8,IF(R33="Catastrófico",1,)))))) | T33: =IF(OR(AND(N33="Muy Baja",R33="Leve"),AND(N33="Muy Baja",R33="Menor"),AND(N33="Baja",R33="Leve")),"Bajo",IF(OR(AND(N33="Muy baja",R33="Moderado"),AND(N33="Baja",R33="Menor"),AND(N33="Baja",R33="Moderado"),AND(N33="Media",R33="Leve"),AND(N33="Media",R33="Menor"),AND(N33="Media",R33="Moderado"),AND(N33="Alta",R33="Leve"),AND(N33="Alta",R33="Menor")),"Moderado",IF(OR(AND(N33="Muy Baja",R33="Mayor"),AND(N33="Baja",R33="Mayor"),AND(N33="Media",R33="Mayor"),AND(N33="Alta",R33="Moderado"),AND(N33="Alta",R33="Mayor"),AND(N33="Muy Alta",R33="Leve"),AND(N33="Muy Alta",R33="Menor"),AND(N33="Muy Alta",R33="Moderado"),AND(N33="Muy Alta",R33="Mayor")),"Alto",IF(OR(AND(N33="Muy Baja",R33="Catastrófico"),AND(N33="Baja",R33="Catastrófico"),AND(N33="Media",R33="Catastrófico"),AND(N33="Alta",R33="Catastrófico"),AND(N33="Muy Alta",R33="Catastrófico")),"Extremo","")))) | U33: 25 | X33: =IF(OR(Y33="Preventivo",Y33="Detectivo"),"Probabilidad",IF(Y33="Correctivo","Impacto","")) | AA33: =IF(AND(Y33="Preventivo",Z33="Automático"),"50%",IF(AND(Y33="Preventivo",Z33="Manual"),"40%",IF(AND(Y33="Detectivo",Z33="Automático"),"40%",IF(AND(Y33="Detectivo",Z33="Manual"),"30%",IF(AND(Y33="Correctivo",Z33="Automático"),"35%",IF(AND(Y33="Correctivo",Z33="Manual"),"25%","")))))) | AE33: =IFERROR(IF(X33="Probabilidad",(O33-(+O33*AA33)),IF(X33="Impacto",O33,"")),"") | AF33: =IFERROR(IF(AE33="","",IF(AE33<=0.2,"Muy Baja",IF(AE33<=0.4,"Baja",IF(AE33<=0.6,"Media",IF(AE33<=0.8,"Alta","Muy Alta"))))),"") | AG33: =+AE33 | AH33: =IFERROR(IF(AI33="","",IF(AI33<=0.2,"Leve",IF(AI33<=0.4,"Menor",IF(AI33<=0.6,"Moderado",IF(AI33<=0.8,"Mayor","Catastrófico"))))),"") | AI33: =IFERROR(IF(X33="Impacto",(S33-(+S33*AA33)),IF(X33="Probabilidad",S33,"")),"") | AJ33: =IFERROR(IF(OR(AND(AF33="Muy Baja",AH33="Leve"),AND(AF33="Muy Baja",AH33="Menor"),AND(AF33="Baja",AH33="Leve")),"Bajo",IF(OR(AND(AF33="Muy baja",AH33="Moderado"),AND(AF33="Baja",AH33="Menor"),AND(AF33="Baja",AH33="Moderado"),AND(AF33="Media",AH33="Leve"),AND(AF33="Media",AH33="Menor"),AND(AF33="Media",AH33="Moderado"),AND(AF33="Alta",AH33="Leve"),AND(AF33="Alta",AH33="Menor")),"Moderado",IF(OR(AND(AF33="Muy Baja",AH33="Mayor"),AND(AF33="Baja",AH33="Mayor"),AND(AF33="Media",AH33="Mayor"),AND(AF33="Alta",AH33="Moderado"),AND(AF33="Alta",AH33="Mayor"),AND(AF33="Muy Alta",AH33="Leve"),AND(AF33="Muy Alta",AH33="Menor"),AND(AF33="Muy Alta",AH33="Moderado"),AND(AF33="Muy Alta",AH33="Mayor")),"Alto",IF(OR(AND(AF33="Muy Baja",AH33="Catastrófico"),AND(AF33="Baja",AH33="Catastrófico"),AND(AF33="Media",AH33="Catastrófico"),AND(AF33="Alta",AH33="Catastrófico"),AND(AF33="Muy Alta",AH33="Catastrófico")),"Extremo","")))),"")
Q34: =IF(NOT(ISERROR(MATCH(P34,_xlfn.ANCHORARRAY(E45),0))),O47&"Por favor no seleccionar los criterios de impacto",P34) -> 0 | U34: 26 | X34: =IF(OR(Y34="Preventivo",Y34="Detectivo"),"Probabilidad",IF(Y34="Correctivo","Impacto","")) | AA34: =IF(AND(Y34="Preventivo",Z34="Automático"),"50%",IF(AND(Y34="Preventivo",Z34="Manual"),"40%",IF(AND(Y34="Detectivo",Z34="Automático"),"40%",IF(AND(Y34="Detectivo",Z34="Manual"),"30%",IF(AND(Y34="Correctivo",Z34="Automático"),"35%",IF(AND(Y34="Correctivo",Z34="Manual"),"25%","")))))) | AE34: =IFERROR(IF(AND(X33="Probabilidad",X34="Probabilidad"),(AG33-(+AG33*AA34)),IF(X34="Probabilidad",(O33-(+O33*AA34)),IF(X34="Impacto",AG33,""))),"") | AF34: =IFERROR(IF(AE34="","",IF(AE34<=0.2,"Muy Baja",IF(AE34<=0.4,"Baja",IF(AE34<=0.6,"Media",IF(AE34<=0.8,"Alta","Muy Alta"))))),"") | AG34: =+AE34 | AH34: =IFERROR(IF(AI34="","",IF(AI34<=0.2,"Leve",IF(AI34<=0.4,"Menor",IF(AI34<=0.6,"Moderado",IF(AI34<=0.8,"Mayor","Catastrófico"))))),"") | AI34: =IFERROR(IF(AND(X33="Impacto",X34="Impacto"),(AI33-(+AI33*AA34)),IF(X34="Impacto",(S33-(+S33*AA34)),IF(X34="Probabilidad",AI33,""))),"") | AJ34: =IFERROR(IF(OR(AND(AF34="Muy Baja",AH34="Leve"),AND(AF34="Muy Baja",AH34="Menor"),AND(AF34="Baja",AH34="Leve")),"Bajo",IF(OR(AND(AF34="Muy baja",AH34="Moderado"),AND(AF34="Baja",AH34="Menor"),AND(AF34="Baja",AH34="Moderado"),AND(AF34="Media",AH34="Leve"),AND(AF34="Media",AH34="Menor"),AND(AF34="Media",AH34="Moderado"),AND(AF34="Alta",AH34="Leve"),AND(AF34="Alta",AH34="Menor")),"Moderado",IF(OR(AND(AF34="Muy Baja",AH34="Mayor"),AND(AF34="Baja",AH34="Mayor"),AND(AF34="Media",AH34="Mayor"),AND(AF34="Alta",AH34="Moderado"),AND(AF34="Alta",AH34="Mayor"),AND(AF34="Muy Alta",AH34="Leve"),AND(AF34="Muy Alta",AH34="Menor"),AND(AF34="Muy Alta",AH34="Moderado"),AND(AF34="Muy Alta",AH34="Mayor")),"Alto",IF(OR(AND(AF34="Muy Baja",AH34="Catastrófico"),AND(AF34="Baja",AH34="Catastrófico"),AND(AF34="Media",AH34="Catastrófico"),AND(AF34="Alta",AH34="Catastrófico"),AND(AF34="Muy Alta",AH34="Catastrófico")),"Extremo","")))),"")
Q35: =IF(NOT(ISERROR(MATCH(P35,_xlfn.ANCHORARRAY(E46),0))),O48&"Por favor no seleccionar los criterios de impacto",P35) -> 0 | U35: 27 | X35: =IF(OR(Y35="Preventivo",Y35="Detectivo"),"Probabilidad",IF(Y35="Correctivo","Impacto","")) | AA35: =IF(AND(Y35="Preventivo",Z35="Automático"),"50%",IF(AND(Y35="Preventivo",Z35="Manual"),"40%",IF(AND(Y35="Detectivo",Z35="Automático"),"40%",IF(AND(Y35="Detectivo",Z35="Manual"),"30%",IF(AND(Y35="Correctivo",Z35="Automático"),"35%",IF(AND(Y35="Correctivo",Z35="Manual"),"25%","")))))) | AE35: =IFERROR(IF(AND(X34="Probabilidad",X35="Probabilidad"),(AG34-(+AG34*AA35)),IF(AND(X34="Impacto",X35="Probabilidad"),(AG33-(+AG33*AA35)),IF(X35="Impacto",AG34,""))),"") | AF35: =IFERROR(IF(AE35="","",IF(AE35<=0.2,"Muy Baja",IF(AE35<=0.4,"Baja",IF(AE35<=0.6,"Media",IF(AE35<=0.8,"Alta","Muy Alta"))))),"") | AG35: =+AE35 | AH35: =IFERROR(IF(AI35="","",IF(AI35<=0.2,"Leve",IF(AI35<=0.4,"Menor",IF(AI35<=0.6,"Moderado",IF(AI35<=0.8,"Mayor","Catastrófico"))))),"") | AI35: =IFERROR(IF(AND(X34="Impacto",X35="Impacto"),(AI34-(+AI34*AA35)),IF(AND(X34="Probabilidad",X35="Impacto"),(AI33-(+AI33*AA35)),IF(X35="Probabilidad",AI34,""))),"") | AJ35: =IFERROR(IF(OR(AND(AF35="Muy Baja",AH35="Leve"),AND(AF35="Muy Baja",AH35="Menor"),AND(AF35="Baja",AH35="Leve")),"Bajo",IF(OR(AND(AF35="Muy baja",AH35="Moderado"),AND(AF35="Baja",AH35="Menor"),AND(AF35="Baja",AH35="Moderado"),AND(AF35="Media",AH35="Leve"),AND(AF35="Media",AH35="Menor"),AND(AF35="Media",AH35="Moderado"),AND(AF35="Alta",AH35="Leve"),AND(AF35="Alta",AH35="Menor")),"Moderado",IF(OR(AND(AF35="Muy Baja",AH35="Mayor"),AND(AF35="Baja",AH35="Mayor"),AND(AF35="Media",AH35="Mayor"),AND(AF35="Alta",AH35="Moderado"),AND(AF35="Alta",AH35="Mayor"),AND(AF35="Muy Alta",AH35="Leve"),AND(AF35="Muy Alta",AH35="Menor"),AND(AF35="Muy Alta",AH35="Moderado"),AND(AF35="Muy Alta",AH35="Mayor")),"Alto",IF(OR(AND(AF35="Muy Baja",AH35="Catastrófico"),AND(AF35="Baja",AH35="Catastrófico"),AND(AF35="Media",AH35="Catastrófico"),AND(AF35="Alta",AH35="Catastrófico"),AND(AF35="Muy Alta",AH35="Catastrófico")),"Extremo","")))),"")
Q36: =IF(NOT(ISERROR(MATCH(P36,_xlfn.ANCHORARRAY(E47),0))),O49&"Por favor no seleccionar los criterios de impacto",P36) -> 0 | U36: 28 | X36: =IF(OR(Y36="Preventivo",Y36="Detectivo"),"Probabilidad",IF(Y36="Correctivo","Impacto","")) | AA36: =IF(AND(Y36="Preventivo",Z36="Automático"),"50%",IF(AND(Y36="Preventivo",Z36="Manual"),"40%",IF(AND(Y36="Detectivo",Z36="Automático"),"40%",IF(AND(Y36="Detectivo",Z36="Manual"),"30%",IF(AND(Y36="Correctivo",Z36="Automático"),"35%",IF(AND(Y36="Correctivo",Z36="Manual"),"25%","")))))) | AE36: =IFERROR(IF(AND(X35="Probabilidad",X36="Probabilidad"),(AG35-(+AG35*AA36)),IF(AND(X35="Impacto",X36="Probabilidad"),(AG34-(+AG34*AA36)),IF(X36="Impacto",AG35,""))),"") | AF36: =IFERROR(IF(AE36="","",IF(AE36<=0.2,"Muy Baja",IF(AE36<=0.4,"Baja",IF(AE36<=0.6,"Media",IF(AE36<=0.8,"Alta","Muy Alta"))))),"") | AG36: =+AE36 | AH36: =IFERROR(IF(AI36="","",IF(AI36<=0.2,"Leve",IF(AI36<=0.4,"Menor",IF(AI36<=0.6,"Moderado",IF(AI36<=0.8,"Mayor","Catastrófico"))))),"") | AI36: =IFERROR(IF(AND(X35="Impacto",X36="Impacto"),(AI35-(+AI35*AA36)),IF(AND(X35="Probabilidad",X36="Impacto"),(AI34-(+AI34*AA36)),IF(X36="Probabilidad",AI35,""))),"") | AJ36: =IFERROR(IF(OR(AND(AF36="Muy Baja",AH36="Leve"),AND(AF36="Muy Baja",AH36="Menor"),AND(AF36="Baja",AH36="Leve")),"Bajo",IF(OR(AND(AF36="Muy baja",AH36="Moderado"),AND(AF36="Baja",AH36="Menor"),AND(AF36="Baja",AH36="Moderado"),AND(AF36="Media",AH36="Leve"),AND(AF36="Media",AH36="Menor"),AND(AF36="Media",AH36="Moderado"),AND(AF36="Alta",AH36="Leve"),AND(AF36="Alta",AH36="Menor")),"Moderado",IF(OR(AND(AF36="Muy Baja",AH36="Mayor"),AND(AF36="Baja",AH36="Mayor"),AND(AF36="Media",AH36="Mayor"),AND(AF36="Alta",AH36="Moderado"),AND(AF36="Alta",AH36="Mayor"),AND(AF36="Muy Alta",AH36="Leve"),AND(AF36="Muy Alta",AH36="Menor"),AND(AF36="Muy Alta",AH36="Moderado"),AND(AF36="Muy Alta",AH36="Mayor")),"Alto",IF(OR(AND(AF36="Muy Baja",AH36="Catastrófico"),AND(AF36="Baja",AH36="Catastrófico"),AND(AF36="Media",AH36="Catastrófico"),AND(AF36="Alta",AH36="Catastrófico"),AND(AF36="Muy Alta",AH36="Catastrófico")),"Extremo","")))),"")
Q37: =IF(NOT(ISERROR(MATCH(P37,_xlfn.ANCHORARRAY(E48),0))),O50&"Por favor no seleccionar los criterios de impacto",P37) -> 0 | U37: 29 | X37: =IF(OR(Y37="Preventivo",Y37="Detectivo"),"Probabilidad",IF(Y37="Correctivo","Impacto","")) | AA37: =IF(AND(Y37="Preventivo",Z37="Automático"),"50%",IF(AND(Y37="Preventivo",Z37="Manual"),"40%",IF(AND(Y37="Detectivo",Z37="Automático"),"40%",IF(AND(Y37="Detectivo",Z37="Manual"),"30%",IF(AND(Y37="Correctivo",Z37="Automático"),"35%",IF(AND(Y37="Correctivo",Z37="Manual"),"25%","")))))) | AE37: =IFERROR(IF(AND(X36="Probabilidad",X37="Probabilidad"),(AG36-(+AG36*AA37)),IF(AND(X36="Impacto",X37="Probabilidad"),(AG35-(+AG35*AA37)),IF(X37="Impacto",AG36,""))),"") | AF37: =IFERROR(IF(AE37="","",IF(AE37<=0.2,"Muy Baja",IF(AE37<=0.4,"Baja",IF(AE37<=0.6,"Media",IF(AE37<=0.8,"Alta","Muy Alta"))))),"") | AG37: =+AE37 | AH37: =IFERROR(IF(AI37="","",IF(AI37<=0.2,"Leve",IF(AI37<=0.4,"Menor",IF(AI37<=0.6,"Moderado",IF(AI37<=0.8,"Mayor","Catastrófico"))))),"") | AI37: =IFERROR(IF(AND(X36="Impacto",X37="Impacto"),(AI36-(+AI36*AA37)),IF(AND(X36="Probabilidad",X37="Impacto"),(AI35-(+AI35*AA37)),IF(X37="Probabilidad",AI36,""))),"") | AJ37: =IFERROR(IF(OR(AND(AF37="Muy Baja",AH37="Leve"),AND(AF37="Muy Baja",AH37="Menor"),AND(AF37="Baja",AH37="Leve")),"Bajo",IF(OR(AND(AF37="Muy baja",AH37="Moderado"),AND(AF37="Baja",AH37="Menor"),AND(AF37="Baja",AH37="Moderado"),AND(AF37="Media",AH37="Leve"),AND(AF37="Media",AH37="Menor"),AND(AF37="Media",AH37="Moderado"),AND(AF37="Alta",AH37="Leve"),AND(AF37="Alta",AH37="Menor")),"Moderado",IF(OR(AND(AF37="Muy Baja",AH37="Mayor"),AND(AF37="Baja",AH37="Mayor"),AND(AF37="Media",AH37="Mayor"),AND(AF37="Alta",AH37="Moderado"),AND(AF37="Alta",AH37="Mayor"),AND(AF37="Muy Alta",AH37="Leve"),AND(AF37="Muy Alta",AH37="Menor"),AND(AF37="Muy Alta",AH37="Moderado"),AND(AF37="Muy Alta",AH37="Mayor")),"Alto",IF(OR(AND(AF37="Muy Baja",AH37="Catastrófico"),AND(AF37="Baja",AH37="Catastrófico"),AND(AF37="Media",AH37="Catastrófico"),AND(AF37="Alta",AH37="Catastrófico"),AND(AF37="Muy Alta",AH37="Catastrófico")),"Extremo","")))),"")
Q38: =IF(NOT(ISERROR(MATCH(P38,_xlfn.ANCHORARRAY(E49),0))),O51&"Por favor no seleccionar los criterios de impacto",P38) -> 0 | U38: 30 | X38: =IF(OR(Y38="Preventivo",Y38="Detectivo"),"Probabilidad",IF(Y38="Correctivo","Impacto","")) | AA38: =IF(AND(Y38="Preventivo",Z38="Automático"),"50%",IF(AND(Y38="Preventivo",Z38="Manual"),"40%",IF(AND(Y38="Detectivo",Z38="Automático"),"40%",IF(AND(Y38="Detectivo",Z38="Manual"),"30%",IF(AND(Y38="Correctivo",Z38="Automático"),"35%",IF(AND(Y38="Correctivo",Z38="Manual"),"25%","")))))) | AE38: =IFERROR(IF(AND(X37="Probabilidad",X38="Probabilidad"),(AG37-(+AG37*AA38)),IF(AND(X37="Impacto",X38="Probabilidad"),(AG36-(+AG36*AA38)),IF(X38="Impacto",AG37,""))),"") | AF38: =IFERROR(IF(AE38="","",IF(AE38<=0.2,"Muy Baja",IF(AE38<=0.4,"Baja",IF(AE38<=0.6,"Media",IF(AE38<=0.8,"Alta","Muy Alta"))))),"") | AG38: =+AE38 | AH38: =IFERROR(IF(AI38="","",IF(AI38<=0.2,"Leve",IF(AI38<=0.4,"Menor",IF(AI38<=0.6,"Moderado",IF(AI38<=0.8,"Mayor","Catastrófico"))))),"") | AI38: =IFERROR(IF(AND(X37="Impacto",X38="Impacto"),(AI37-(+AI37*AA38)),IF(AND(X37="Probabilidad",X38="Impacto"),(AI36-(+AI36*AA38)),IF(X38="Probabilidad",AI37,""))),"") | AJ38: =IFERROR(IF(OR(AND(AF38="Muy Baja",AH38="Leve"),AND(AF38="Muy Baja",AH38="Menor"),AND(AF38="Baja",AH38="Leve")),"Bajo",IF(OR(AND(AF38="Muy baja",AH38="Moderado"),AND(AF38="Baja",AH38="Menor"),AND(AF38="Baja",AH38="Moderado"),AND(AF38="Media",AH38="Leve"),AND(AF38="Media",AH38="Menor"),AND(AF38="Media",AH38="Moderado"),AND(AF38="Alta",AH38="Leve"),AND(AF38="Alta",AH38="Menor")),"Moderado",IF(OR(AND(AF38="Muy Baja",AH38="Mayor"),AND(AF38="Baja",AH38="Mayor"),AND(AF38="Media",AH38="Mayor"),AND(AF38="Alta",AH38="Moderado"),AND(AF38="Alta",AH38="Mayor"),AND(AF38="Muy Alta",AH38="Leve"),AND(AF38="Muy Alta",AH38="Menor"),AND(AF38="Muy Alta",AH38="Moderado"),AND(AF38="Muy Alta",AH38="Mayor")),"Alto",IF(OR(AND(AF38="Muy Baja",AH38="Catastrófico"),AND(AF38="Baja",AH38="Catastrófico"),AND(AF38="Media",AH38="Catastrófico"),AND(AF38="Alta",AH38="Catastrófico"),AND(AF38="Muy Alta",AH38="Catastrófico")),"Extremo","")))),"")
N39: =IF(M39<=0,"",IF(M39<=2,"Muy Baja",IF(M39<=24,"Baja",IF(M39<=500,"Media",IF(M39<=5000,"Alta","Muy Alta"))))) | O39: =IF(N39="","",IF(N39="Muy Baja",0.2,IF(N39="Baja",0.4,IF(N39="Media",0.6,IF(N39="Alta",0.8,IF(N39="Muy Alta",1,)))))) | Q39: =IF(NOT(ISERROR(MATCH(P39,'Tabla Impacto'!$B$221:$B$223,0))),'Tabla Impacto'!$F$223&"Por favor no seleccionar los criterios de impacto(Afectación Económica o presupuestal y Pérdida Reputacional)",P39) -> 0 | R39: =IF(OR(Q39='Tabla Impacto'!$C$11,Q39='Tabla Impacto'!$D$11),"Leve",IF(OR(Q39='Tabla Impacto'!$C$12,Q39='Tabla Impacto'!$D$12),"Menor",IF(OR(Q39='Tabla Impacto'!$C$13,Q39='Tabla Impacto'!$D$13),"Moderado",IF(OR(Q39='Tabla Impacto'!$C$14,Q39='Tabla Impacto'!$D$14),"Mayor",IF(OR(Q39='Tabla Impacto'!$C$15,Q39='Tabla Impacto'!$D$15),"Catastrófico",""))))) | S39: =IF(R39="","",IF(R39="Leve",0.2,IF(R39="Menor",0.4,IF(R39="Moderado",0.6,IF(R39="Mayor",0.8,IF(R39="Catastrófico",1,)))))) | T39: =IF(OR(AND(N39="Muy Baja",R39="Leve"),AND(N39="Muy Baja",R39="Menor"),AND(N39="Baja",R39="Leve")),"Bajo",IF(OR(AND(N39="Muy baja",R39="Moderado"),AND(N39="Baja",R39="Menor"),AND(N39="Baja",R39="Moderado"),AND(N39="Media",R39="Leve"),AND(N39="Media",R39="Menor"),AND(N39="Media",R39="Moderado"),AND(N39="Alta",R39="Leve"),AND(N39="Alta",R39="Menor")),"Moderado",IF(OR(AND(N39="Muy Baja",R39="Mayor"),AND(N39="Baja",R39="Mayor"),AND(N39="Media",R39="Mayor"),AND(N39="Alta",R39="Moderado"),AND(N39="Alta",R39="Mayor"),AND(N39="Muy Alta",R39="Leve"),AND(N39="Muy Alta",R39="Menor"),AND(N39="Muy Alta",R39="Moderado"),AND(N39="Muy Alta",R39="Mayor")),"Alto",IF(OR(AND(N39="Muy Baja",R39="Catastrófico"),AND(N39="Baja",R39="Catastrófico"),AND(N39="Media",R39="Catastrófico"),AND(N39="Alta",R39="Catastrófico"),AND(N39="Muy Alta",R39="Catastrófico")),"Extremo","")))) | U39: 31 | X39: =IF(OR(Y39="Preventivo",Y39="Detectivo"),"Probabilidad",IF(Y39="Correctivo","Impacto","")) | AA39: =IF(AND(Y39="Preventivo",Z39="Automático"),"50%",IF(AND(Y39="Preventivo",Z39="Manual"),"40%",IF(AND(Y39="Detectivo",Z39="Automático"),"40%",IF(AND(Y39="Detectivo",Z39="Manual"),"30%",IF(AND(Y39="Correctivo",Z39="Automático"),"35%",IF(AND(Y39="Correctivo",Z39="Manual"),"25%","")))))) | AE39: =IFERROR(IF(X39="Probabilidad",(O39-(+O39*AA39)),IF(X39="Impacto",O39,"")),"") | AF39: =IFERROR(IF(AE39="","",IF(AE39<=0.2,"Muy Baja",IF(AE39<=0.4,"Baja",IF(AE39<=0.6,"Media",IF(AE39<=0.8,"Alta","Muy Alta"))))),"") | AG39: =+AE39 | AH39: =IFERROR(IF(AI39="","",IF(AI39<=0.2,"Leve",IF(AI39<=0.4,"Menor",IF(AI39<=0.6,"Moderado",IF(AI39<=0.8,"Mayor","Catastrófico"))))),"") | AI39: =IFERROR(IF(X39="Impacto",(S39-(+S39*AA39)),IF(X39="Probabilidad",S39,"")),"") | AJ39: =IFERROR(IF(OR(AND(AF39="Muy Baja",AH39="Leve"),AND(AF39="Muy Baja",AH39="Menor"),AND(AF39="Baja",AH39="Leve")),"Bajo",IF(OR(AND(AF39="Muy baja",AH39="Moderado"),AND(AF39="Baja",AH39="Menor"),AND(AF39="Baja",AH39="Moderado"),AND(AF39="Media",AH39="Leve"),AND(AF39="Media",AH39="Menor"),AND(AF39="Media",AH39="Moderado"),AND(AF39="Alta",AH39="Leve"),AND(AF39="Alta",AH39="Menor")),"Moderado",IF(OR(AND(AF39="Muy Baja",AH39="Mayor"),AND(AF39="Baja",AH39="Mayor"),AND(AF39="Media",AH39="Mayor"),AND(AF39="Alta",AH39="Moderado"),AND(AF39="Alta",AH39="Mayor"),AND(AF39="Muy Alta",AH39="Leve"),AND(AF39="Muy Alta",AH39="Menor"),AND(AF39="Muy Alta",AH39="Moderado"),AND(AF39="Muy Alta",AH39="Mayor")),"Alto",IF(OR(AND(AF39="Muy Baja",AH39="Catastrófico"),AND(AF39="Baja",AH39="Catastrófico"),AND(AF39="Media",AH39="Catastrófico"),AND(AF39="Alta",AH39="Catastrófico"),AND(AF39="Muy Alta",AH39="Catastrófico")),"Extremo","")))),"")
Q40: =IF(NOT(ISERROR(MATCH(P40,_xlfn.ANCHORARRAY(E51),0))),O53&"Por favor no seleccionar los criterios de impacto",P40) -> 0 | U40: 32 | X40: =IF(OR(Y40="Preventivo",Y40="Detectivo"),"Probabilidad",IF(Y40="Correctivo","Impacto","")) | AA40: =IF(AND(Y40="Preventivo",Z40="Automático"),"50%",IF(AND(Y40="Preventivo",Z40="Manual"),"40%",IF(AND(Y40="Detectivo",Z40="Automático"),"40%",IF(AND(Y40="Detectivo",Z40="Manual"),"30%",IF(AND(Y40="Correctivo",Z40="Automático"),"35%",IF(AND(Y40="Correctivo",Z40="Manual"),"25%","")))))) | AE40: =IFERROR(IF(AND(X39="Probabilidad",X40="Probabilidad"),(AG39-(+AG39*AA40)),IF(X40="Probabilidad",(O39-(+O39*AA40)),IF(X40="Impacto",AG39,""))),"") | AF40: =IFERROR(IF(AE40="","",IF(AE40<=0.2,"Muy Baja",IF(AE40<=0.4,"Baja",IF(AE40<=0.6,"Media",IF(AE40<=0.8,"Alta","Muy Alta"))))),"") | AG40: =+AE40 | AH40: =IFERROR(IF(AI40="","",IF(AI40<=0.2,"Leve",IF(AI40<=0.4,"Menor",IF(AI40<=0.6,"Moderado",IF(AI40<=0.8,"Mayor","Catastrófico"))))),"") | AI40: =IFERROR(IF(AND(X39="Impacto",X40="Impacto"),(AI39-(+AI39*AA40)),IF(X40="Impacto",(S39-(+S39*AA40)),IF(X40="Probabilidad",AI39,""))),"") | AJ40: =IFERROR(IF(OR(AND(AF40="Muy Baja",AH40="Leve"),AND(AF40="Muy Baja",AH40="Menor"),AND(AF40="Baja",AH40="Leve")),"Bajo",IF(OR(AND(AF40="Muy baja",AH40="Moderado"),AND(AF40="Baja",AH40="Menor"),AND(AF40="Baja",AH40="Moderado"),AND(AF40="Media",AH40="Leve"),AND(AF40="Media",AH40="Menor"),AND(AF40="Media",AH40="Moderado"),AND(AF40="Alta",AH40="Leve"),AND(AF40="Alta",AH40="Menor")),"Moderado",IF(OR(AND(AF40="Muy Baja",AH40="Mayor"),AND(AF40="Baja",AH40="Mayor"),AND(AF40="Media",AH40="Mayor"),AND(AF40="Alta",AH40="Moderado"),AND(AF40="Alta",AH40="Mayor"),AND(AF40="Muy Alta",AH40="Leve"),AND(AF40="Muy Alta",AH40="Menor"),AND(AF40="Muy Alta",AH40="Moderado"),AND(AF40="Muy Alta",AH40="Mayor")),"Alto",IF(OR(AND(AF40="Muy Baja",AH40="Catastrófico"),AND(AF40="Baja",AH40="Catastrófico"),AND(AF40="Media",AH40="Catastrófico"),AND(AF40="Alta",AH40="Catastrófico"),AND(AF40="Muy Alta",AH40="Catastrófico")),"Extremo","")))),"")
Q41: =IF(NOT(ISERROR(MATCH(P41,_xlfn.ANCHORARRAY(E52),0))),O54&"Por favor no seleccionar los criterios de impacto",P41) -> 0 | U41: 33 | X41: =IF(OR(Y41="Preventivo",Y41="Detectivo"),"Probabilidad",IF(Y41="Correctivo","Impacto","")) | AA41: =IF(AND(Y41="Preventivo",Z41="Automático"),"50%",IF(AND(Y41="Preventivo",Z41="Manual"),"40%",IF(AND(Y41="Detectivo",Z41="Automático"),"40%",IF(AND(Y41="Detectivo",Z41="Manual"),"30%",IF(AND(Y41="Correctivo",Z41="Automático"),"35%",IF(AND(Y41="Correctivo",Z41="Manual"),"25%","")))))) | AE41: =IFERROR(IF(AND(X40="Probabilidad",X41="Probabilidad"),(AG40-(+AG40*AA41)),IF(AND(X40="Impacto",X41="Probabilidad"),(AG39-(+AG39*AA41)),IF(X41="Impacto",AG40,""))),"") | AF41: =IFERROR(IF(AE41="","",IF(AE41<=0.2,"Muy Baja",IF(AE41<=0.4,"Baja",IF(AE41<=0.6,"Media",IF(AE41<=0.8,"Alta","Muy Alta"))))),"") | AG41: =+AE41 | AH41: =IFERROR(IF(AI41="","",IF(AI41<=0.2,"Leve",IF(AI41<=0.4,"Menor",IF(AI41<=0.6,"Moderado",IF(AI41<=0.8,"Mayor","Catastrófico"))))),"") | AI41: =IFERROR(IF(AND(X40="Impacto",X41="Impacto"),(AI40-(+AI40*AA41)),IF(AND(X40="Probabilidad",X41="Impacto"),(AI39-(+AI39*AA41)),IF(X41="Probabilidad",AI40,""))),"") | AJ41: =IFERROR(IF(OR(AND(AF41="Muy Baja",AH41="Leve"),AND(AF41="Muy Baja",AH41="Menor"),AND(AF41="Baja",AH41="Leve")),"Bajo",IF(OR(AND(AF41="Muy baja",AH41="Moderado"),AND(AF41="Baja",AH41="Menor"),AND(AF41="Baja",AH41="Moderado"),AND(AF41="Media",AH41="Leve"),AND(AF41="Media",AH41="Menor"),AND(AF41="Media",AH41="Moderado"),AND(AF41="Alta",AH41="Leve"),AND(AF41="Alta",AH41="Menor")),"Moderado",IF(OR(AND(AF41="Muy Baja",AH41="Mayor"),AND(AF41="Baja",AH41="Mayor"),AND(AF41="Media",AH41="Mayor"),AND(AF41="Alta",AH41="Moderado"),AND(AF41="Alta",AH41="Mayor"),AND(AF41="Muy Alta",AH41="Leve"),AND(AF41="Muy Alta",AH41="Menor"),AND(AF41="Muy Alta",AH41="Moderado"),AND(AF41="Muy Alta",AH41="Mayor")),"Alto",IF(OR(AND(AF41="Muy Baja",AH41="Catastrófico"),AND(AF41="Baja",AH41="Catastrófico"),AND(AF41="Media",AH41="Catastrófico"),AND(AF41="Alta",AH41="Catastrófico"),AND(AF41="Muy Alta",AH41="Catastrófico")),"Extremo","")))),"")
Q42: =IF(NOT(ISERROR(MATCH(P42,_xlfn.ANCHORARRAY(E53),0))),O55&"Por favor no seleccionar los criterios de impacto",P42) -> 0 | U42: 34 | X42: =IF(OR(Y42="Preventivo",Y42="Detectivo"),"Probabilidad",IF(Y42="Correctivo","Impacto","")) | AA42: =IF(AND(Y42="Preventivo",Z42="Automático"),"50%",IF(AND(Y42="Preventivo",Z42="Manual"),"40%",IF(AND(Y42="Detectivo",Z42="Automático"),"40%",IF(AND(Y42="Detectivo",Z42="Manual"),"30%",IF(AND(Y42="Correctivo",Z42="Automático"),"35%",IF(AND(Y42="Correctivo",Z42="Manual"),"25%","")))))) | AE42: =IFERROR(IF(AND(X41="Probabilidad",X42="Probabilidad"),(AG41-(+AG41*AA42)),IF(AND(X41="Impacto",X42="Probabilidad"),(AG40-(+AG40*AA42)),IF(X42="Impacto",AG41,""))),"") | AF42: =IFERROR(IF(AE42="","",IF(AE42<=0.2,"Muy Baja",IF(AE42<=0.4,"Baja",IF(AE42<=0.6,"Media",IF(AE42<=0.8,"Alta","Muy Alta"))))),"") | AG42: =+AE42 | AH42: =IFERROR(IF(AI42="","",IF(AI42<=0.2,"Leve",IF(AI42<=0.4,"Menor",IF(AI42<=0.6,"Moderado",IF(AI42<=0.8,"Mayor","Catastrófico"))))),"") | AI42: =IFERROR(IF(AND(X41="Impacto",X42="Impacto"),(AI41-(+AI41*AA42)),IF(AND(X41="Probabilidad",X42="Impacto"),(AI40-(+AI40*AA42)),IF(X42="Probabilidad",AI41,""))),"") | AJ42: =IFERROR(IF(OR(AND(AF42="Muy Baja",AH42="Leve"),AND(AF42="Muy Baja",AH42="Menor"),AND(AF42="Baja",AH42="Leve")),"Bajo",IF(OR(AND(AF42="Muy baja",AH42="Moderado"),AND(AF42="Baja",AH42="Menor"),AND(AF42="Baja",AH42="Moderado"),AND(AF42="Media",AH42="Leve"),AND(AF42="Media",AH42="Menor"),AND(AF42="Media",AH42="Moderado"),AND(AF42="Alta",AH42="Leve"),AND(AF42="Alta",AH42="Menor")),"Moderado",IF(OR(AND(AF42="Muy Baja",AH42="Mayor"),AND(AF42="Baja",AH42="Mayor"),AND(AF42="Media",AH42="Mayor"),AND(AF42="Alta",AH42="Moderado"),AND(AF42="Alta",AH42="Mayor"),AND(AF42="Muy Alta",AH42="Leve"),AND(AF42="Muy Alta",AH42="Menor"),AND(AF42="Muy Alta",AH42="Moderado"),AND(AF42="Muy Alta",AH42="Mayor")),"Alto",IF(OR(AND(AF42="Muy Baja",AH42="Catastrófico"),AND(AF42="Baja",AH42="Catastrófico"),AND(AF42="Media",AH42="Catastrófico"),AND(AF42="Alta",AH42="Catastrófico"),AND(AF42="Muy Alta",AH42="Catastrófico")),"Extremo","")))),"")
Q43: =IF(NOT(ISERROR(MATCH(P43,_xlfn.ANCHORARRAY(E54),0))),O56&"Por favor no seleccionar los criterios de impacto",P43) -> 0 | U43: 35 | X43: =IF(OR(Y43="Preventivo",Y43="Detectivo"),"Probabilidad",IF(Y43="Correctivo","Impacto","")) | AA43: =IF(AND(Y43="Preventivo",Z43="Automático"),"50%",IF(AND(Y43="Preventivo",Z43="Manual"),"40%",IF(AND(Y43="Detectivo",Z43="Automático"),"40%",IF(AND(Y43="Detectivo",Z43="Manual"),"30%",IF(AND(Y43="Correctivo",Z43="Automático"),"35%",IF(AND(Y43="Correctivo",Z43="Manual"),"25%","")))))) | AE43: =IFERROR(IF(AND(X42="Probabilidad",X43="Probabilidad"),(AG42-(+AG42*AA43)),IF(AND(X42="Impacto",X43="Probabilidad"),(AG41-(+AG41*AA43)),IF(X43="Impacto",AG42,""))),"") | AF43: =IFERROR(IF(AE43="","",IF(AE43<=0.2,"Muy Baja",IF(AE43<=0.4,"Baja",IF(AE43<=0.6,"Media",IF(AE43<=0.8,"Alta","Muy Alta"))))),"") | AG43: =+AE43 | AH43: =IFERROR(IF(AI43="","",IF(AI43<=0.2,"Leve",IF(AI43<=0.4,"Menor",IF(AI43<=0.6,"Moderado",IF(AI43<=0.8,"Mayor","Catastrófico"))))),"") | AI43: =IFERROR(IF(AND(X42="Impacto",X43="Impacto"),(AI42-(+AI42*AA43)),IF(AND(X42="Probabilidad",X43="Impacto"),(AI41-(+AI41*AA43)),IF(X43="Probabilidad",AI42,""))),"") | AJ43: =IFERROR(IF(OR(AND(AF43="Muy Baja",AH43="Leve"),AND(AF43="Muy Baja",AH43="Menor"),AND(AF43="Baja",AH43="Leve")),"Bajo",IF(OR(AND(AF43="Muy baja",AH43="Moderado"),AND(AF43="Baja",AH43="Menor"),AND(AF43="Baja",AH43="Moderado"),AND(AF43="Media",AH43="Leve"),AND(AF43="Media",AH43="Menor"),AND(AF43="Media",AH43="Moderado"),AND(AF43="Alta",AH43="Leve"),AND(AF43="Alta",AH43="Menor")),"Moderado",IF(OR(AND(AF43="Muy Baja",AH43="Mayor"),AND(AF43="Baja",AH43="Mayor"),AND(AF43="Media",AH43="Mayor"),AND(AF43="Alta",AH43="Moderado"),AND(AF43="Alta",AH43="Mayor"),AND(AF43="Muy Alta",AH43="Leve"),AND(AF43="Muy Alta",AH43="Menor"),AND(AF43="Muy Alta",AH43="Moderado"),AND(AF43="Muy Alta",AH43="Mayor")),"Alto",IF(OR(AND(AF43="Muy Baja",AH43="Catastrófico"),AND(AF43="Baja",AH43="Catastrófico"),AND(AF43="Media",AH43="Catastrófico"),AND(AF43="Alta",AH43="Catastrófico"),AND(AF43="Muy Alta",AH43="Catastrófico")),"Extremo","")))),"")
Q44: =IF(NOT(ISERROR(MATCH(P44,_xlfn.ANCHORARRAY(E55),0))),O57&"Por favor no seleccionar los criterios de impacto",P44) -> 0 | U44: 36 | X44: =IF(OR(Y44="Preventivo",Y44="Detectivo"),"Probabilidad",IF(Y44="Correctivo","Impacto","")) | AA44: =IF(AND(Y44="Preventivo",Z44="Automático"),"50%",IF(AND(Y44="Preventivo",Z44="Manual"),"40%",IF(AND(Y44="Detectivo",Z44="Automático"),"40%",IF(AND(Y44="Detectivo",Z44="Manual"),"30%",IF(AND(Y44="Correctivo",Z44="Automático"),"35%",IF(AND(Y44="Correctivo",Z44="Manual"),"25%","")))))) | AE44: =IFERROR(IF(AND(X43="Probabilidad",X44="Probabilidad"),(AG43-(+AG43*AA44)),IF(AND(X43="Impacto",X44="Probabilidad"),(AG42-(+AG42*AA44)),IF(X44="Impacto",AG43,""))),"") | AF44: =IFERROR(IF(AE44="","",IF(AE44<=0.2,"Muy Baja",IF(AE44<=0.4,"Baja",IF(AE44<=0.6,"Media",IF(AE44<=0.8,"Alta","Muy Alta"))))),"") | AG44: =+AE44 | AH44: =IFERROR(IF(AI44="","",IF(AI44<=0.2,"Leve",IF(AI44<=0.4,"Menor",IF(AI44<=0.6,"Moderado",IF(AI44<=0.8,"Mayor","Catastrófico"))))),"") | AI44: =IFERROR(IF(AND(X43="Impacto",X44="Impacto"),(AI43-(+AI43*AA44)),IF(AND(X43="Probabilidad",X44="Impacto"),(AI42-(+AI42*AA44)),IF(X44="Probabilidad",AI43,""))),"") | AJ44: =IFERROR(IF(OR(AND(AF44="Muy Baja",AH44="Leve"),AND(AF44="Muy Baja",AH44="Menor"),AND(AF44="Baja",AH44="Leve")),"Bajo",IF(OR(AND(AF44="Muy baja",AH44="Moderado"),AND(AF44="Baja",AH44="Menor"),AND(AF44="Baja",AH44="Moderado"),AND(AF44="Media",AH44="Leve"),AND(AF44="Media",AH44="Menor"),AND(AF44="Media",AH44="Moderado"),AND(AF44="Alta",AH44="Leve"),AND(AF44="Alta",AH44="Menor")),"Moderado",IF(OR(AND(AF44="Muy Baja",AH44="Mayor"),AND(AF44="Baja",AH44="Mayor"),AND(AF44="Media",AH44="Mayor"),AND(AF44="Alta",AH44="Moderado"),AND(AF44="Alta",AH44="Mayor"),AND(AF44="Muy Alta",AH44="Leve"),AND(AF44="Muy Alta",AH44="Menor"),AND(AF44="Muy Alta",AH44="Moderado"),AND(AF44="Muy Alta",AH44="Mayor")),"Alto",IF(OR(AND(AF44="Muy Baja",AH44="Catastrófico"),AND(AF44="Baja",AH44="Catastrófico"),AND(AF44="Media",AH44="Catastrófico"),AND(AF44="Alta",AH44="Catastrófico"),AND(AF44="Muy Alta",AH44="Catastrófico")),"Extremo","")))),"")
N45: =IF(M45<=0,"",IF(M45<=2,"Muy Baja",IF(M45<=24,"Baja",IF(M45<=500,"Media",IF(M45<=5000,"Alta","Muy Alta"))))) | O45: =IF(N45="","",IF(N45="Muy Baja",0.2,IF(N45="Baja",0.4,IF(N45="Media",0.6,IF(N45="Alta",0.8,IF(N45="Muy Alta",1,)))))) | Q45: =IF(NOT(ISERROR(MATCH(P45,'Tabla Impacto'!$B$221:$B$223,0))),'Tabla Impacto'!$F$223&"Por favor no seleccionar los criterios de impacto(Afectación Económica o presupuestal y Pérdida Reputacional)",P45) -> 0 | R45: =IF(OR(Q45='Tabla Impacto'!$C$11,Q45='Tabla Impacto'!$D$11),"Leve",IF(OR(Q45='Tabla Impacto'!$C$12,Q45='Tabla Impacto'!$D$12),"Menor",IF(OR(Q45='Tabla Impacto'!$C$13,Q45='Tabla Impacto'!$D$13),"Moderado",IF(OR(Q45='Tabla Impacto'!$C$14,Q45='Tabla Impacto'!$D$14),"Mayor",IF(OR(Q45='Tabla Impacto'!$C$15,Q45='Tabla Impacto'!$D$15),"Catastrófico",""))))) | S45: =IF(R45="","",IF(R45="Leve",0.2,IF(R45="Menor",0.4,IF(R45="Moderado",0.6,IF(R45="Mayor",0.8,IF(R45="Catastrófico",1,)))))) | T45: =IF(OR(AND(N45="Muy Baja",R45="Leve"),AND(N45="Muy Baja",R45="Menor"),AND(N45="Baja",R45="Leve")),"Bajo",IF(OR(AND(N45="Muy baja",R45="Moderado"),AND(N45="Baja",R45="Menor"),AND(N45="Baja",R45="Moderado"),AND(N45="Media",R45="Leve"),AND(N45="Media",R45="Menor"),AND(N45="Media",R45="Moderado"),AND(N45="Alta",R45="Leve"),AND(N45="Alta",R45="Menor")),"Moderado",IF(OR(AND(N45="Muy Baja",R45="Mayor"),AND(N45="Baja",R45="Mayor"),AND(N45="Media",R45="Mayor"),AND(N45="Alta",R45="Moderado"),AND(N45="Alta",R45="Mayor"),AND(N45="Muy Alta",R45="Leve"),AND(N45="Muy Alta",R45="Menor"),AND(N45="Muy Alta",R45="Moderado"),AND(N45="Muy Alta",R45="Mayor")),"Alto",IF(OR(AND(N45="Muy Baja",R45="Catastrófico"),AND(N45="Baja",R45="Catastrófico"),AND(N45="Media",R45="Catastrófico"),AND(N45="Alta",R45="Catastrófico"),AND(N45="Muy Alta",R45="Catastrófico")),"Extremo","")))) | U45: 37 | X45: =IF(OR(Y45="Preventivo",Y45="Detectivo"),"Probabilidad",IF(Y45="Correctivo","Impacto","")) | AA45: =IF(AND(Y45="Preventivo",Z45="Automático"),"50%",IF(AND(Y45="Preventivo",Z45="Manual"),"40%",IF(AND(Y45="Detectivo",Z45="Automático"),"40%",IF(AND(Y45="Detectivo",Z45="Manual"),"30%",IF(AND(Y45="Correctivo",Z45="Automático"),"35%",IF(AND(Y45="Correctivo",Z45="Manual"),"25%","")))))) | AE45: =IFERROR(IF(X45="Probabilidad",(O45-(+O45*AA45)),IF(X45="Impacto",O45,"")),"") | AF45: =IFERROR(IF(AE45="","",IF(AE45<=0.2,"Muy Baja",IF(AE45<=0.4,"Baja",IF(AE45<=0.6,"Media",IF(AE45<=0.8,"Alta","Muy Alta"))))),"") | AG45: =+AE45 | AH45: =IFERROR(IF(AI45="","",IF(AI45<=0.2,"Leve",IF(AI45<=0.4,"Menor",IF(AI45<=0.6,"Moderado",IF(AI45<=0.8,"Mayor","Catastrófico"))))),"") | AI45: =IFERROR(IF(X45="Impacto",(S45-(+S45*AA45)),IF(X45="Probabilidad",S45,"")),"") | AJ45: =IFERROR(IF(OR(AND(AF45="Muy Baja",AH45="Leve"),AND(AF45="Muy Baja",AH45="Menor"),AND(AF45="Baja",AH45="Leve")),"Bajo",IF(OR(AND(AF45="Muy baja",AH45="Moderado"),AND(AF45="Baja",AH45="Menor"),AND(AF45="Baja",AH45="Moderado"),AND(AF45="Media",AH45="Leve"),AND(AF45="Media",AH45="Menor"),AND(AF45="Media",AH45="Moderado"),AND(AF45="Alta",AH45="Leve"),AND(AF45="Alta",AH45="Menor")),"Moderado",IF(OR(AND(AF45="Muy Baja",AH45="Mayor"),AND(AF45="Baja",AH45="Mayor"),AND(AF45="Media",AH45="Mayor"),AND(AF45="Alta",AH45="Moderado"),AND(AF45="Alta",AH45="Mayor"),AND(AF45="Muy Alta",AH45="Leve"),AND(AF45="Muy Alta",AH45="Menor"),AND(AF45="Muy Alta",AH45="Moderado"),AND(AF45="Muy Alta",AH45="Mayor")),"Alto",IF(OR(AND(AF45="Muy Baja",AH45="Catastrófico"),AND(AF45="Baja",AH45="Catastrófico"),AND(AF45="Media",AH45="Catastrófico"),AND(AF45="Alta",AH45="Catastrófico"),AND(AF45="Muy Alta",AH45="Catastrófico")),"Extremo","")))),"")
Q46: =IF(NOT(ISERROR(MATCH(P46,_xlfn.ANCHORARRAY(E57),0))),O59&"Por favor no seleccionar los criterios de impacto",P46) -> 0 | U46: 38 | X46: =IF(OR(Y46="Preventivo",Y46="Detectivo"),"Probabilidad",IF(Y46="Correctivo","Impacto","")) | AA46: =IF(AND(Y46="Preventivo",Z46="Automático"),"50%",IF(AND(Y46="Preventivo",Z46="Manual"),"40%",IF(AND(Y46="Detectivo",Z46="Automático"),"40%",IF(AND(Y46="Detectivo",Z46="Manual"),"30%",IF(AND(Y46="Correctivo",Z46="Automático"),"35%",IF(AND(Y46="Correctivo",Z46="Manual"),"25%","")))))) | AE46: =IFERROR(IF(AND(X45="Probabilidad",X46="Probabilidad"),(AG45-(+AG45*AA46)),IF(X46="Probabilidad",(O45-(+O45*AA46)),IF(X46="Impacto",AG45,""))),"") | AF46: =IFERROR(IF(AE46="","",IF(AE46<=0.2,"Muy Baja",IF(AE46<=0.4,"Baja",IF(AE46<=0.6,"Media",IF(AE46<=0.8,"Alta","Muy Alta"))))),"") | AG46: =+AE46 | AH46: =IFERROR(IF(AI46="","",IF(AI46<=0.2,"Leve",IF(AI46<=0.4,"Menor",IF(AI46<=0.6,"Moderado",IF(AI46<=0.8,"Mayor","Catastrófico"))))),"") | AI46: =IFERROR(IF(AND(X45="Impacto",X46="Impacto"),(AI45-(+AI45*AA46)),IF(X46="Impacto",(S45-(+S45*AA46)),IF(X46="Probabilidad",AI45,""))),"") | AJ46: =IFERROR(IF(OR(AND(AF46="Muy Baja",AH46="Leve"),AND(AF46="Muy Baja",AH46="Menor"),AND(AF46="Baja",AH46="Leve")),"Bajo",IF(OR(AND(AF46="Muy baja",AH46="Moderado"),AND(AF46="Baja",AH46="Menor"),AND(AF46="Baja",AH46="Moderado"),AND(AF46="Media",AH46="Leve"),AND(AF46="Media",AH46="Menor"),AND(AF46="Media",AH46="Moderado"),AND(AF46="Alta",AH46="Leve"),AND(AF46="Alta",AH46="Menor")),"Moderado",IF(OR(AND(AF46="Muy Baja",AH46="Mayor"),AND(AF46="Baja",AH46="Mayor"),AND(AF46="Media",AH46="Mayor"),AND(AF46="Alta",AH46="Moderado"),AND(AF46="Alta",AH46="Mayor"),AND(AF46="Muy Alta",AH46="Leve"),AND(AF46="Muy Alta",AH46="Menor"),AND(AF46="Muy Alta",AH46="Moderado"),AND(AF46="Muy Alta",AH46="Mayor")),"Alto",IF(OR(AND(AF46="Muy Baja",AH46="Catastrófico"),AND(AF46="Baja",AH46="Catastrófico"),AND(AF46="Media",AH46="Catastrófico"),AND(AF46="Alta",AH46="Catastrófico"),AND(AF46="Muy Alta",AH46="Catastrófico")),"Extremo","")))),"")
Q47: =IF(NOT(ISERROR(MATCH(P47,_xlfn.ANCHORARRAY(E58),0))),O60&"Por favor no seleccionar los criterios de impacto",P47) -> 0 | U47: 39 | X47: =IF(OR(Y47="Preventivo",Y47="Detectivo"),"Probabilidad",IF(Y47="Correctivo","Impacto","")) | AA47: =IF(AND(Y47="Preventivo",Z47="Automático"),"50%",IF(AND(Y47="Preventivo",Z47="Manual"),"40%",IF(AND(Y47="Detectivo",Z47="Automático"),"40%",IF(AND(Y47="Detectivo",Z47="Manual"),"30%",IF(AND(Y47="Correctivo",Z47="Automático"),"35%",IF(AND(Y47="Correctivo",Z47="Manual"),"25%","")))))) | AE47: =IFERROR(IF(AND(X46="Probabilidad",X47="Probabilidad"),(AG46-(+AG46*AA47)),IF(AND(X46="Impacto",X47="Probabilidad"),(AG45-(+AG45*AA47)),IF(X47="Impacto",AG46,""))),"") | AF47: =IFERROR(IF(AE47="","",IF(AE47<=0.2,"Muy Baja",IF(AE47<=0.4,"Baja",IF(AE47<=0.6,"Media",IF(AE47<=0.8,"Alta","Muy Alta"))))),"") | AG47: =+AE47 | AH47: =IFERROR(IF(AI47="","",IF(AI47<=0.2,"Leve",IF(AI47<=0.4,"Menor",IF(AI47<=0.6,"Moderado",IF(AI47<=0.8,"Mayor","Catastrófico"))))),"") | AI47: =IFERROR(IF(AND(X46="Impacto",X47="Impacto"),(AI46-(+AI46*AA47)),IF(AND(X46="Probabilidad",X47="Impacto"),(AI45-(+AI45*AA47)),IF(X47="Probabilidad",AI46,""))),"") | AJ47: =IFERROR(IF(OR(AND(AF47="Muy Baja",AH47="Leve"),AND(AF47="Muy Baja",AH47="Menor"),AND(AF47="Baja",AH47="Leve")),"Bajo",IF(OR(AND(AF47="Muy baja",AH47="Moderado"),AND(AF47="Baja",AH47="Menor"),AND(AF47="Baja",AH47="Moderado"),AND(AF47="Media",AH47="Leve"),AND(AF47="Media",AH47="Menor"),AND(AF47="Media",AH47="Moderado"),AND(AF47="Alta",AH47="Leve"),AND(AF47="Alta",AH47="Menor")),"Moderado",IF(OR(AND(AF47="Muy Baja",AH47="Mayor"),AND(AF47="Baja",AH47="Mayor"),AND(AF47="Media",AH47="Mayor"),AND(AF47="Alta",AH47="Moderado"),AND(AF47="Alta",AH47="Mayor"),AND(AF47="Muy Alta",AH47="Leve"),AND(AF47="Muy Alta",AH47="Menor"),AND(AF47="Muy Alta",AH47="Moderado"),AND(AF47="Muy Alta",AH47="Mayor")),"Alto",IF(OR(AND(AF47="Muy Baja",AH47="Catastrófico"),AND(AF47="Baja",AH47="Catastrófico"),AND(AF47="Media",AH47="Catastrófico"),AND(AF47="Alta",AH47="Catastrófico"),AND(AF47="Muy Alta",AH47="Catastrófico")),"Extremo","")))),"")
Q48: =IF(NOT(ISERROR(MATCH(P48,_xlfn.ANCHORARRAY(E59),0))),O61&"Por favor no seleccionar los criterios de impacto",P48) -> 0 | U48: 40 | X48: =IF(OR(Y48="Preventivo",Y48="Detectivo"),"Probabilidad",IF(Y48="Correctivo","Impacto","")) | AA48: =IF(AND(Y48="Preventivo",Z48="Automático"),"50%",IF(AND(Y48="Preventivo",Z48="Manual"),"40%",IF(AND(Y48="Detectivo",Z48="Automático"),"40%",IF(AND(Y48="Detectivo",Z48="Manual"),"30%",IF(AND(Y48="Correctivo",Z48="Automático"),"35%",IF(AND(Y48="Correctivo",Z48="Manual"),"25%","")))))) | AE48: =IFERROR(IF(AND(X47="Probabilidad",X48="Probabilidad"),(AG47-(+AG47*AA48)),IF(AND(X47="Impacto",X48="Probabilidad"),(AG46-(+AG46*AA48)),IF(X48="Impacto",AG47,""))),"") | AF48: =IFERROR(IF(AE48="","",IF(AE48<=0.2,"Muy Baja",IF(AE48<=0.4,"Baja",IF(AE48<=0.6,"Media",IF(AE48<=0.8,"Alta","Muy Alta"))))),"") | AG48: =+AE48 | AH48: =IFERROR(IF(AI48="","",IF(AI48<=0.2,"Leve",IF(AI48<=0.4,"Menor",IF(AI48<=0.6,"Moderado",IF(AI48<=0.8,"Mayor","Catastrófico"))))),"") | AI48: =IFERROR(IF(AND(X47="Impacto",X48="Impacto"),(AI47-(+AI47*AA48)),IF(AND(X47="Probabilidad",X48="Impacto"),(AI46-(+AI46*AA48)),IF(X48="Probabilidad",AI47,""))),"") | AJ48: =IFERROR(IF(OR(AND(AF48="Muy Baja",AH48="Leve"),AND(AF48="Muy Baja",AH48="Menor"),AND(AF48="Baja",AH48="Leve")),"Bajo",IF(OR(AND(AF48="Muy baja",AH48="Moderado"),AND(AF48="Baja",AH48="Menor"),AND(AF48="Baja",AH48="Moderado"),AND(AF48="Media",AH48="Leve"),AND(AF48="Media",AH48="Menor"),AND(AF48="Media",AH48="Moderado"),AND(AF48="Alta",AH48="Leve"),AND(AF48="Alta",AH48="Menor")),"Moderado",IF(OR(AND(AF48="Muy Baja",AH48="Mayor"),AND(AF48="Baja",AH48="Mayor"),AND(AF48="Media",AH48="Mayor"),AND(AF48="Alta",AH48="Moderado"),AND(AF48="Alta",AH48="Mayor"),AND(AF48="Muy Alta",AH48="Leve"),AND(AF48="Muy Alta",AH48="Menor"),AND(AF48="Muy Alta",AH48="Moderado"),AND(AF48="Muy Alta",AH48="Mayor")),"Alto",IF(OR(AND(AF48="Muy Baja",AH48="Catastrófico"),AND(AF48="Baja",AH48="Catastrófico"),AND(AF48="Media",AH48="Catastrófico"),AND(AF48="Alta",AH48="Catastrófico"),AND(AF48="Muy Alta",AH48="Catastrófico")),"Extremo","")))),"")
Q49: =IF(NOT(ISERROR(MATCH(P49,_xlfn.ANCHORARRAY(E60),0))),O62&"Por favor no seleccionar los criterios de impacto",P49) -> 0 | U49: 41 | X49: =IF(OR(Y49="Preventivo",Y49="Detectivo"),"Probabilidad",IF(Y49="Correctivo","Impacto","")) | AA49: =IF(AND(Y49="Preventivo",Z49="Automático"),"50%",IF(AND(Y49="Preventivo",Z49="Manual"),"40%",IF(AND(Y49="Detectivo",Z49="Automático"),"40%",IF(AND(Y49="Detectivo",Z49="Manual"),"30%",IF(AND(Y49="Correctivo",Z49="Automático"),"35%",IF(AND(Y49="Correctivo",Z49="Manual"),"25%","")))))) | AE49: =IFERROR(IF(AND(X48="Probabilidad",X49="Probabilidad"),(AG48-(+AG48*AA49)),IF(AND(X48="Impacto",X49="Probabilidad"),(AG47-(+AG47*AA49)),IF(X49="Impacto",AG48,""))),"") | AF49: =IFERROR(IF(AE49="","",IF(AE49<=0.2,"Muy Baja",IF(AE49<=0.4,"Baja",IF(AE49<=0.6,"Media",IF(AE49<=0.8,"Alta","Muy Alta"))))),"") | AG49: =+AE49 | AH49: =IFERROR(IF(AI49="","",IF(AI49<=0.2,"Leve",IF(AI49<=0.4,"Menor",IF(AI49<=0.6,"Moderado",IF(AI49<=0.8,"Mayor","Catastrófico"))))),"") | AI49: =IFERROR(IF(AND(X48="Impacto",X49="Impacto"),(AI48-(+AI48*AA49)),IF(AND(X48="Probabilidad",X49="Impacto"),(AI47-(+AI47*AA49)),IF(X49="Probabilidad",AI48,""))),"") | AJ49: =IFERROR(IF(OR(AND(AF49="Muy Baja",AH49="Leve"),AND(AF49="Muy Baja",AH49="Menor"),AND(AF49="Baja",AH49="Leve")),"Bajo",IF(OR(AND(AF49="Muy baja",AH49="Moderado"),AND(AF49="Baja",AH49="Menor"),AND(AF49="Baja",AH49="Moderado"),AND(AF49="Media",AH49="Leve"),AND(AF49="Media",AH49="Menor"),AND(AF49="Media",AH49="Moderado"),AND(AF49="Alta",AH49="Leve"),AND(AF49="Alta",AH49="Menor")),"Moderado",IF(OR(AND(AF49="Muy Baja",AH49="Mayor"),AND(AF49="Baja",AH49="Mayor"),AND(AF49="Media",AH49="Mayor"),AND(AF49="Alta",AH49="Moderado"),AND(AF49="Alta",AH49="Mayor"),AND(AF49="Muy Alta",AH49="Leve"),AND(AF49="Muy Alta",AH49="Menor"),AND(AF49="Muy Alta",AH49="Moderado"),AND(AF49="Muy Alta",AH49="Mayor")),"Alto",IF(OR(AND(AF49="Muy Baja",AH49="Catastrófico"),AND(AF49="Baja",AH49="Catastrófico"),AND(AF49="Media",AH49="Catastrófico"),AND(AF49="Alta",AH49="Catastrófico"),AND(AF49="Muy Alta",AH49="Catastrófico")),"Extremo","")))),"")
Q50: =IF(NOT(ISERROR(MATCH(P50,_xlfn.ANCHORARRAY(E61),0))),O63&"Por favor no seleccionar los criterios de impacto",P50) -> 0 | U50: 42 | X50: =IF(OR(Y50="Preventivo",Y50="Detectivo"),"Probabilidad",IF(Y50="Correctivo","Impacto","")) | AA50: =IF(AND(Y50="Preventivo",Z50="Automático"),"50%",IF(AND(Y50="Preventivo",Z50="Manual"),"40%",IF(AND(Y50="Detectivo",Z50="Automático"),"40%",IF(AND(Y50="Detectivo",Z50="Manual"),"30%",IF(AND(Y50="Correctivo",Z50="Automático"),"35%",IF(AND(Y50="Correctivo",Z50="Manual"),"25%","")))))) | AE50: =IFERROR(IF(AND(X49="Probabilidad",X50="Probabilidad"),(AG49-(+AG49*AA50)),IF(AND(X49="Impacto",X50="Probabilidad"),(AG48-(+AG48*AA50)),IF(X50="Impacto",AG49,""))),"") | AF50: =IFERROR(IF(AE50="","",IF(AE50<=0.2,"Muy Baja",IF(AE50<=0.4,"Baja",IF(AE50<=0.6,"Media",IF(AE50<=0.8,"Alta","Muy Alta"))))),"") | AG50: =+AE50 | AH50: =IFERROR(IF(AI50="","",IF(AI50<=0.2,"Leve",IF(AI50<=0.4,"Menor",IF(AI50<=0.6,"Moderado",IF(AI50<=0.8,"Mayor","Catastrófico"))))),"") | AI50: =IFERROR(IF(AND(X49="Impacto",X50="Impacto"),(AI49-(+AI49*AA50)),IF(AND(X49="Probabilidad",X50="Impacto"),(AI48-(+AI48*AA50)),IF(X50="Probabilidad",AI49,""))),"") | AJ50: =IFERROR(IF(OR(AND(AF50="Muy Baja",AH50="Leve"),AND(AF50="Muy Baja",AH50="Menor"),AND(AF50="Baja",AH50="Leve")),"Bajo",IF(OR(AND(AF50="Muy baja",AH50="Moderado"),AND(AF50="Baja",AH50="Menor"),AND(AF50="Baja",AH50="Moderado"),AND(AF50="Media",AH50="Leve"),AND(AF50="Media",AH50="Menor"),AND(AF50="Media",AH50="Moderado"),AND(AF50="Alta",AH50="Leve"),AND(AF50="Alta",AH50="Menor")),"Moderado",IF(OR(AND(AF50="Muy Baja",AH50="Mayor"),AND(AF50="Baja",AH50="Mayor"),AND(AF50="Media",AH50="Mayor"),AND(AF50="Alta",AH50="Moderado"),AND(AF50="Alta",AH50="Mayor"),AND(AF50="Muy Alta",AH50="Leve"),AND(AF50="Muy Alta",AH50="Menor"),AND(AF50="Muy Alta",AH50="Moderado"),AND(AF50="Muy Alta",AH50="Mayor")),"Alto",IF(OR(AND(AF50="Muy Baja",AH50="Catastrófico"),AND(AF50="Baja",AH50="Catastrófico"),AND(AF50="Media",AH50="Catastrófico"),AND(AF50="Alta",AH50="Catastrófico"),AND(AF50="Muy Alta",AH50="Catastrófico")),"Extremo","")))),"")
N51: =IF(M51<=0,"",IF(M51<=2,"Muy Baja",IF(M51<=24,"Baja",IF(M51<=500,"Media",IF(M51<=5000,"Alta","Muy Alta"))))) | O51: =IF(N51="","",IF(N51="Muy Baja",0.2,IF(N51="Baja",0.4,IF(N51="Media",0.6,IF(N51="Alta",0.8,IF(N51="Muy Alta",1,)))))) | Q51: =IF(NOT(ISERROR(MATCH(P51,'Tabla Impacto'!$B$221:$B$223,0))),'Tabla Impacto'!$F$223&"Por favor no seleccionar los criterios de impacto(Afectación Económica o presupuestal y Pérdida Reputacional)",P51) -> 0 | R51: =IF(OR(Q51='Tabla Impacto'!$C$11,Q51='Tabla Impacto'!$D$11),"Leve",IF(OR(Q51='Tabla Impacto'!$C$12,Q51='Tabla Impacto'!$D$12),"Menor",IF(OR(Q51='Tabla Impacto'!$C$13,Q51='Tabla Impacto'!$D$13),"Moderado",IF(OR(Q51='Tabla Impacto'!$C$14,Q51='Tabla Impacto'!$D$14),"Mayor",IF(OR(Q51='Tabla Impacto'!$C$15,Q51='Tabla Impacto'!$D$15),"Catastrófico",""))))) | S51: =IF(R51="","",IF(R51="Leve",0.2,IF(R51="Menor",0.4,IF(R51="Moderado",0.6,IF(R51="Mayor",0.8,IF(R51="Catastrófico",1,)))))) | T51: =IF(OR(AND(N51="Muy Baja",R51="Leve"),AND(N51="Muy Baja",R51="Menor"),AND(N51="Baja",R51="Leve")),"Bajo",IF(OR(AND(N51="Muy baja",R51="Moderado"),AND(N51="Baja",R51="Menor"),AND(N51="Baja",R51="Moderado"),AND(N51="Media",R51="Leve"),AND(N51="Media",R51="Menor"),AND(N51="Media",R51="Moderado"),AND(N51="Alta",R51="Leve"),AND(N51="Alta",R51="Menor")),"Moderado",IF(OR(AND(N51="Muy Baja",R51="Mayor"),AND(N51="Baja",R51="Mayor"),AND(N51="Media",R51="Mayor"),AND(N51="Alta",R51="Moderado"),AND(N51="Alta",R51="Mayor"),AND(N51="Muy Alta",R51="Leve"),AND(N51="Muy Alta",R51="Menor"),AND(N51="Muy Alta",R51="Moderado"),AND(N51="Muy Alta",R51="Mayor")),"Alto",IF(OR(AND(N51="Muy Baja",R51="Catastrófico"),AND(N51="Baja",R51="Catastrófico"),AND(N51="Media",R51="Catastrófico"),AND(N51="Alta",R51="Catastrófico"),AND(N51="Muy Alta",R51="Catastrófico")),"Extremo","")))) | U51: 43 | X51: =IF(OR(Y51="Preventivo",Y51="Detectivo"),"Probabilidad",IF(Y51="Correctivo","Impacto","")) | AA51: =IF(AND(Y51="Preventivo",Z51="Automático"),"50%",IF(AND(Y51="Preventivo",Z51="Manual"),"40%",IF(AND(Y51="Detectivo",Z51="Automático"),"40%",IF(AND(Y51="Detectivo",Z51="Manual"),"30%",IF(AND(Y51="Correctivo",Z51="Automático"),"35%",IF(AND(Y51="Correctivo",Z51="Manual"),"25%","")))))) | AE51: =IFERROR(IF(X51="Probabilidad",(O51-(+O51*AA51)),IF(X51="Impacto",O51,"")),"") | AF51: =IFERROR(IF(AE51="","",IF(AE51<=0.2,"Muy Baja",IF(AE51<=0.4,"Baja",IF(AE51<=0.6,"Media",IF(AE51<=0.8,"Alta","Muy Alta"))))),"") | AG51: =+AE51 | AH51: =IFERROR(IF(AI51="","",IF(AI51<=0.2,"Leve",IF(AI51<=0.4,"Menor",IF(AI51<=0.6,"Moderado",IF(AI51<=0.8,"Mayor","Catastrófico"))))),"") | AI51: =IFERROR(IF(X51="Impacto",(S51-(+S51*AA51)),IF(X51="Probabilidad",S51,"")),"") | AJ51: =IFERROR(IF(OR(AND(AF51="Muy Baja",AH51="Leve"),AND(AF51="Muy Baja",AH51="Menor"),AND(AF51="Baja",AH51="Leve")),"Bajo",IF(OR(AND(AF51="Muy baja",AH51="Moderado"),AND(AF51="Baja",AH51="Menor"),AND(AF51="Baja",AH51="Moderado"),AND(AF51="Media",AH51="Leve"),AND(AF51="Media",AH51="Menor"),AND(AF51="Media",AH51="Moderado"),AND(AF51="Alta",AH51="Leve"),AND(AF51="Alta",AH51="Menor")),"Moderado",IF(OR(AND(AF51="Muy Baja",AH51="Mayor"),AND(AF51="Baja",AH51="Mayor"),AND(AF51="Media",AH51="Mayor"),AND(AF51="Alta",AH51="Moderado"),AND(AF51="Alta",AH51="Mayor"),AND(AF51="Muy Alta",AH51="Leve"),AND(AF51="Muy Alta",AH51="Menor"),AND(AF51="Muy Alta",AH51="Moderado"),AND(AF51="Muy Alta",AH51="Mayor")),"Alto",IF(OR(AND(AF51="Muy Baja",AH51="Catastrófico"),AND(AF51="Baja",AH51="Catastrófico"),AND(AF51="Media",AH51="Catastrófico"),AND(AF51="Alta",AH51="Catastrófico"),AND(AF51="Muy Alta",AH51="Catastrófico")),"Extremo","")))),"")
Q52: =IF(NOT(ISERROR(MATCH(P52,_xlfn.ANCHORARRAY(E63),0))),#REF!&"Por favor no seleccionar los criterios de impacto",P52) -> 0 | U52: 44 | X52: =IF(OR(Y52="Preventivo",Y52="Detectivo"),"Probabilidad",IF(Y52="Correctivo","Impacto","")) | AA52: =IF(AND(Y52="Preventivo",Z52="Automático"),"50%",IF(AND(Y52="Preventivo",Z52="Manual"),"40%",IF(AND(Y52="Detectivo",Z52="Automático"),"40%",IF(AND(Y52="Detectivo",Z52="Manual"),"30%",IF(AND(Y52="Correctivo",Z52="Automático"),"35%",IF(AND(Y52="Correctivo",Z52="Manual"),"25%","")))))) | AE52: =IFERROR(IF(AND(X51="Probabilidad",X52="Probabilidad"),(AG51-(+AG51*AA52)),IF(X52="Probabilidad",(O51-(+O51*AA52)),IF(X52="Impacto",AG51,""))),"") | AF52: =IFERROR(IF(AE52="","",IF(AE52<=0.2,"Muy Baja",IF(AE52<=0.4,"Baja",IF(AE52<=0.6,"Media",IF(AE52<=0.8,"Alta","Muy Alta"))))),"") | AG52: =+AE52 | AH52: =IFERROR(IF(AI52="","",IF(AI52<=0.2,"Leve",IF(AI52<=0.4,"Menor",IF(AI52<=0.6,"Moderado",IF(AI52<=0.8,"Mayor","Catastrófico"))))),"") | AI52: =IFERROR(IF(AND(X51="Impacto",X52="Impacto"),(AI51-(+AI51*AA52)),IF(X52="Impacto",(S51-(+S51*AA52)),IF(X52="Probabilidad",AI51,""))),"") | AJ52: =IFERROR(IF(OR(AND(AF52="Muy Baja",AH52="Leve"),AND(AF52="Muy Baja",AH52="Menor"),AND(AF52="Baja",AH52="Leve")),"Bajo",IF(OR(AND(AF52="Muy baja",AH52="Moderado"),AND(AF52="Baja",AH52="Menor"),AND(AF52="Baja",AH52="Moderado"),AND(AF52="Media",AH52="Leve"),AND(AF52="Media",AH52="Menor"),AND(AF52="Media",AH52="Moderado"),AND(AF52="Alta",AH52="Leve"),AND(AF52="Alta",AH52="Menor")),"Moderado",IF(OR(AND(AF52="Muy Baja",AH52="Mayor"),AND(AF52="Baja",AH52="Mayor"),AND(AF52="Media",AH52="Mayor"),AND(AF52="Alta",AH52="Moderado"),AND(AF52="Alta",AH52="Mayor"),AND(AF52="Muy Alta",AH52="Leve"),AND(AF52="Muy Alta",AH52="Menor"),AND(AF52="Muy Alta",AH52="Moderado"),AND(AF52="Muy Alta",AH52="Mayor")),"Alto",IF(OR(AND(AF52="Muy Baja",AH52="Catastrófico"),AND(AF52="Baja",AH52="Catastrófico"),AND(AF52="Media",AH52="Catastrófico"),AND(AF52="Alta",AH52="Catastrófico"),AND(AF52="Muy Alta",AH52="Catastrófico")),"Extremo","")))),"")
Q53: =IF(NOT(ISERROR(MATCH(P53,_xlfn.ANCHORARRAY(E64),0))),O65&"Por favor no seleccionar los criterios de impacto",P53) -> 0 | U53: 45 | X53: =IF(OR(Y53="Preventivo",Y53="Detectivo"),"Probabilidad",IF(Y53="Correctivo","Impacto","")) | AA53: =IF(AND(Y53="Preventivo",Z53="Automático"),"50%",IF(AND(Y53="Preventivo",Z53="Manual"),"40%",IF(AND(Y53="Detectivo",Z53="Automático"),"40%",IF(AND(Y53="Detectivo",Z53="Manual"),"30%",IF(AND(Y53="Correctivo",Z53="Automático"),"35%",IF(AND(Y53="Correctivo",Z53="Manual"),"25%","")))))) | AE53: =IFERROR(IF(AND(X52="Probabilidad",X53="Probabilidad"),(AG52-(+AG52*AA53)),IF(AND(X52="Impacto",X53="Probabilidad"),(AG51-(+AG51*AA53)),IF(X53="Impacto",AG52,""))),"") | AF53: =IFERROR(IF(AE53="","",IF(AE53<=0.2,"Muy Baja",IF(AE53<=0.4,"Baja",IF(AE53<=0.6,"Media",IF(AE53<=0.8,"Alta","Muy Alta"))))),"") | AG53: =+AE53 | AH53: =IFERROR(IF(AI53="","",IF(AI53<=0.2,"Leve",IF(AI53<=0.4,"Menor",IF(AI53<=0.6,"Moderado",IF(AI53<=0.8,"Mayor","Catastrófico"))))),"") | AI53: =IFERROR(IF(AND(X52="Impacto",X53="Impacto"),(AI52-(+AI52*AA53)),IF(AND(X52="Probabilidad",X53="Impacto"),(AI51-(+AI51*AA53)),IF(X53="Probabilidad",AI52,""))),"") | AJ53: =IFERROR(IF(OR(AND(AF53="Muy Baja",AH53="Leve"),AND(AF53="Muy Baja",AH53="Menor"),AND(AF53="Baja",AH53="Leve")),"Bajo",IF(OR(AND(AF53="Muy baja",AH53="Moderado"),AND(AF53="Baja",AH53="Menor"),AND(AF53="Baja",AH53="Moderado"),AND(AF53="Media",AH53="Leve"),AND(AF53="Media",AH53="Menor"),AND(AF53="Media",AH53="Moderado"),AND(AF53="Alta",AH53="Leve"),AND(AF53="Alta",AH53="Menor")),"Moderado",IF(OR(AND(AF53="Muy Baja",AH53="Mayor"),AND(AF53="Baja",AH53="Mayor"),AND(AF53="Media",AH53="Mayor"),AND(AF53="Alta",AH53="Moderado"),AND(AF53="Alta",AH53="Mayor"),AND(AF53="Muy Alta",AH53="Leve"),AND(AF53="Muy Alta",AH53="Menor"),AND(AF53="Muy Alta",AH53="Moderado"),AND(AF53="Muy Alta",AH53="Mayor")),"Alto",IF(OR(AND(AF53="Muy Baja",AH53="Catastrófico"),AND(AF53="Baja",AH53="Catastrófico"),AND(AF53="Media",AH53="Catastrófico"),AND(AF53="Alta",AH53="Catastrófico"),AND(AF53="Muy Alta",AH53="Catastrófico")),"Extremo","")))),"")
Q54: =IF(NOT(ISERROR(MATCH(P54,_xlfn.ANCHORARRAY(#REF!),0))),#REF!&"Por favor no seleccionar los criterios de impacto",P54) -> 0 | U54: 46 | X54: =IF(OR(Y54="Preventivo",Y54="Detectivo"),"Probabilidad",IF(Y54="Correctivo","Impacto","")) | AA54: =IF(AND(Y54="Preventivo",Z54="Automático"),"50%",IF(AND(Y54="Preventivo",Z54="Manual"),"40%",IF(AND(Y54="Detectivo",Z54="Automático"),"40%",IF(AND(Y54="Detectivo",Z54="Manual"),"30%",IF(AND(Y54="Correctivo",Z54="Automático"),"35%",IF(AND(Y54="Correctivo",Z54="Manual"),"25%","")))))) | AE54: =IFERROR(IF(AND(X53="Probabilidad",X54="Probabilidad"),(AG53-(+AG53*AA54)),IF(AND(X53="Impacto",X54="Probabilidad"),(AG52-(+AG52*AA54)),IF(X54="Impacto",AG53,""))),"") | AF54: =IFERROR(IF(AE54="","",IF(AE54<=0.2,"Muy Baja",IF(AE54<=0.4,"Baja",IF(AE54<=0.6,"Media",IF(AE54<=0.8,"Alta","Muy Alta"))))),"") | AG54: =+AE54 | AH54: =IFERROR(IF(AI54="","",IF(AI54<=0.2,"Leve",IF(AI54<=0.4,"Menor",IF(AI54<=0.6,"Moderado",IF(AI54<=0.8,"Mayor","Catastrófico"))))),"") | AI54: =IFERROR(IF(AND(X53="Impacto",X54="Impacto"),(AI53-(+AI53*AA54)),IF(AND(X53="Probabilidad",X54="Impacto"),(AI52-(+AI52*AA54)),IF(X54="Probabilidad",AI53,""))),"") | AJ54: =IFERROR(IF(OR(AND(AF54="Muy Baja",AH54="Leve"),AND(AF54="Muy Baja",AH54="Menor"),AND(AF54="Baja",AH54="Leve")),"Bajo",IF(OR(AND(AF54="Muy baja",AH54="Moderado"),AND(AF54="Baja",AH54="Menor"),AND(AF54="Baja",AH54="Moderado"),AND(AF54="Media",AH54="Leve"),AND(AF54="Media",AH54="Menor"),AND(AF54="Media",AH54="Moderado"),AND(AF54="Alta",AH54="Leve"),AND(AF54="Alta",AH54="Menor")),"Moderado",IF(OR(AND(AF54="Muy Baja",AH54="Mayor"),AND(AF54="Baja",AH54="Mayor"),AND(AF54="Media",AH54="Mayor"),AND(AF54="Alta",AH54="Moderado"),AND(AF54="Alta",AH54="Mayor"),AND(AF54="Muy Alta",AH54="Leve"),AND(AF54="Muy Alta",AH54="Menor"),AND(AF54="Muy Alta",AH54="Moderado"),AND(AF54="Muy Alta",AH54="Mayor")),"Alto",IF(OR(AND(AF54="Muy Baja",AH54="Catastrófico"),AND(AF54="Baja",AH54="Catastrófico"),AND(AF54="Media",AH54="Catastrófico"),AND(AF54="Alta",AH54="Catastrófico"),AND(AF54="Muy Alta",AH54="Catastrófico")),"Extremo","")))),"")
Q55: =IF(NOT(ISERROR(MATCH(P55,_xlfn.ANCHORARRAY(E65),0))),#REF!&"Por favor no seleccionar los criterios de impacto",P55) -> 0 | U55: 47 | X55: =IF(OR(Y55="Preventivo",Y55="Detectivo"),"Probabilidad",IF(Y55="Correctivo","Impacto","")) | AA55: =IF(AND(Y55="Preventivo",Z55="Automático"),"50%",IF(AND(Y55="Preventivo",Z55="Manual"),"40%",IF(AND(Y55="Detectivo",Z55="Automático"),"40%",IF(AND(Y55="Detectivo",Z55="Manual"),"30%",IF(AND(Y55="Correctivo",Z55="Automático"),"35%",IF(AND(Y55="Correctivo",Z55="Manual"),"25%","")))))) | AE55: =IFERROR(IF(AND(X54="Probabilidad",X55="Probabilidad"),(AG54-(+AG54*AA55)),IF(AND(X54="Impacto",X55="Probabilidad"),(AG53-(+AG53*AA55)),IF(X55="Impacto",AG54,""))),"") | AF55: =IFERROR(IF(AE55="","",IF(AE55<=0.2,"Muy Baja",IF(AE55<=0.4,"Baja",IF(AE55<=0.6,"Media",IF(AE55<=0.8,"Alta","Muy Alta"))))),"") | AG55: =+AE55 | AH55: =IFERROR(IF(AI55="","",IF(AI55<=0.2,"Leve",IF(AI55<=0.4,"Menor",IF(AI55<=0.6,"Moderado",IF(AI55<=0.8,"Mayor","Catastrófico"))))),"") | AI55: =IFERROR(IF(AND(X54="Impacto",X55="Impacto"),(AI54-(+AI54*AA55)),IF(AND(X54="Probabilidad",X55="Impacto"),(AI53-(+AI53*AA55)),IF(X55="Probabilidad",AI54,""))),"") | AJ55: =IFERROR(IF(OR(AND(AF55="Muy Baja",AH55="Leve"),AND(AF55="Muy Baja",AH55="Menor"),AND(AF55="Baja",AH55="Leve")),"Bajo",IF(OR(AND(AF55="Muy baja",AH55="Moderado"),AND(AF55="Baja",AH55="Menor"),AND(AF55="Baja",AH55="Moderado"),AND(AF55="Media",AH55="Leve"),AND(AF55="Media",AH55="Menor"),AND(AF55="Media",AH55="Moderado"),AND(AF55="Alta",AH55="Leve"),AND(AF55="Alta",AH55="Menor")),"Moderado",IF(OR(AND(AF55="Muy Baja",AH55="Mayor"),AND(AF55="Baja",AH55="Mayor"),AND(AF55="Media",AH55="Mayor"),AND(AF55="Alta",AH55="Moderado"),AND(AF55="Alta",AH55="Mayor"),AND(AF55="Muy Alta",AH55="Leve"),AND(AF55="Muy Alta",AH55="Menor"),AND(AF55="Muy Alta",AH55="Moderado"),AND(AF55="Muy Alta",AH55="Mayor")),"Alto",IF(OR(AND(AF55="Muy Baja",AH55="Catastrófico"),AND(AF55="Baja",AH55="Catastrófico"),AND(AF55="Media",AH55="Catastrófico"),AND(AF55="Alta",AH55="Catastrófico"),AND(AF55="Muy Alta",AH55="Catastrófico")),"Extremo","")))),"")
Q56: =IF(NOT(ISERROR(MATCH(P56,_xlfn.ANCHORARRAY(#REF!),0))),#REF!&"Por favor no seleccionar los criterios de impacto",P56) -> 0 | U56: 48 | X56: =IF(OR(Y56="Preventivo",Y56="Detectivo"),"Probabilidad",IF(Y56="Correctivo","Impacto","")) | AA56: =IF(AND(Y56="Preventivo",Z56="Automático"),"50%",IF(AND(Y56="Preventivo",Z56="Manual"),"40%",IF(AND(Y56="Detectivo",Z56="Automático"),"40%",IF(AND(Y56="Detectivo",Z56="Manual"),"30%",IF(AND(Y56="Correctivo",Z56="Automático"),"35%",IF(AND(Y56="Correctivo",Z56="Manual"),"25%","")))))) | AE56: =IFERROR(IF(AND(X55="Probabilidad",X56="Probabilidad"),(AG55-(+AG55*AA56)),IF(AND(X55="Impacto",X56="Probabilidad"),(AG54-(+AG54*AA56)),IF(X56="Impacto",AG55,""))),"") | AF56: =IFERROR(IF(AE56="","",IF(AE56<=0.2,"Muy Baja",IF(AE56<=0.4,"Baja",IF(AE56<=0.6,"Media",IF(AE56<=0.8,"Alta","Muy Alta"))))),"") | AG56: =+AE56 | AH56: =IFERROR(IF(AI56="","",IF(AI56<=0.2,"Leve",IF(AI56<=0.4,"Menor",IF(AI56<=0.6,"Moderado",IF(AI56<=0.8,"Mayor","Catastrófico"))))),"") | AI56: =IFERROR(IF(AND(X55="Impacto",X56="Impacto"),(AI55-(+AI55*AA56)),IF(AND(X55="Probabilidad",X56="Impacto"),(AI54-(+AI54*AA56)),IF(X56="Probabilidad",AI55,""))),"") | AJ56: =IFERROR(IF(OR(AND(AF56="Muy Baja",AH56="Leve"),AND(AF56="Muy Baja",AH56="Menor"),AND(AF56="Baja",AH56="Leve")),"Bajo",IF(OR(AND(AF56="Muy baja",AH56="Moderado"),AND(AF56="Baja",AH56="Menor"),AND(AF56="Baja",AH56="Moderado"),AND(AF56="Media",AH56="Leve"),AND(AF56="Media",AH56="Menor"),AND(AF56="Media",AH56="Moderado"),AND(AF56="Alta",AH56="Leve"),AND(AF56="Alta",AH56="Menor")),"Moderado",IF(OR(AND(AF56="Muy Baja",AH56="Mayor"),AND(AF56="Baja",AH56="Mayor"),AND(AF56="Media",AH56="Mayor"),AND(AF56="Alta",AH56="Moderado"),AND(AF56="Alta",AH56="Mayor"),AND(AF56="Muy Alta",AH56="Leve"),AND(AF56="Muy Alta",AH56="Menor"),AND(AF56="Muy Alta",AH56="Moderado"),AND(AF56="Muy Alta",AH56="Mayor")),"Alto",IF(OR(AND(AF56="Muy Baja",AH56="Catastrófico"),AND(AF56="Baja",AH56="Catastrófico"),AND(AF56="Media",AH56="Catastrófico"),AND(AF56="Alta",AH56="Catastrófico"),AND(AF56="Muy Alta",AH56="Catastrófico")),"Extremo","")))),"")
A58: GTE-FT-36/V4 | H58: Oficialización: 04/04/2025 | R58: Página 1 de 2
A59: CONTROL DE CAMBIOS
A60: VERSION INICIAL | D60: DESCRIPCIÓN DE LA CREACIÓN O CAMBIO DEL DOCUMENTO | AO60: FECHA | AU60: VERSIÓN FINAL
A61: 0 | D61: Creación del Formato Matriz de Riesgos de Seguridad de la Informacióń, con el fin identificar y valorar los riesgos de privacidad de la información de la Unidad Nacional de Protección | AO61: 44734 | AU61: 1
A62: 1 | B62: 1 | D62: Se cambia el nombre del documento a Formato identificación Riesgos de Seguridad de la Informacióń, con lo que se busca dar mas claridad a los usuarios internos y externos; igualmente se generan nuevas pestañas en las que se suministra información que aclara como hacer la identificación y valoración de los riesgos además se actualiza el instructivo de diligenciamiento, | AO62: 45217 | AU62: 2
A63: 2 | B63: 2 | D63: Se incluye contenido en Gestión de Riesgos atendiendo a los requisitos de la ISO/IEC 27001:2022 y las directrices de la ISO 31000:2018, Cartilla del DAFP V6,Anexo 4 Modelo Nacional de Gestión de Riesgos en Seguridad de la Información en Entidades Públicas y Gobierno Digital Seguridad y Privacidad de la Información. Se cambia el nombre del formato a Identificación Valoración y Tratamiento de Riesgos de Seguridad y Privacidad de la Información, de acuerdo a lo establecido en la Guía de Identificación Valoración y Tratamiento de Riesgos de Seguridad y Privacidad de la Información. | AO63: 45362 | AU63: 3
A64: 3 | B64: 3 | D64: Se actualiza toda la matriz con variables que dan cumplimiento a la operación de la UNP con todos los procesos | AO64: 45751 | AU64: 4
B65: CRÉDITOS

Sheet Intructivo
C1: IDENTIFICACIÓN VALORACIÓN Y TRATAMIENTO DE RIESGOS DE SEGURIDAD Y PRIVACIDAD DE LA INFORMACIÓN
C2: GESTIÓN TECNOLÓGICA
C3: UNIDAD NACIONAL DE PROTECCIÓN
B6: MATRIZ IDENTIFICACIÓN VALORACIÓN Y TRATAMIENTO DE RIESGOS DE SEGURIDAD Y PRIVACIDAD DE LA INFORMACIÓN
B7: Teniendo en cuenta que con la expedición del Decreto 1499 de 2017 “Por medio del cual se modifica el Decreto 1083 de 2015, Decreto Único Reglamentario del Sector Función Pública, en lo relacionado con el Sistema de Gestión establecido en el artículo 133 de la Ley 1753 de 2015”, se crea un solo Sistema de Gestión y se alinea con el Sistema de Control Interno, hoy todas las entidades públicas requieren actualizar y/o implementar el Modelo Integrado de Planeación y Gestión MIPG, modelo que incorpora el Modelo Estándar de Control Interno MECI a través de la 7a dimensión del mismo. En este marco general, el proceso de administración del riesgo es un esfuerzo conjunto entre la Alta Dirección y los servidores en todos sus niveles, ejercicio que inicia con la formulación de la política de Administración del Riesgo, la cual incluye los niveles de responsabilidad frente al seguimiento y evaluación, aspectos que deberán definirse acorde con el Esquema de Líneas de Defensa vinculado a la Dimensión 7. Teniendo en cuenta lo anterior y dada la necesidad de las entidades frente a la estructuración de los mapas de riesgos, como herramienta fundamental frente a la gestión del riesgo, el presente formato desarrolla un esquema completo acorde con los contenidos metodológicos de la Guía de Identificación Valoración y Tratamiento de Riesgos de Seguridad y Privacidad de la Información. El formato cuenta con celdas parametrizadas y permite contar con los respectivos mapas de calor para riesgo inherente y riesgo residual.
B9: Orientaciones Generales
B10: Antes de iniciar con el diligenciamiento de la información en la matriz, se requiere haber avanzado en el análisis del proceso, su objetivo, alcance, actividades clave, considere los lineamientos establecidos en el Paso 2: identificación del riesgo, donde se explica ampliamente las bases para adelantar este análisis. Así mismo, considere en el Paso 3: valoración del riesgo los lineamientos para definir el No. de veces que se hace la actividad con la cual se relaciona el riesgo y su impacto en términos económicos o reputacionales. En este mismo paso se analizan los controles que deben responder a los atributos de eficiencia e informativos. NOTA: Si lo considera pertinente, es posible agregar hojas de trabajo adicionales al presente formato que permitan incluir la traza de estos análisis.
B12: El archivo contiene las siguientes hojas: - Hoja 1 Instructivo - Hoja 2 Mapa Final: Encontrará la totalidad de la estructura para la identificación y valoración de los riesgos por proceso, programa o proyecto, acorde con el nivel de desagregación que la entidad considere necesaria.
C15: INSTRUCTIVO DE DILIGENCIAMIENTO
C16: # | D16: Columna | F16: Descripción - Lineamientos para el diligenciamiento
C17: 1 | D17: Proceso | F17: Diligencie el nombre del proceso al cual se le identificarán y valorarán los riesgos.
C18: 2 | D18: Objetivo | F18: Diligencie el objetivo del proceso, esta información se encuentra dentro de cada caracterización de los procesos
C19: 3 | D19: Alcance | F19: Diligencie el alcance del proceso esta información se encuentra dentro de cada caracterización de los procesos
C20: IDENTIFICACIÓN DEL RIESGO
C21: 4 | D21: Referencia | F21: Enumere cada uno de los riesgos identificados por procesos
C22: 5 | D22: Nombre del Proceso | F22: Utilice la lista de despligue que se encuentra parametrizada el nombre del proceso al cual se le identificarán y valorarán los riesgos.
C23: 6 | D23: Dependencia | F23: Utilice la lista de despligue que se encuentra parametrizada el nombre de la dependencias al cual se le identificarán y valorarán los riesgos.
C24: 7 | D24: Nombre de Activos Afectados (Activos Críticos) | F24: Describa los activos criticos afectados, estos activos criticos son aquellos que están identificados en el inventarios de activos por procesos que en su valoración tuvieron como resultado un nivel ALTO.
C25: 8 | D25: Amenazas | F25: Diligencia las amenazas que aplican al riesgo y que se encuentran en la pestaña Guía amenazas
C26: 9 | D26: causa / vulnerabilidades | F26: Diligencia lasvulnerabilidades que aplican al riesgo y que se encuentran en la pestaña Guía de vulnerabilidades
C27: 10 | D27: consecuencias | F27: Describa las consecuencias asociadas al riesgo, recuerde que estas son aquellas que pueden ocurrir en caso de que se materialice el riesgo. Estas consecuencias deben tener relación con las causas y amenazas asociadas.
C28: 11 | D28: Impacto | F28: Analice las consecuencias que puede ocasionar a la organización la materialización del riesgo, Seleccione de la lista desplegable los dos tipos de impactos opcionados, reputacional o econónmico.
C29: 12 | D29: Descripción del riesgo | F29: Consolida o resume los análisis sobre impacto + causa inmediata + causa raíz, permitiendo contar con una redacción clara y concreta del riesgo indentificado. Tenga en cuenta la estructura de alto nivel establecida en al guía, inicia con POSIBILIDAD DE + Impacto para la entidad (Qué) + Causas/vulnerabilidades (Cómo) + Consecuencia (Por qué)
C30: AFECTACIÓN DEL RIESGO
C31: 13 | D31: Confidencialidad | F31: Diligencie la afectación en lo referente a la confidencialidad se refiere a que la información no esté disponible ni sea revelada a individuos, Entidades o procesos no autorizados, esta se define de acuerdo con las características de los activos que tiene la Entidad y se encuentran alineadas con los tipos de información declarados en la Ley 1712 de 2014. Seleccione de la lista desplegable el nivel asociado. ALTO-MEDIO-BAJO
C32: 14 | D32: Integridad | F32: Diligencie la afectación en lo referente a la Integridad la Se refiere a la exactitud y completitud de la información, esta propiedad es la que permite que la información sea precisa, coherente y completa desde su creación hasta su destrucción. Seleccione de la lista desplegable el nivel asociado. ALTO-MEDIO-BAJO
C33: 15 | D33: Disponibilidad | F33: Diligencie la afectación en lo referente a la disponibilidad Es la propiedad de la información que se refiere a que esta debe ser accesible y utilizable por solicitud de una persona, Entidad o proceso autorizada cuando así lo requiera esta, en el momento y en la forma que se requiere ahora y en el futuro. Seleccione de la lista desplegable el nivel asociado. ALTO-MEDIO-BAJO
C34: ANÁLISIS DEL RIESGP INHERENTE
C35: 16 | D35: Frecuencia con la cual se lleva a cabo la actividad | F35: Defina el # de veces que se ejecuta la actividad durante el año, (Recuerde la probabilidad e ocurrencia del riesgo se defien como el No. de veces que se pasa por el punto de riesgo en el periodo de 1 año). La matriz automáticamente hará el cálculo para el nivel de probabilidad inherente (Columnas O-S)
C36: 17 | D36: Probabilidad Inherente | F36: Este campo se diligencia de forma autormatica Se analiza qué tan posible es que ocurra el riesgo, se expresa en términos de frecuencia o factibilidad, donde frecuencia implica analizar el número de eventos en un periodo determinado. Se debe referir a la hoja Tabla de probabilidad
C37: 18 | D37: % | F37: Esta columna no se diligencia, saldrá el valor automatico de la columna N.
C38: 19 | D38: Criterios de impacto | F38: Dilegencia el nivel repuacional o economico. Se debe referir a la hoja Tabla de Impacto.
C39: 20 | D39: Impacto nInherente | F39: Este campo se diligencia de forma autormatica ,Dilegencia matriz de calor inherente
C40: 21 | D40: % | F40: Esta columna no se diligencia, saldrá el valor automatico de la columna R.
C41: 22 | D41: Zona de Riesgos Inherente | F41: Este campo se diligencia de forma autormatica , Se evidencia resultado por formula que contiene la hoja de Excel - Mapa de calor.
C42: EVALUACIÓN DEL RIESGO - VALORACIÓN DE LOS CONTROLES
C43: 23 | D43: No de control | F43: Permite definir unl consecutivo del control
C44: 24 | D44: Descripción del control | F44: Definición como esta en la SOA
C45: 25 | D45: Control Anexo A NTC-ISO-IEC 27001:2022 | F45: Dar clic en la ventana ir a hoja SOA definida en la columna W. En esta columna no se debe diligenciar nada, esta columna es informativa para tener en cuenta de acuerdo con los controles establecidos en la SOA cuales son los aplicados en la UNP para los controles de riesgos asociados.
C46: 26 | D46: Afectación | F46: Esta casilla no se diligencia, depende de la selección en la columna Y.
C47: Atributos de control
C48: 27 | D48: Tipo | F48: Utilice la lista de despligue que se encuentra parametrizada Controles Preventivos: Va a las causas del riesgo Atacan la probabilidad de ocurrencia del riesgo. Controles Detectivos: Detecta que algo ocurre y devuelve el proceso a los controles preventivos Atacan la probabilidad de ocurrencia del riesgo. Controles Correctivos: Atacan el impacto frente a la materialización del riesgo.
C49: 28 | D49: Implementación | F49: Utilice la lista de despligue que se encuentra parametrizada Automático: Son actividades de procesamiento o validación de información que se ejecutan por un sistema y/o aplicativo de manera automática sin la intervención de personas para su realización. Manual: Controles que son ejecutados por una persona, tiene implícito el error humano.
C50: 29 | D50: Calificación | F50: Este campo se diligencia de forma autormatica Es la SUMA del PESO (Tipo de control) y Peso (Tipo de implementación) Peso (Tipo de control) + Peso (Tipo de implementación) = Calificación
C51: 30 | D51: Documentación | F51: Utilice la lista de despligue que se encuentra parametrizada Control: Documentado Control: Sin documentar
C52: 31 | D52: Frecuencia | F52: Utilice la lista de despligue que se encuentra parametrizada La frecuencia del control se desarrolla de manera: - Continua. - Aleatoria.
C53: 32 | D53: Evidencia | F53: Utilice la lista de despligue que se encuentra parametrizada El desarrollo del control permite obtener evidencia? - Con registro - Sin registro.
C54: Evaluación del riesgo - Nivel del riesgo residual
C55: 33 | D55: Probabilidad Residual | F55: Se trata de determinar los niveles de severidad a través de la combinación entre la probabilidad y el impacto. Se definen 4 zonas de severidad en la matriz de calor
C56: 34 | D56: Probabilidad Residual Final | F56: Es la multiplicación de la Probabilidad inherente % y la calificación del control %; posteriormente se resta a la Probabilidad inherente el resultado de la multiplicación anterior.
C57: 35 | D57: % | F57: Recuerde que el control se define como la medida que permite reducir o mitigar un riesgo. Defina el control (es) que atacan la causa raíz del riesgo, considere la estructura explicada en la guía: Responsable de ejecutar el control + Acción + Complemento
C58: 36 | D58: Impacto Residual Final | F58: Esta casilla no se diligencia, depende de la selección en la columna AG.
C59: 37 | D59: % | F59: Utilice la lista de despligue que se encuentra parametrizada, le aparecerán los valores
C60: 38 | D60: Zona de Riesgo Final | F60: Aplicando la matriz de calor que se tiene en las hojas
C61: 39 | D61: % | F61: Utilice la lista de despligue que se encuentra parametrizada, le aparecerán los valores
C62: 40 | D62: Tratamiento | F62: (Se describe el tratamiento para mantener en desarrollo el control del riesgo). Utilice la lista de despligue que se encuentra parametrizada, le aparecerán las opciones: i)Aceptar, ii)Evitar, iii)Reducir (compartir), iv)Reducir (mitigar).
C63: 41 | D63: Se prioriza el riesgo | F63: En caso de que se seleccione de la lista desplegable la opción SI. Recuerde que en este caso solo aplica para quellos riesgos cuyo nivel residual se encuentran en ALTO y EXTREMO. Por consiguiente se debe documentar un plan de tratamiento de riesgo adicional.
C64: PLAN DE ACCIÓN DE TRATAMIENTO DE RIESGOS
C65: 42 | D65: Plan de Acción Responsable, fecha implementación, fecha seguimiento, seguimiento. Registro | F65: Esta casilla dependerá del tratamiento establecido, si es Aceptar no se requieren acciones adicionales, en caso de escoger Reducir (mitigar) se deben diligenciar las acciones que se adelantarán como complemento a los controles establecidos, no necesariamente son controles adicionales. Para Reducir (compartir), es viable diligenciar la acción que deriva de esta (ejemplo póliza seguros, terceración), indicando información relevante.
C66: 43 | D66: Responsable | F66: diligencie el cargo, grupo o personal asignado como responsable de ejecutar las acciones de control.
C67: 44 | D67: Fecha de implementación | F67: Diligencie la Fecha de implementación
C68: PLAN DE ACCIÓN DE TRATAMIENTO DE RIESGOS
C69: 45 | D69: Actividades Ejecutadas | F69: Describa el numero de actividades ejecutadas
C70: 46 | D70: Actividades Programadas | F70: Describa el numero de actividades programadas
C71: 47 | D71: Eficacia de acciones | F71: Es el resultado de la operación de N° de actividades ejecutadas/N° de Actividades programadas.
C72: 48 | D72: Evidencias/ soporte | F72: Diligencie en esta fila el link de la carpeta que contienen las evidencias de las actividades ejecutadas en las actividades de control realizadas.
C73: 49 | D73: Observaciones Tercera línea Defensa | F73: En esta columa solo sera diligenciada por la tercera linea de defensa donde se evidencie la evaluación de la eficacia de las acciones planeadas para mitigar los posibles riesgos.
C74: 50 | D74: Archivese | F74: Diligencie la ruta de disposición final (almacenamiento) del documento ya sea físico o Digital cumpliendo los lineamientos y directrices establecidos por Gestión Documental.
B76: - Hoja 3 Guíavulnerabilidades: Tabla referente para todos los cálculos (no se diligencia)
B77: - Hoja 4 Guíaamenazas: Tabla referente para todos los cálculos (no se diligencia) - Hoja 5 SOA: Documento de SOA definida por la UNP y la justificación de aplicación de controles del Anexo A de la Norma ISO 27001:2022
B78: - Hoja 6 Matriz de Calor Inherente: En esta hoja, en la medida en que ese diligencia el Mapa Final, se verán reflejados los riesgos en su zona correspondiente. Esta hoja no se diligencia se genera de manera automática.
B79: - Hoja 7 Matriz de Calor Residual: En esta hoja, en la medida en que ese diligencia el Mapa Final, se verán reflejados los riesgos en su zona correspondiente. Esta hoja no se diligencia se genera de manera automática.
B80: - Hoja 8 Tabla de probabilidad: Tabla referente para todos los cálculos (no se diligencia)
B81: - Hoja 9 Tabla de Impacto: Tabla referente para todos los cálculos (no se diligencia)
B82: - Hoja 10 Tabla de Valoración de Controles: Tabla referente para todos los cálculos (no se diligencia)

Sheet Guíavulnerabilidades
B2: VULNERABILIDADES MÁS COMUNES DE LOS ACTIVOS
B3: TIPO | C3: ID | D3: CAUSAS
B4: 1. Recursos Humanos | C4: 1.1 | D4: Ausencia o carencia de personal idóneo.
C5: 1.2 | D5: Ausencia o carencia de conocimientos y habilidades en informática.
C6: 1.3 | D6: Desconocimiento de políticas, normas, o procedimientos de Seguridad de la Información.
C7: 1.4 | D7: Falta de conciencia en el reporte de incidentes de Seguridad de la Información.
C8: 1.5 | D8: Ausencia o carencia de conocimiento para el manejo de herramientas de seguridad informática.
C9: 1.6 | D9: Falta de conciencia en Seguridad de la Información.
C10: 1.7 | D10: Desconocimiento de las políticas para el buen uso de los activos de información (Red, Correo, Internet, Sistemas de Información, Chat, Redes Sociales, etc.).
C11: 1.8 | D11: Desconocimiento del marco legal y regulatorio de seguridad de la información.
C12: 1.9 | D12: Desconocimiento de los controles de seguridad informática aplicados a los activos de información que son de su responsabilidad.
C13: 1.10 | D13: Desconocimiento del marco legal y regulatorio de la protección de los datos personales.
C14: 1.11 | D14: Falta de conciencia en Protección de Datos Personales
C15: 1.12 | D15: Desconocimiento de políticas, normas, o procedimientos para el tratamiento de los datos personales.
C16: 1.13 | D16: Sobrecarga en la asignación de funciones.
... C18: 1.15 | D18: Capacidad reducida del proceso en cuanto a recursos humanos
B19: 2. Procesos | C19: 2.1 | D19: Ausencia de segregación de funciones o separación de deberes.
C20: 2.2 | D20: Ausencia de lineamientos para la divulgación de información al público.
C21: 2.3 | D21: Ausencia de procedimientos para la clasificación, etiquetado y manejo de la información.
C22: 2.4 | D22: Ausencia de lineamientos de seguridad de la información en todo el ciclo de la relación con los proveedores.
C23: 2.5 | D23: Ausencia de lineamientos de seguridad de la información para antes de asumir el empleo, durante la ejecución del empleo y para la terminación y cambio del empleo.
C24: 2.6 | D24: Ausencia de pruebas de vulnerabilidades técnicas de forma regular.
C25: 2.7 | D25: Ausencia de medidas apropiadas para corregir las vulnerabilidades técnicas.
C26: 2.8 | D26: Ausencia de registros sobre las actividades del usuario, excepciones, fallas y eventos.
C27: 2.9 | D27: Falta de revisión periódica de los registros de eventos de auditoría.
C28: 2.10 | D28: Falta de documentación técnica sobre los componentes tecnológicos.
C29: 2.11 | D29: Falta de integrar la seguridad de la información en todas las fases de la gestión del proyecto.
C30: 2.12 | D30: Ausencia de lineamientos para el tratamiento de los datos personales.
C31: 2.13 | D31: Falta definición de requisitos contractuales para la transmisión o transferencia de datos personales.
... C52: 2.34 | D52: Falta de la revisión técnica de las aplicaciones después de cambios en la plataforma de operación.
B53: 3. Infraestructura Física /Activo Hardware | C53: 3.1 | D53: Insuficiencia o mal funcionamiento de controles de acceso físico.
C54: 3.2 | D54: Falta de monitoreo en los controles de acceso físico a las edificaciones y recintos.
C55: 3.3 | D55: Falta de mantenimiento a la infraestructura física: cableado, racks, aire acondicionado, sistemas de extinción de incendios (detectores de humo, extinguidores etc.), UPS y planta eléctrica.
C56: 3.4 | D56: Ubicación en un área susceptible de inundación.
C57: 3.5 | D57: Ausencia de protección contra la humedad, polvo y suciedad.
C58: 3.6 | D58: Insuficiencia de muebles o archivadores para el almacenamiento de la información.
C59: 3.7 | D59: Ausencia de controles antisísmicos.
C60: 3.8 | D60: Ausencia o deficiencia en los controles para prevención de incendios.
C61: 3.9 | D61: Almacenamiento de documentos impresos sin medidas de protección.
C62: 3.10 | D62: Manejo inadecuado de la información.
C63: 3.11 | D63: Ubicado en una zona de susceptible de vandalismo, protestas y manifestaciones
C64: 3.12 | D64: Acceso a zonas seguras sin control.
B65: 4. Sistemas de Información, Servicios informáticos, Información | C65: 4.1 | D65: Gestión deficiente de contraseñas.
C66: 4.2 | D66: Asignación errada de privilegios o derechos de acceso.
C67: 4.3 | D67: Ausencia o debilidades de mecanismos de identificación y autenticación de usuario.
C68: 4.4 | D68: Inadecuada segregación de funciones, roles y perfiles de usuario.
C69: 4.5 | D69: Ausencia de un proceso formal para la revisión periódica de los permisos de acceso de los usuarios.
C70: 4.6 | D70: Notificación inoportuna de novedades de usuario a TI.
C71: 4.7 | D71: Ausencia de documentación actualizada de los Sistemas de Información.
C72: 4.8 | D72: Ausencia de protección a los datos de producción en los ambientes de prueba.
C73: 4.9 | D73: Uso de software que no cumple con los requerimientos de los usuarios.
C74: 4.10 | D74: Uso de software desactualizado o con vulnerabilidades.
C75: 4.11 | D75: Falta de control en el cumplimiento de estándares de actualización de software.
C76: 4.12 | D76: Ausencia o insuficiencia de pruebas de aceptación en los sistemas.
C77: 4.13 | D77: Ausencia o insuficiencia de pruebas de la funcionalidad de la seguridad de los sistemas.
... C103: 4.39 | D103: Ausencia de sistemas redundantes (Alta Disponibilidad), que permita dar una respuesta más rápida en eventos de falla.
B104: 5. Hardware | C104: 5.1 | D104: Mantenimiento insuficiente o inoportuno de los componentes de hardware.
C105: 5.2 | D105: Ausencia de mantenimientos preventivos programados.
C106: 5.3 | D106: Debilidades en la seguridad perimetral de la red de datos.
C107: 5.4 | D107: Arquitectura de red de datos sin cumplir con los requerimientos de seguridad de la información.
C108: 5.5 | D108: Ausencia de control sobre dispositivos móviles.
C109: 5.6 | D109: Dependencia de un sólo proveedor de Internet.
C110: 5.7 | D110: Ausencia o insuficiencia de ANS (Acuerdos de Niveles de Servicio).
C111: 5.8 | D111: Susceptibilidad a las variaciones de temperatura.
C112: 5.9 | D112: Susceptibilidad a las variaciones de voltaje.
C113: 5.10 | D113: Obsolescencia tecnológica.
C114: 5.11 | D114: Uso inadecuado de los componentes tecnológicos (equipos de cómputo, dispositivos de red, servidores, etc.).

Sheet Guíaamenazas
B2: AMENAZAS MÁS COMUNES
B3: TIPO | C3: ID | D3: AMENAZAS
B4: 1. Personas | C4: 1.1 | D4: Sobrecarga laboral.
C5: 1.2 | D5: Ingeniería social.
C6: 1.3 | D6: Coacción.
C7: 1.4 | D7: Sabotaje.
C8: 1.5 | D8: Errores humanos en el cumplimiento de las labores.
C9: 1.6 | D9: Acciones fraudulentas
C10: 1.7 | D10: Entrega indebida de la información.
C11: 1.8 | D11: Modificación indebida de la información.
C12: 1.9 | D12: Situaciones administrativas durante la relación laboral (incapacidades, vacaciones, muerte, licencias).
B13: 2. Infraestructura Física | C13: 2.1 | D13: Contaminación, Polvo, Corrosión.
C14: 2.2 | D14: Niveles de temperatura o humedad por fuera de los rangos aceptables.
C15: 2.3 | D15: Fallas de electricidad.
C16: 2.4 | D16: Señales de interferencia.
C17: 2.5 | D17: Daño en instalaciones físicas.
C18: 2.6 | D18: Fallas en el aire acondicionado.
C19: 2.7 | D19: Fallas en las UPS.
C20: 2.8 | D20: Fallas en la planta eléctrica.
C21: 2.9 | D21: Desastres naturales.
C22: 2.10 | D22: Incendio.
C23: 2.11 | D23: Inundación.
C24: 2.12 | D24: Asonada/Conmoción civil / Terrorismo/Vandalismo.
C25: 2.13 | D25: Desastre accidental.
C26: 2.14 | D26: Daño en componentes tecnológicos
B27: 3. Sistemas de Información/Servicios informáticos/Información | C27: 3.1 | D27: Ataque informático para acceder a información reservada o clasificada.
C28: 3.2 | D28: Ataque informático para modificar datos.
C29: 3.3 | D29: Ingeniería social.
C30: 3.4 | D30: Interceptación de información.
C31: 3.5 | D31: Cifrado no autorizado de la información por malware o acción mal intencionada.
C32: 3.6 | D32: Corrupción de los datos por fallas en el software.
C33: 3.7 | D33: Suplantación de usuarios.
C34: 3.8 | D34: Abuso de privilegios.
C35: 3.9 | D35: Elevación de privilegios.
C36: 3.10 | D36: Exposición de información confidencial y de uso interno por errores de configuración.
C37: 3.11 | D37: Malware / software malicioso.
C38: 3.12 | D38: Denegación de servicios.
C39: 3.13 | D39: Alteración de la información
... C42: 3.16 | D42: Uso no autorizado de la información
B43: 4. Hardware | C43: 4.1 | D43: Fallas en los componentes de hardware.
C44: 4.2 | D44: Falla de medios de respaldo y recuperación.
C45: 4.3 | D45: Fallas en el aire acondicionado.
C46: 4.4 | D46: Uso de equipos no autorizados como piñas, videocámaras, y grabadoras entre otros.
C47: 4.5 | D47: Hurto de equipos, medios magnéticos o documentos.
C48: 4.6 | D48: Fallas en el suministro de energía eléctrica
C49: 4.7 | D49: Acceso a información confidencial y de uso interno desde componentes tecnológicos reciclados o desechados.

Sheet  SOA
D1: FORMATO DE DECLARACIÓN APLICABILIDAD - SOA
D2: GESTIÓN TECNOLÓGICA
D3: UNIDAD NACIONAL DE PROTECCIÓN
B5: DECLARACIÓN DE APLICABILIDAD - SOA Numeral 6.1.3 ISO 27001:2022 | I5: ATRIBUTOS DE ISO 27002:2022
I6: TIPO DE CONTROL | L6: PROPIEDADES DE LA SEGURIDAD DE LA INFORMACIÓN | O6: CONCEPTOS DE CIBERSEGURIDAD | T6: CAPACIDAD OPERACIONAL | AI6: DOMINIOS DE SEGURIDAD
I10: PREVENTIVO | J10: DETECTIVO | K10: CORRECTIVO | L10: CONFIDENCIALIDAD | M10: INTEGRIDAD | N10: DISPONIBILIDAD | O10: IDENTIFICAR | P10: PROTEGER | Q10: DETECTAR | R10: RESPONDER | S10: RECUPERAR | T10: GOBERNANZA / GESTIÓN | U10: GESTIÓN DE ACTIVOS | V10: PROTECCION DE LA INFORMACIÓN Y DATOS | W10: SEGURIDAD DE RH | X10: SEGURIDAD FÍSICA | Y10: SEG. SISTEMAS & REDES | Z10: SEG. APLICACIONES | AA10: CONFIG. SEGURA | AB10: GEST. IDENTIDAD Y ACCAESO | AC10: GESTIÓN DE AMENAZAS Y VULNERABILIDADES | AD10: CONTINUIDAD DE NEGOCIO | AE10: SEG. RELACIÓN CON PROVEEDORES | AF10: REQ. LEGALES Y DE CUMPLIMIENTO | AG10: GEST. EVENTOS Y SEG. INFORMACIÓN | AH10: GARANTÍAS DE SEG. INFORMACIÓN | AI10: GOBIERNO Y ECOSISTEMA | AJ10: PROTECCION | AK10: DEFENSA | AL10: RESILENCIA
B11: Control (Anexo A) ISO 27001:2022 | C11: CONTROL | D11: Descripción del Control y Objetivo | E11: ¿Aplica? Sí / No | G11: Detallar justificación o exclusión de la aplicabilidad en la UNP | H11: Declaración de aplicabilidad (Describir soporte)
B12: 5. ORGANIZACIONAL
B13: 5.1 | C13: Políticas de seguridad de la información | D13: Control: La política de seguridad de la información y las políticas de temas específicos deben ser definidas, aprobadas por la dirección, publicadas, comunicadas y reconocidas por el personal y las partes interesadas pertinentes y revisadas a intervalos planificados y si se producen cambios significativos. Objetivo: Garantizar la idoneidad, adecuación y eficacia continuas de la dirección y el apoyo a la seguridad de la información de acuerdo con los requisitos empresariales, legales, reglamentarios y contractuales. | E13: X | G13: La Unidad Nacional de Protección justifica la aplicación de este control a través del Manual de politicas especificas de seguridad y privacidad de la información donde se establecen lineamientos particulares de cumplimiento de cada una de las politicas internas definidas por el area de tecnologia y de obligatorio cumplimiento por todas las partes interesadas internas y externas de la entidad. Adicional a esto, la UNP define a traves de acto administrativo la adopción de la Politica del Sistema de Gestión de Seguridad de la información y la politica general de Seguridad y privacidad de la información en cumplimiento del marco legal de la resolución 500 del 2021 del MinTic, aprobada y socializada ante el Comité Institucional de Gestión y Desempeño. | H13: GTE-MA-02 Manual de politicas especificas de seguridad y privacidad de la información Resolución 0649 del 2024 Resolución 1774 del 2024 | I13: X | L13: X | M13: X | N13: X | O13: X | T13: X | AI13: X | AL13: X
B14: 5.2 | C14: Roles y responsabilidades de SI | D14: Control: Las funciones y responsabilidades de seguridad de la información se deben definir y asignar de acuerdo con las necesidades de la organización. Objetivo: Establecer una estructura definida, aprobada y entendida para la implementación operación y gestión de la seguridad de la información dentro de la organización. | E14: X | G14: La Unidad Nacional de Protección justifica la aplicación de este control a través de la matriz de roles, responsabilidades y autoridades del SIG, se establecen los roles y responsabilidades pertinentes en SI de acuerdo con las necesidades de la entidad. | H14: GIN-FT-33 Anexo 7. Matriz de responsabilidades y autoridades | I14: X | L14: X | M14: X | N14: X | O14: X | T14: X | AI14: X | AJ14: X | AL14: X
B15: 5.3 | C15: Segregación de funciones | D15: Control: Las funciones y las áreas de responsabilidad conflictivas deben estar separadas. Objetivo: Reducir el riesgo de fraude, error y omisión de los controles de seguridad de la información. | E15: X | G15: La Unidad Nacional de Protección justifica la aplicación de este control a través de la matriz de roles, responsabilidades y autoridades del SIG, se establecen los roles y responsabilidades pertinentes en SI de acuerdo con las necesidades de la entidad. | H15: GIN-FT-33 Anexo 7. Matriz de responsabilidades y autoridades Organigrama | I15: X | L15: X | M15: X | N15: X | P15: X | T15: X | AB15: X | AI15: X
B16: 5.4 | C16: Responsabilidades de la dirección | D16: Control: La administración debe exigirle a todo el personal que aplique la seguridad de la información de acuerdo con la política de seguridad de la información establecida, las políticas y los procedimientos específicos de cada tema de la organización. Objetivo: Garantizar que la dirección comprenda su papel en la seguridad de la información y emprender acciones encaminadas a garantizar que todo el personal sea consciente y cumpla con sus responsabilidades en materia de seguridad de la información. | E16: X | G16: La UNP, dentro de la segregación de responsabilidades justifica el cumplimiento de aplicación de este control a traves de los compromisos de la alta dirección definidas en acto adminitrativo interno de adopción de la politica integrada del SIG, a su vez se aprobó y se socializó en Comité Institucional de Gestión y Desempeño. Por otro lado, la dirección tiene sus responsabilidades definidas en la Matriz de roles, responsabilidades y autoridades del SIG | H16: Resolución 0649 del 2024 GIN-FT-33 Anexo 7. Matriz de responsabilidades y autoridades Organigrama | I16: X | L16: X | M16: X | N16: X | O16: X | T16: X | AI16: X
B17: 5.5 | C17: Contacto con autoridades | D17: Control: La organización debe establecer y mantener contacto con las autoridades pertinentes. Objetivo: Garantizar un flujo de información adecuado con respecto a la seguridad de la información entre la organización y las autoridades legales, reglamentarias y de supervisión pertinentes. | E17: X | G17: Se gaarantiza el flujo de la información adecuada con respecto a la seguridad de la información a traves de la guia de contacto con autoridades y grupos de interés especial definidas en el SIG, dentro de este documento se definen las autoridades y como se establecen las comunicaciones y contactos entre la entidad y cada uno de ellos de acuerdo con el incidente o suceso identificado que pueda afectar la seguridad de la información. | H17: GTE-GU-06 Guia de contacto con autoridades y grupos de interés especial | I17: X | K17: X | L17: X | M17: X | N17: X | O17: X | P17: X | R17: X | S17: X | T17: X | AK17: X | AL17: X
B18: 5.6 | C18: Contacto con grupos de interés especial | D18: Control: La organización debe establecer y mantener contacto con grupos de interés especial u otros foros de seguridad especializados y asociaciones profesionales. Objetivo: Garantizar que se produce un flujo adecuado de información con respecto a la seguridad de la información. | E18: X | G18: Se gaarantiza el flujo de la información adecuada con respecto a la seguridad de la información a traves de la guia de contacto con autoridades y grupos de interés especial definidas en el SIG, dentro de este documento se definen las autoridades y como se establecen las comunicaciones y contactos entre la entidad y cada uno de ellos de acuerdo con el incidente o suceso identificado que pueda afectar la seguridad de la información. | H18: GTE-GU-06 Guia de contacto con autoridades y grupos de interés especial | I18: X | K18: X | L18: X | M18: X | N18: X | P18: X | R18: X | S18: X | T18: X | AK18: X
B19: 5.7 | C19: Inteligencia de Amenazas - NEW | D19: Control: La información relativa a las amenazas a la seguridad de la información se debe recopilar y analizar para producir inteligencia sobre amenazas. Objetivo: Dar a conocer el entorno de amenazas de la organización para que se puedan tomar las medidas de mitigación adecuadas. | E19: X | G19: La UNP define dentro de la información documenta del SIG, procedimiento de incidentes donde se referencian las clasificación de incidentes y la criticidad de cada uno de ellos y asi mismo las posibles soluciones brindadas por el equipo de mesa de servicios de la entidad. | H19: GTE-PR-43 Procedimiento Gestion de incidentes Plataforma Ivanti | I19: X | J19: X | K19: X | L19: X | M19: X | N19: X | O19: X | Q19: X | R19: X | AC19: X | AK19: X | AL19: X
B20: 5.8 | C20: Seguridad de la información en la gestión de proyectos | D20: Control: La seguridad de la información se debe integrar en la gestión de proyectos. Objetivo: Garantizar que los riesgos de seguridad de la información relacionados con los proyectos y los productos finales se aborden de forma eficaz en la gestión de proyectos durante todo el ciclo de vida del proyecto. | E20: X | G20: La UNP define lineamientos para el cumplimiento de este control descritos en documentos internos como procedimientos y formatos donde se conserva los registros de los ejercicios realizados | H20: GTE-PR-42 Procedimiento Gestion de proyectos de TI y proveedores | I20: X | L20: X | M20: X | N20: X | O20: X | P20: X | T20: X | AI20: X | AJ20: X
B21: 5.9 | C21: Inventario de información y otros activos asociados | D21: Control: Se debería elaborar y mantener un inventario de información y otros activos asociados, incluidos los propietarios. Objetivo: Identificar la información de la organización y otros activos asociados para preservar su seguridad de la información y asignar la propiedad apropiada. | E21: X | G21: Los activos de información se encuentran identificados en el formato definido por el SIG, donde se evidencian los registros realizado por cada una de las dependencias de la entidad, asi mismo se evidencian las valoraciones y se identifican la criticidad de los activos enmarcados en la triada CID. | H21: GTE-FT-39 Formato de Registro y Valoración de Activos de Seguridad de la Información | I21: X | L21: X | M21: X | N21: X | O21: X | U21: X
B22: 5.10 | C22: Uso aceptable de la información y otros activos asociados | D22: Control: Se deben identificar, documentar y aplicar normas para el uso aceptable y procedimientos para el manejo de la información y otros activos asociados. Objetivo: Garantizar que la información y otros activos asociados estén protegidos, utilizados y gestionados de forma adecuada. | E22: X | G22: La UNP define lineamientos para el cumplimiento de este control descritos en documentos internos como procedimientos y formatos donde se conserva los registros de los ejercicios realizados | H22: GTE-PR 44 Procedimiento de clasificación y etiquetado de la información GDT-FT-25 Tablas de Control de Acceso -TCA | I22: X | L22: X | M22: X | N22: X | P22: X | U22: X | V22: X | AI22: X | AJ22: X
B23: 5.11 | C23: Devolución de activos | D23: Control: El personal y otras partes interesadas, según corresponda, deben devolver todos los activos de la organización que estén en su poder al cambiar o terminar su empleo, contrato o acuerdo. Objetivo: Proteger los activos de la organización como parte del proceso de cambio o terminación de empleo, contrato o acuerdo. | E23: X | G23: La UNP define lineamientos para el cumplimiento de este control descritos en documentos internos como procedimientos y formatos donde se conserva los registros de los ejercicios realizados | H23: GABS-PR-01 Procedimiento Administración de Bienes GABS-FT-10 Formato Transferencia de Bienes GABS-FT-04 Reintegro de Bienes al Almacén | I23: X | L23: X | M23: X | N23: X | P23: X | U23: X | AJ23: X
B24: 5.12 | C24: Clasificación de la información | D24: Control: La información se debe clasificar según las necesidades de seguridad de la información de la organización en función de la confidencialidad, la integridad, la disponibilidad y los requisitos pertinentes de las partes interesadas. Objetivo: Asegurar la identificación y comprensión de las necesidades de protección de la información de acuerdo con su importancia para la organización. | E24: X | G24: La UNP define lineamientos para el cumplimiento de este control descritos en documentos internos como procedimientos y formatos donde se conserva los registros de los ejercicios realizados | H24: GTE-PR 44 Procedimiento de clasificación y etiquetado de la información GDT-FT-25 Tablas de Control de Acceso -TCA | I24: X | L24: X | M24: X | N24: X | O24: X | V24: X | AJ24: X | AK24: X
B25: 5.13 | C25: Etiquetado de la información | D25: Control: Debería elaborarse y aplicarse un conjunto adecuado de procedimientos para el etiquetado de la información de conformidad con el plan de clasificación de la información adoptado por la organización. Objetivo: Facilitar la comunicación de la clasificación de la información y apoyar la automatización del procesamiento y la gestión de la información. | E25: X | G25: La UNP define lineamientos para el cumplimiento de este control descritos en documentos internos como procedimientos y formatos donde se conserva los registros de los ejercicios realizados | H25: GTE-PR 44 Procedimiento de clasificación y etiquetado de la información GDT-FT-25 Tablas de Control de Acceso -TCA | I25: X | L25: X | M25: X | N25: X | P25: X | V25: X | AJ25: X | AK25: X
B26: 5.14 | C26: Transferencia de la información | D26: Control: Se deberían establecer normas, procedimientos o acuerdos de transferencia de información para todos los tipos de facilidades de transferencia dentro de la organización y entre la organización y otras partes. Objetivo: Mantener la seguridad de la información transferida dentro de una organización y con cualquier parte externa interesada. | E26: X | G26: La UNP define lineamientos para el cumplimiento de este control descritos en documentos internos como procedimientos y formatos donde se conserva los registros de los ejercicios realizados | H26: GTE-MA-02 Manual de politicas especificas de seguridad y privacidad de la información. (Politica de transferencia de información). GTE-PR 44 Procedimiento de clasificación y etiquetado de la información GDT-FT-25 Tablas de Control de Acceso -TCA | I26: X | L26: X | M26: X | N26: X | P26: X | U26: X | V26: X | AJ26: X
B27: 5.15 | C27: Control de acceso | D27: Control: Las reglas para controlar el acceso físico y lógico a la información y otros activos asociados deberían establecerse e implementarse en función de los requisitos de seguridad de la información y del negocio. Objetivo: Garantizar el acceso autorizado y evitar el acceso no autorizado a la información y otros activos asociados. | E27: X | G27: La unp tiene la aplicación de este control a través de los lineamientos definidos en la politica de dispositivos móviles definidos en el Manual de politicas especificas de seguridad y privacidad de la información. | H27: GTE-MA-02 Manual de politicas especificas de seguridad y privacidad de la información. (Politica de dispositivos móviles/ Politica de control de acceso). | I27: X | L27: X | M27: X | N27: X | P27: X | AB27: X | AJ27: X
B28: 5.16 | C28: Gestión de la identidad | D28: Control: Se debería gestionar todo el ciclo de vida de las identidades. Objetivo: Permitir la identificación única de individuos y sistemas que acceden a la información de la organización y otros activos asociados y permitir la asignación adecuada de derechos de acceso. | E28: X | G28: La UNP tiene aplicación de este control a traves de los lineamientos definidos en el documento GTE-PR-40 Procedimiento de Administración y Creación de Cuentas de Usuario y Cuentas Genéricas | H28: GTE-PR-40 Procedimiento de Administración y Creación de Cuentas de Usuario y Cuentas Genéricas GTE-MA-02 Manual de politicas especificas de seguridad y privacidad de la información (Politica de control de acceso, politica de Gestión de Administración de Usuarios y Cuentas Genéricas.). | I28: X | L28: X | M28: X | N28: X | P28: X | AB28: X | AJ28: X
B29: 5.17 | C29: Información de autenticación | D29: Control: La asignación y gestión de la información de autenticación debería controlarse mediante un proceso de gestión, que incluya el asesoramiento del personal sobre el tratamiento adecuado de la información de autenticación. Objetivo: Para garantizar la autenticación de entidades correcta y evitar errores en los procesos de autenticación. | E29: X | G29: La UNP tiene aplicación de este control a traves de los lineamientos definidos en el documento GTE-PR-40 Procedimiento de Administración y Creación de Cuentas de Usuario y Cuentas Genéricas | H29: GTE-PR-40 Procedimiento Acceso, Administración y Creación de Cuentas de Usuario y Cuentas Genéricas GTE-MA-02 Manual de politicas especificas de seguridad y privacidad de la información (Politica de control de acceso, politica de gestión de contraseñas, politica de Gestión de Administración de Usuarios y Cuentas Genéricas.). | I29: X | L29: X | M29: X | N29: X | P29: X | AB29: X | AJ29: X
B30: 5.18 | C30: Derechos de acceso | D30: Control: Los derechos de acceso a la información y a otros activos asociados se deberían aprovisionar, revisar, modificar y eliminar de acuerdo con la política y las reglas de control de acceso específicas del tema de la organización. Objetivo: Garantizar que el acceso a la información y otros activos asociados se define y autoriza de acuerdo con los requisitos empresariales. | E30: X | G30: La unp tiene la aplicación de este control a través de los lineamientos definidos en la politica de dispositivos móviles y politica de control de acceso definidos en el Manual de politicas especificas de seguridad y privacidad de la información. | H30: GTE-MA-02 Manual de politicas especificas de seguridad y privacidad de la información. (Politica de dispositivos móviles y politica de control de acceso). | I30: X | L30: X | M30: X | N30: X | P30: X | AB30: X | AJ30: X
B31: 5.19 | C31: Seguridad de la información en la relación con proveedores | D31: Control: Deberían definirse e implementarse procesos y procedimientos para gestionar los riesgos de seguridad de la información asociados con el uso de los productos o servicios del proveedor. Objetivo: Mantener un nivel acordado de seguridad de la información en las relaciones con los proveedores. | E31: X | G31: La UNP define lineamientos para el cumplimiento de este control descritos en documentos internos como procedimientos y formatos donde se conserva los registros de los ejercicios realizados | H31: GCT-MA-01 Manual de contratación y supervisión GTE-PR-42 Procedimiento Gestion de proyectos de TI y proveedores | I31: X | L31: X | M31: X | N31: X | O31: X | AE31: X | AI31: X | AJ31: X
B32: 5.20 | C32: Abordar la seguridad de la información en los acuerdos con los proveedores | D32: Control: Los requisitos de seguridad de la información pertinentes deberían establecerse y acordarse con cada proveedor en función del tipo de relación con el proveedor. Objetivo: Mantener un nivel acordado de seguridad de la información en las relaciones con los proveedores. | E32: X | G32: La UNP define lineamientos para el cumplimiento de este control descritos en documentos internos como procedimientos y formatos donde se conserva los registros de los ejercicios realizados | H32: GCT-MA-01 Manual de contratación y supervisión GTE-PR-42 Procedimiento Gestion de proyectos de TI y proveedores | I32: X | L32: X | M32: X | N32: X | O32: X | AE32: X | AI32: X | AJ32: X
B33: 5.21 | C33: Gestión de la seguridad de la información en la cadena de suministro | D33: Control: Deberían definirse y aplicarse procesos y procedimientos para gestionar los riesgos de seguridad de la información asociados a la cadena de suministro de productos y servicios de TIC. Objetivo: Mantener un nivel acordado de seguridad de la información en las relaciones con los proveedores. | E33: X | G33: La UNP define lineamientos para el cumplimiento de este control descritos en documentos internos como procedimientos y formatos donde se conserva los registros de los ejercicios realizados | H33: GCT-MA-01 Manual de contratación y supervisión GTE-PR-42 Procedimiento Gestion de proyectos de TI y proveedores | I33: X | L33: X | M33: X | N33: X | O33: X | AE33: X | AI33: X | AJ33: X
B34: 5.22 | C34: Seguimiento, revisión y gestión de cambios de servicios de proveedores | D34: Control: La organización debería supervisar, revisar, evaluar y gestionar regularmente los cambios en las prácticas de seguridad de la información del proveedor y en la prestación de servicios. Objetivo: Mantener un nivel acordado de seguridad de la información y prestación de servicios de acuerdo con los acuerdos con los proveedores. | E34: X | G34: La UNP define lineamientos para el cumplimiento de este control descritos en documentos internos como procedimientos y formatos donde se conserva los registros de los ejercicios realizados | H34: GCT-MA-01 Manual de contratación y supervisión GTE-PR-42 Procedimiento Gestion de proyectos de TI y proveedores GIN-PR-10 Procedimiento Planificación y gestión del cambio GIN-FT-51 Planificación del Cambio | I34: X | L34: X | M34: X | N34: X | O34: X | AE34: X | AI34: X | AJ34: X | AK34: X | AL34: X
B35: 5.23 | C35: Seguridad de la información para el uso de servicios en la nube - NEW | D35: Control: Los procesos de adquisición, uso, gestión y salida de los servicios en la nube deberían establecerse de acuerdo con los requisitos de seguridad de la información de la organización. Objetivo: Especificar y gestionar la seguridad de la información para el uso de servicios en la nube. | E35: X | G35: La Unidad Nacional de Protección cuenta con la plataforma inteligente de Microsoft y licencias 365 que ofrece un espacio de trabajo compartido con diferentes soluciones para llevar a cabo tus proyectos desde un único sitio | H35: GTE-MA-02 Manual de politicas especificas de seguridad y privacidad de la información. (Politica de manejo de nube) | I35: X | L35: X | M35: X | N35: X | P35: X | AE35: X | AI35: X | AJ35: X
B36: 5.24 | C36: Planificación y preparación de la gestión de incidentes de SI. | D36: Control: La organización debería planificar y prepararse para gestionar los incidentes de seguridad de la información definiendo, estableciendo y comunicando los procesos, funciones y responsabilidades de gestión de incidentes de seguridad de la información. Objetivo: Garantizar una respuesta rápida, eficaz, coherente y ordenada a los incidentes de seguridad de la información, incluida la comunicación sobre los eventos de seguridad de la información. | E36: X | G36: La UNP define lineamientos para el cumplimiento de este control descritos en documentos internos como procedimientos y formatos donde se conserva los registros de los ejercicios realizados | H36: GTE-PR-43 ProcedimientoGestion de incidentes Plataforma ivanti | K36: X | L36: X | M36: X | N36: X | R36: X | S36: X | T36: X | AG36: X | AK36: X | AL36: X
B37: 5.25 | C37: Evaluación y decisión sobre los eventos de SI. | D37: Control: La organización debería evaluar los eventos de seguridad de la información y decidir si se deben clasificar como incidentes de seguridad de la información. Objetivo: Garantizar la categorización y priorización efectivas de los eventos de seguridad de la información. | E37: X | G37: La UNP define lineamientos para el cumplimiento de este control descritos en documentos internos como procedimientos y formatos donde se conserva los registros de los ejercicios realizados | H37: GTE-PR-43 ProcedimientoGestion de incidentes Plataforma ivanti | J37: X | L37: X | M37: X | N37: X | Q37: X | T37: X | AG37: X | AK37: X
B38: 5.26 | C38: Respuesta a incidentes de SI. | D38: Control: Los incidentes de seguridad de la información deben ser respondidos de conformidad con los procedimientos documentados. Objetivo: Garantizar una respuesta eficaz a los incidentes de seguridad de la información. | E38: X | G38: La UNP define lineamientos para el cumplimiento de este control descritos en documentos internos como procedimientos y formatos donde se conserva los registros de los ejercicios realizados | H38: GTE-PR-43 ProcedimientoGestion de incidentes Plataforma ivanti | J38: X | L38: X | M38: X | N38: X | R38: X | S38: X | AG38: X | AK38: X
B39: 5.27 | C39: Aprendiendo de los incidentes de SI | D39: Control: Los conocimientos obtenidos de los incidentes de seguridad de la información deberían utilizarse para reforzar y mejorar los controles de seguridad de la información. Objetivo: Reducir la probabilidad o las consecuencias de futuros incidentes. | E39: X | G39: La UNP define lineamientos para el cumplimiento de este control descritos en documentos internos como procedimientos y formatos donde se conserva los registros de los ejercicios realizados | H39: GTE-PR-43 ProcedimientoGestion de incidentes Plataforma ivanti | I39: X | L39: X | M39: X | N39: X | O39: X | R39: X | AG39: X | AK39: X
B40: 5.28 | C40: Recopilación de pruebas | D40: Control: La organización debería establecer e implementar procedimientos para la identificación, recolección, adquisición y preservación de pruebas relacionadas con eventos de seguridad de la información. Objetivo: Garantizar una gestión coherente y eficaz de las pruebas relacionadas con los incidentes de seguridad de la información para los fines de las acciones disciplinarias y legales. | E40: X | G40: La UNP define lineamientos para el cumplimiento de este control descritos en documentos internos como procedimientos y formatos donde se conserva los registros de los ejercicios realizados | H40: GTE-PR-43 ProcedimientoGestion de incidentes Plataforma ivanti | K40: X | L40: X | M40: X | N40: X | O40: X | P40: X | AG40: X | AK40: X
B41: 5.29 | C41: Sistemas de información durante la interrupción | D41: Control: La organización debería planificar cómo mantener la seguridad de la información en un nivel adecuado durante la interrupción. Objetivo: Proteger la información y otros activos asociados durante la interrupción. | E41: X | G41: La UNP tiene definidio documento general protocolo de contingencia para la atención de crisis en tecnológia y seguridad de información, asi mismo se tiene dentro de este documento como anexo analisis de impacto de negocio donde se evaluan las actividades y procesos criticos de la organización | H41: GTE-PR-02 Protocolo de contingencia para la atención de crisis en tecnológia y seguridad de información GTE-FT-50 Análisis de Impacto de Negocios-BIA | I41: X | K41: X | L41: X | M41: X | N41: X | P41: X | R41: X | AD41: X | AJ41: X | AL41: X
B42: 5.30 | C42: Preparación de las TIC para continuidad del negocio - NEW | D42: Control: La preparación para las TIC debería planificarse, implementarse, mantenerse y probarse sobre la base de los objetivos de continuidad empresarial y los requisitos de continuidad de las TIC. Objetivo: Garantizar la disponibilidad de la información de la organización y de otros activos asociados durante la interrupción. | E42: X | G42: La UNP tiene definidio documento general protocolo de contingencia para la atención de crisis en tecnológia y seguridad de información, asi mismo se tiene dentro de este documento como anexo analisis de impacto de negocio donde se evaluan las actividades y procesos criticos de la organización | H42: GTE-PT-02 Protocolo de contingencia para la atención de crisis en tecnológia y seguridad de información GTE-FT-50 Análisis de Impacto de Negocios-BIA | K42: X | N42: X | R42: X | AD42: X | AL42: X
B43: 5.31 | C43: Requisitos legales, estatutarios, reglamentarios y contractuales | D43: Control: Los requisitos legales, estatutarios, reglamentarios y contractuales relevantes para la seguridad de la información y el enfoque de la organización para cumplir con estos requisitos deberían ser identificados, documentados y actualizados. Objetivo: Garantizar el cumplimiento de los requisitos legales, legales, reglamentarios y contractuales relacionados con la seguridad de la información. | E43: X | G43: La UNP define lineamientos para el cumplimiento de este control descritos en documentos internos como procedimientos y formatos donde se conserva los registros de los ejercicios realizados | H43: GJU-PR-12 Procedimiento Gestión del normograma y matrices legales del sistema integrado de gestión SIG -MIPG GJU-FT-23 Normograma - JURÍDICA | I43: X | L43: X | M43: X | N43: X | O43: X | AF43: X | AI43: X
B44: 5.32 | C44: Derechos de la propiedad intelectual | D44: Control: La organización debería aplicar los procedimientos apropiados para proteger los derechos de propiedad intelectual. Objetivo: Garantizar el cumplimiento de los requisitos legales, legales, reglamentarios y contractuales relacionados con los derechos de propiedad intelectual y el uso de productos propietarios. | E44: X | G44: La UNP define lineamientos para el cumplimiento de este control descritos en documentos internos como Acuerdo de confidencialidad | H44: GTE-FT-34 Formato de Acuerdo de Confidencialidad para Servidores Públicos, Contratistas y-o Terceros | I44: X | L44: X | M44: X | N44: X | O44: X | AF44: X | AI44: X
B45: 5.33 | C45: Protección de registros | D45: Control: Los registros deberían estar protegidos de pérdidas, destrucción, falsificación, acceso no autorizado y liberación no autorizada. Objetivo: Garantizar el cumplimiento de los requisitos legales, legales, reglamentarios y contractuales, así como de las expectativas comunitarias o sociales relacionadas con la protección y disponibilidad de los registros. | E45: X | G45: La UNP define lineamientos para el cumplimiento de este control descritos en documentos internos como La politica de ratamiento de datos y proitección de datos, adicionalmente con el procedimiento de control acceso | H45: Resolución 1848 tratamiento datos y politica de datos GTE-PR-40 Procedimiento Acceso, Administración y Creación de Cuentas de Usuario y Cuentas Genéricas GTE-MA-02 Manual de politicas especificas de seguridad y privacidad de la información (Politica de control de acceso, politica de gestión de contraseñas, politica de Gestión de Administración de Usuarios y Cuentas Genéricas.). | I45: X | L45: X | M45: X | N45: X | O45: X | P45: X | U45: X | V45: X | AK45: X
B46: 5.34 | C46: Privacidad y protección de PII | D46: Control: La organización debería identificar y cumplir con los requisitos relativos a la preservación de la privacidad y la protección de la IIP de acuerdo con las leyes y reglamentos aplicables y los requisitos contractuales. Objetivo: Garantizar el cumplimiento de los requisitos legales, estatutarios, reglamentarios y contractuales relacionados con los aspectos de seguridad de la información de la protección de la IIP. | E46: X | G46: La UNP define lineamientos para el cumplimiento de este control descritos en documentos internos como Manual de contratación y supervisión, La politica de ratamiento de datos y proitección de datos, | H46: GCT-MA-01 Manual de contratación y supervisión Resolución 1848 tratamiento datos y politica de datos | I46: X | L46: X | M46: X | N46: X | O46: X | P46: X | V46: X | AF46: X | AJ46: X
B47: 5.35 | C47: Revisión independiente | D47: Control: El enfoque de la organización para gestionar la seguridad de la información y su implementación, incluidas las personas, los procesos y las tecnologías, debería revisarse de forma independiente a intervalos planificados o cuando se produzcan cambios significativos. Objetivo: Garantizar la idoneidad, adecuación y eficacia continuas del enfoque de la organización para gestionar la seguridad de la información. | E47: X | G47: La UNP desarrolla anualmente auditorias internas y externas que evidencien el cumplimiento y el mantenimiento del SGSI, de acuerdo con los parametros y lineamientos definidos en el procedimiento de auditorias. Adicional, se tienen como registros la recopilación de pruebas de vulnerabilidades realizadas en la entidad | H47: GIN-PR-07 Procedimiento de Auditorías Pruebas de vulnerabilidad | I47: X | K47: X | L47: X | M47: X | N47: X | O47: X | P47: X | AH47: X | AI47: X
B48: 5.36 | C48: Cumplimiento de políticas, normas y estándares de seguridad | D48: Control: El cumplimiento de la política de seguridad de la información de la organización, las políticas, las reglas y los estándares específicos de cada tema deberían revisarse periódicamente. Objetivo: Garantizar que la seguridad de la información se implementa y opera de acuerdo con la política de seguridad de la información de la organización, las políticas, reglas y normas específicas de cada tema. | E48: X | G48: La UNP realiza revisiones de forma anual del cumplimiento de las politicas y estandares de SI, donde se realiza una evaluación a traves de documento interno y se evidencian a traves de soportes el cumplimiento de estas, en caso de que existan incumplimientos el responsable deberá realizar planes de accion que ataquen las posibles causas del problema. | H48: Documento interno de revisión de cumplimiento de politicas de SI | I48: X | K48: X | L48: X | M48: X | N48: X | O48: X | P48: X | AF48: X | AH48: X | AI48: X
B49: 5.37 | C49: Procedimientos operativos documentados | D49: Control: Los procedimientos operativos para las instalaciones de procesamiento de la información deberían estar documentados y disponibles para el personal que los necesite. Objetivo: Garantizar el funcionamiento correcto y seguro de las instalaciones de procesamiento de información. | E49: X | G49: Los procedimientos operativos del proceso de Gestión Tecnológica se encuentran publicados en la intranet de la Entidad y se controlan mediante el listado maestro de documentos del SGI. | H49: Listado maestro de documentos - GTE http://intranet.unp.gov.co/SGI/Documents/Forms/AllItems.aspx?RootFolder=%2fSGI%2fDocuments%2fGESTION%20TECNOLOGICA&FolderCTID=0x01200029C080505609C84488350FFA984DF75A | I49: X | K49: X | L49: X | M49: X | N49: X | P49: X | S49: X | U49: X | X49: X | Y49: X | Z49: X | AA49: X | AB49: X | AC49: X | AD49: X | AG49: X | AI49: X | AJ49: X | AK49: X
B50: 6. PERSONAS
B51: 6.1 | C51: Selección | D51: Control: Las verificaciones de los antecedentes de todos los candidatos a convertirse en personal deberían llevarse a cabo antes de incorporarse a la organización y de forma continuada, tomando en consideración las leyes, los reglamentos y la ética aplicables y ser proporcionales a los requisitos de la empresa, la clasificación de la información a la que se va a acceder y los riesgos percibidos. Objetivo: Garantizar que todo el personal es elegible y adecuado para las funciones para las que se considera y que sigue siendo elegible y adecuado durante su empleo. | E51: X | G51: La UNP define lineamientos para el cumplimiento de este control descritos en documentos internos como procedimientos y formatos donde se conserva los registros de los ejercicios realizados | H51: GTH-PR-01 Procedimiento de Ingreso y Desarrollo Resolución 1720 del 2024. | I51: X | L51: X | M51: X | N51: X | P51: X | W51: X | AI51: X
B52: 6.2 | C52: Términos y condiciones del empleo | D52: Control: Los acuerdos contractuales de empleo deberían indicar las responsabilidades del personal y de la organización en materia de seguridad de la información. Objetivo: Garantizar que el personal comprenda sus responsabilidades de seguridad de la información para las funciones para las que se consideran. | E52: X | G52: Se evidencia el cumplimiento de este control a traves de dos fuentes: Para el caso de servidores publicos se definen las funciones de acuerdo con el manual de funciones y acto administrativo vigente Para el caso de contratistas se definen a traves de las clausulas contractuales en los estudios previos | H52: http://intranet.unp.gov.co/SGI/Documents/Forms/AllItems.aspx?RootFolder=%2FSGI%2FDocuments%2FGESTION%20TALENTO%20HUMANO%2F03%2EMANUALES%2FManual%20Especifico%20de%20Funciones%20y%20Competencias%20Laborales%20%2D%20UNP&FolderCTID=0x01200029C080505609C84488350FFA984DF75A&View=%7B569EDF3E%2DB475%2D4532%2D9E44%2D3FEB5E3765EB%7D Resoluciones Manual de Funciones GCT-FT-43 Estudios Previos para la Contratación de Prestación de Servicios Profesionales y de Apoyo a la Gestión | I52: X | L52: X | M52: X | N52: X | P52: X | W52: X | AI52: X
B53: 6.3 | C53: Concientización, educación y capacitación en seguridad de la información | D53: Control: El personal de la organización y las partes interesadas pertinentes deberían recibir una sensibilización, educación y formación adecuadas en materia de seguridad de la información, así como actualizaciones periódicas de la política de seguridad de la información de la organización y de las políticas y procedimientos específicos, según sea pertinente para su función laboral. Objetivo: Garantizar que el personal y las partes interesadas pertinentes conozcan y cumplan con sus responsabilidades en materia de seguridad de la información. | E53: X | G53: Se evidencia el cumplimiento de este control a traves de las actividades de capacitacion definidas para la vigencia en el plan institucional de capacitaciones, asi mismo se conserva trazabilidad como registro de las capacitaciones y sensibilizaciones realizadas al personal de la entidad en actas de reunion. Adicional se tiene definido documento procedimiento de capacitación. | H53: Plan institucional de capacitaciones http://intranet.unp.gov.co/SGI/Documents/Forms/AllItems.aspx?RootFolder=%2FSGI%2FDocuments%2FGESTION%20TALENTO%20HUMANO%2F05%2EPLANES%20INSTITUCIONALES%2F05%2E%20Planes%2FPlan%20Institucional%20de%20Capacitaci%C3%B3n&FolderCTID=0x01200029C080505609C84488350FFA984DF75A&View=%7B569EDF3E%2DB475%2D4532%2D9E44%2D3FEB5E3765EB%7D Actas de reunión GTH-PR-11 Procedimiento de Capacitación GTH-PR-39 Procedimiento de Inducción y Reinducción | I53: X | L53: X | M53: X | N53: X | P53: X | W53: X | AI53: X
B54: 6.4 | C54: Proceso disciplinario | D54: Control: Se debería formalizar y comunicar un proceso disciplinario para tomar medidas contra el personal y otras partes interesadas pertinentes que hayan cometido una violación de la política de seguridad de la información. Objetivo: Garantizar que el personal y otras partes interesadas comprendan las consecuencias de la violación de la política de seguridad de la información, para disuadir y tratar adecuadamente al personal y otras partes interesadas pertinentes que hayan cometido la violación. | E54: X | G54: La UNP define lineamientos para el cumplimiento de este control descritos en documentos internos como procedimientos y formatos donde se conserva los registros de los ejercicios realizados | H54: GCDI-PR-01 Procedimiento Control Disciplinario Interno -Instrucción | I54: X | K54: X | L54: X | M54: X | N54: X | P54: X | R54: X | W54: X | AI54: X
B55: 6.5 | C55: Responsabilidades después de terminar el empleo | D55: Control: Las responsabilidades y deberes de seguridad de la información que siguen siendo válidos después de la terminación o el cambio de empleo deberían definirse, aplicarse y comunicarse al personal pertinente y a otras partes interesadas. Objetivo: Proteger los intereses de la organización como parte del proceso de cambio o terminación de empleo o contratos. | E55: X | G55: La UNP define lineamientos para el cumplimiento de este control descritos en documentos internos como procedimientos y formatos donde se conserva los registros de los ejercicios realizados | H55: GTH-PR-05 Procedimiento de Retiro GTE-PR-40 PROCEDIMIENTO DE ACCESO, ADMINISTRACIÓN, CREACIÓN DE CUENTAS DE USUARIO Y CUENTAS GENÉRICAS GCT-FT-17 Formato Paz y Salvo Contratistas GTH-FT-02 Formato Paz y Salvo Funcionarios. GTE-MA-02 Manual de politicas especificas de seguridad y privacidad de la información (Gestión de habilitación o des habilitación del usuario y sus accesos) | I55: X | L55: X | M55: X | N55: X | P55: X | U55: X | W55: X | AI55: X
B56: 6.6 | C56: Acuerdos de confidencialidad y no divulgación | D56: Control: Los acuerdos de confidencialidad o no divulgación que reflejen las necesidades de la organización para la protección de la información deberían ser identificados, documentados, revisados y firmados regularmente por el personal y otras partes interesadas pertinentes. Objetivo: Mantener la confidencialidad de la información accesible por el personal o terceros. | E56: X | G56: La UNP define lineamientos para el cumplimiento de este control descritos en documentos internos como procedimientos y formatos donde se conserva los registros de los ejercicios realizados Adicional se puede evidenciar el cumplimiento de este control a través de clausulas contractuales en estudios previos. | H56: GTE-PR-40 Procedimiento de Acceso Administración creación de Cuentas de Usuarios y Cuentas Genéricas GTE-FT-34 Formato de Acuerdo de Confidencialidad para Servidores Públicos, Contratistas y-o Terceros GCT-FT-43 Estudios Previos para la Contratación de Prestación de Servicios Profesionales y de Apoyo a la Gestión | I56: X | L56: X | M56: X | N56: X | P56: X | V56: X | W56: X | AE56: X | AI56: X
B57: 6.7 | C57: Trabajo remoto | D57: Control: Las medidas de seguridad deberían implementarse cuando el personal trabaja de forma remota para proteger la información a la que se accede, procesa o almacena fuera de las instalaciones de la organización. Objetivo: Garantizar la seguridad de la información cuando el personal trabaja de forma remota. | E57: X | G57: La UNP define lineamientos para el cumplimiento de este control descritos en documentos internos como procedimientos y formatos donde se conserva los registros de los ejercicios realizados | H57: GTH-PR-32 Procedimiento para la implementación del teletrabajo | I57: X | L57: X | M57: X | N57: X | P57: X | U57: X | V57: X | W57: X | Y57: X | AJ57: X
B58: 6.8 | C58: Reporte de eventos de seguridad de la información | D58: Control: La organización debería proporcionar un mecanismo para que el personal informe sobre los eventos de seguridad de la información observados o sospechosos a través de los canales apropiados de manera oportuna. Objetivo: Apoyar la notificación oportuna, coherente y eficaz de los eventos de seguridad de la información que pueden ser identificados por el personal. | E58: X | G58: La UNP define lineamientos para el cumplimiento de este control descritos en documentos internos como procedimientos y formatos donde se conserva los registros de los ejercicios realizados | H58: GTE-PR-43 Procedimiento Gestión de incidentes GTE-CT-01 Catálogo de servicios de tecnologías de la información Plataforma ivanti | J58: X | L58: X | M58: X | N58: X | Q58: X | AG58: X | AK58: X
B59: 7. FÍSICOS
B60: 7.1 | C60: Perímetro de seguridad física | D60: Control: Los perímetros de seguridad deberían definirse y utilizarse para proteger las áreas que contienen información y otros activos asociados. Objetivo: Evitar el acceso físico no autorizado, los daños y las interferencias en la información de la organización y otros activos asociados. | G60: La UNP define lineamientos para el cumplimiento de este control descritos en documentos internos como procedimientos formatos y protocolos donde se conserva los registros de los ejercicios realizados, esta compartido con el Grupo de Gestión Admistrativa y GTE | H60: GTE-FT-37 Formato Bitácora de Ingreso al Centro de Datos GTE-PR-38 Procedimiento para trabajo en áreas seguras | I60: X | L60: X | M60: X | N60: X | P60: X | X60: X | AJ60: X
B61: 7.2 | C61: Entrada física | D61: Control: Las áreas seguras deberían protegerse mediante controles de entrada y puntos de acceso adecuados. Objetivo: Garantizar que solo se produce el acceso físico autorizado a la información de la organización y a otros activos asociados. | E61: X | G61: La entidad define lineamientos propios dentro de documento oficializado en el SIG , asi mismo se evidencian soportes como registro de la ejecución de las actividades descritas en el documento | H61: PROTOCOLO DE SEGURIDAD DE INGRESO, SALIDA Y SISTEMA BIOMÉTRICO | I61: X | L61: X | M61: X | N61: X | P61: X | X61: X | AB61: X | AJ61: X
B62: 7.3 | C62: Aseguramiento de oficinas, salas e instalaciones | D62: Control: Se debería diseñar e implementar la seguridad física de las oficinas, salas e instalaciones. Objetivo: Impedir el acceso físico no autorizado, los daños y las interferencias en la información de la organización y otros activos asociados en oficinas, salas e instalaciones. | E62: X | G62: La entidad define lineamientos propios dentro de documento oficializado en el SIG , asi mismo se evidencian soportes como registro de la ejecución de las actividades descritas en el documento | H62: PROTOCOLO DE SEGURIDAD DE INGRESO, SALIDA Y SISTEMA BIOMÉTRICO | I62: X | L62: X | M62: X | N62: X | P62: X | U62: X | X62: X | AJ62: X
B63: 7.4 | C63: Supervisión de seguridad física NEW | D63: Control: Las instalaciones deberían ser vigiladas continuamente para el acceso físico no autorizado. Objetivo: Detectar y disuadir el acceso físico no autorizado. | E63: X | G63: La UNP define lineamientos para el cumplimiento de este control descritos en documentos internos como procedimientos formatos y protocolos donde se conserva los registros de los ejercicios realizados, esta definido en Secretaria General en el Grupo de Gestión Admistrativa | H63: Contrato con la empresa de vigilancia y supervisión por parte de la UNP | I63: X | L63: X | M63: X | N63: X | P63: X | X63: X | AJ63: X | AK63: X
B64: 7.5 | C64: protección contra amenazas físicas y ambientales | D64: Control: Debería diseñarse y aplicarse la protección contra las amenazas físicas y ambientales, como los desastres naturales y otras amenazas físicas intencionales o no intencionales a la infraestructura. Objetivo: Prevenir o reducir las consecuencias de los eventos originados por amenazas físicas y ambientales. | E64: X | G64: Se establece plan de emergencias definido en el SIG donde se definen estrategias contra amenazas fisicas y ambientales | H64: Plan de emergencias | I64: X | L64: X | M64: X | N64: X | P64: X | X64: X | AJ64: X
B65: 7.6 | C65: Trabajo en áreas seguras | D65: Control: Deberían diseñarse y aplicarse medidas de seguridad para trabajar en zonas seguras. Objetivo: Proteger la información y otros activos asociados en áreas seguras contra daños e interferencias no autorizadas por parte del personal que trabaja en estas áreas. | E65: X | G65: La entidad define lineamientos propios dentro de documento oficializado en el SIG , asi mismo se evidencian soportes como registro de la ejecución de las actividades descritas en el documento | H65: GTE-PR-38 Procedimiento para trabajo en áreas seguras | I65: X | L65: X | M65: X | N65: X | P65: X | X65: X | AJ65: X
B66: 7.7 | C66: Escritorio despejado y pantalla despejada | D66: Control: Se deberían definir y aplicar de forma adecuada reglas de escritorio claras para papeles y medios de almacenamiento extraíbles, así como reglas de pantalla clara para las instalaciones de procesamiento de información. Objetivo: Reducir los riesgos de acceso no autorizado, pérdida y daños a la información en escritorios, pantallas y otros lugares accesibles durante y fuera del horario de trabajo normal. | E66: X | G66: Los lineamientos definidos por la entidad se encuentran descritos en la politica especifica de escritorio y pantalla limpia | H66: GTE-MA-02 Manual de politicas especificas de seguridad y privacidad de la información (politica especifica de escritorio y pantalla limpia) | I66: X | L66: X | M66: X | N66: X | P66: X | X66: X | AJ66: X
B67: 7.8 | C67: Ubicación y protección del equipo | D67: Control: El equipo debería estar colocado de forma segura y protegido. Objetivo: Reducir los riesgos derivados de amenazas físicas y ambientales, así como del acceso y los daños no autorizados. | E67: X | G67: La UNP define lineamientos para el cumplimiento de este control descritos en documentos internos como procedimientos formatos y protocolos donde se conserva los registros de los ejercicios realizados, esta compartido con el Grupo de Gestión Admistrativa y GTE | H67: Se tiene contemplado en el contrato de arrendamiento del edificio | I67: X | L67: X | M67: X | N67: X | P67: X | U67: X | X67: X | AJ67: X
B68: 7.9 | C68: Seguridad de los activos fuera de las instalaciones | D68: Control: Los activos fuera de las instalaciones deberían estar protegidos. Objetivo: Para evitar pérdidas, daños, robos o riesgos de dispositivos externos e interrupciones en las operaciones de la empresa. | E68: X | G68: La entidad define lineamientos propios dentro de documento oficializado en el SIG , asi mismo se evidencian soportes como registro de la ejecución de las actividades descritas en el documento | H68: GMP-PT-01 Protocolo de Seguridad a Instalaciones de la Unidad Nacional de Protección-UNP Actas de entrega de espacios, de acuerdo con los requerimientos solicitados en el contrato 2493 de 2024. Cronograma de mantenimiento preventivo donde reposa el inventario detallado de los equipos y la frecuencia que requieren de mantenimiento para su correcto funcionamiento. | I68: X | L68: X | M68: X | N68: X | P68: X | U68: X | X68: X | AJ68: X
B69: 7.10 | C69: Medios de almacenamiento | D69: Control: Los medios de almacenamiento deberían gestionarse a través de su ciclo de vida de adquisición, uso, transporte y eliminación de acuerdo con el esquema de clasificación y los requisitos de manipulación de la organización. Objetivo: Garantizar únicamente la divulgación, modificación, eliminación o destrucción autorizada de la información en los medios de almacenamiento. | E69: X | G69: La entidad define lineamientos propios dentro de documento oficializado en el SIG , asi mismo se evidencian soportes como registro de la ejecución de las actividades descritas en el documento | H69: GTE-MA-02 Manual de politicas especificas de seguridad y privacidad de la información GTE-PR-39 Procedimiento de medios removibles GTE-PR-41 Procedimiento de Copias de seguridad, resguardo y restauración | I69: X | L69: X | M69: X | N69: X | P69: X | U69: X | X69: X | AJ69: X
B70: 7.11 | C70: Utilidades de apoyo | D70: Control: Las instalaciones de procesamiento de la información deberían estar protegidas contra los cortes de energía y otras interrupciones causadas por fallas en los servicios públicos de respaldo. Objetivo: Evitar la pérdida, daño o compromiso de información y otros activos asociados o la interrupción de las operaciones de la organización debido al fracaso y la interrupción de los servicios públicos de respaldo. | E70: X | G70: La UNP de forma anual define y establece un plan de mantenimiento de infraestructura tecnologia y del Grupo de gestión administrativa para la conservación de los activos asociados para la operación de la entidad. | H70: GTE-PL-01 Plan de mantenimiento de infraestructura tecnológica GAB-PL-07 Plan Anual de mantenimiento de Infraestructura GABS-PR-10 Procedimiento mantenimiento de infraestructura | I70: X | L70: X | M70: X | N70: X | P70: X | Q70: X | X70: X | AJ70: X
B71: 7.12 | C71: Seguridad del cableado | D71: Control: Los cables que transportan energía, datos o servicios de información de respaldo deben estar protegidos contra la interceptación, las interferencias o los daños. Objetivo: Evitar la pérdida, daño o compromiso de información y otros activos asociados o la interrupción de las operaciones de la organización debido al cableado de alimentación y comunicaciones. | E71: X | G71: La UNP de forma anual define y establece un plan de mantenimiento de infraestructura tecnologia para la conservación de los activos asociados para la operación de la entidad. | H71: GTE-PL-01 Plan de mantenimiento de infraestructura tecnológica GAB-PL-07 Plan Anual de mantenimiento de Infraestructura GABS-PR-10 Procedimiento mantenimiento de infraestructura | I71: X | L71: X | N71: X | P71: X | X71: X | AJ71: X
B72: 7.13 | C72: Mantenimiento de equipos | D72: Control: El equipo debería mantenerse correctamente para garantizar la disponibilidad, integridad y confidencialidad de la información. Objetivo: Evitar la pérdida, daño o compromiso de información y otros activos asociados o la interrupción de las operaciones de la organización debido al cableado de alimentación y comunicaciones. | E72: X | G72: La UNP de forma anual define y establece un plan de mantenimiento de infraestructura tecnologia para la conservación de los activos asociados para la operación de la entidad. | H72: GTE-PL- 01 Plan de mantenimiento de infraestructura tecnológica GAB-PL-07 Plan Anual de mantenimiento de Infraestructura GABS-PR-10 Procedimiento mantenimiento de infraestructura | I72: X | L72: X | M72: X | N72: X | P72: X | U72: X | X72: X | AJ72: X
B73: 7.14 | C73: Eliminación segura o reutilización de equipos | D73: Control: Los elementos del equipo que contienen medios de almacenamiento deberían verificarse para garantizar que los datos confidenciales y el software con licencia se han eliminado o sobrescrito de forma segura antes de desecharlos o volver a utilizarlos. Objetivo: Evitar fugas de información del equipo que se va a desechar o reutilizar. | G73: La entidad define lineamientos propios dentro de documento oficializado en el SIG , asi mismo se evidencian soportes como registro de la ejecución de las actividades descritas en el documento | H73: GABS-PR-06 Procedimiento Administración de Bienes GABS-FT-10 Formato de transferencia de bienes GTE-PR-39 Procedimiento de medios removibles | I73: X | L73: X | M73: X | N73: X | P73: X | U73: X | X73: X | AJ73: X
B74: 8. TECNOLÓGICO
B75: 8.1 | C75: Dispositivos punto final de usuario | D75: Control: La información almacenada, procesada o accesible a través de los dispositivos de punto final del usuario debería estar protegida. Objetivo: Proteger la información contra los riesgos introducidos mediante el uso de dispositivos finales de usuario. | E75: X | G75: La UNP tiene mucha información sencible y sd hace necesario protegerla y clasificarla como disponible, confidencialidad o integridad y reduciendo los riesgos trestringiendo el acceso y el uso a dispositivos finales de usuario | H75: GTE-PR-40 Procedimiento Acceso, Administración y Creación de Cuentas de Usuario y Cuentas Genéricas GTE-MA-02 Manual de politicas especificas de seguridad y privacidad de la información | I75: X | L75: X | M75: X | N75: X | P75: X | U75: X | V75: X | AJ75: X
B76: 8.2 | C76: Derechos de acceso privilegiado | D76: Control: La asignación y el uso de los derechos de acceso privilegiado deberían ser restringidos y gestionados. Objetivo: Garantizar que solo los usuarios autorizados, los componentes de software y los servicios se proporcionan con derechos de acceso con privilegios. | E76: X | G76: La UNP aplica unos procedimientos y politicas las cuales les permite proteger los accesos a información que son restringidas por su clasificación y por permisos | H76: GTE-PR-40 Procedimiento de Acceso Administración creación de Cuentas de Usuarios y Cuentas Genéricas DIRECTORIO ACTIVO - AD | I76: X | L76: X | M76: X | N76: X | P76: X | AB76: X | AJ76: X
